Workbook

Sheet Base
B1: Consultoría | K1: HOY
B2: Contrato Consultoría: | E2: DE | K2: =TODAY() -> 45014
B3: Objeto contrato consultoría:
B4: Interventoría
B5: Contrato Interventoría: | E5: DE
B6: Objeto contrato Interventoría:
B7: Entidad Contratante | C7: FONDO DE DESARROLLO LOCAL DE SUBA
B8: Versión: | C8: Marzo-2023 (V.3.0) | D8: Fecha | E8: Mes | F8: Año | G8: SMMLV / Sud. Transp. / IVA vigente | H8: Versión
D9: 44988 | E9: Marzo | F9: 2023 | G9: 1160000 | H9: =B17 -> V.3.0
G10: 140000
G11: 0.19
B13: RÉCORD DE MODIFICACIÓN
B14: VERSIÓN | C14: DESCRIPCIÓN - CAMBIOS | F14: FECHA | G14: ELABORÓ | H14: REVISÓ
B15: V.1.0 | C15: INFORMACIÓN INICIAL JUSTIFICACIÓN PRESUPUESTO DEL PROYECTO CON UTILIZACIÓN DE PRECIOS UNITARIOS IDU (08/02/2023) | F15: 44972 | G15: DAHP | H15: FG
B16: V.2.0 | C16: CALCULO A DETALLE PRESUPUESTO INTERVENTORÍA PROCESO DE CONSERVACIÓN MALLA VIAL 2023 | F16: 44988 | G16: DAHP | H16: FG
B17: V.3.0 | C17: ACTUALIZACION PRECIOS IDU MARZO 03 DE 2023 Y AJUSTE A PROCESO OBRA CONSERVACIÓN | F17: 44988 | G17: DAHP | H17: FG

Sheet FORMULARIO
C2: Formulario 1 - Propuesta económica - Documento tipo de licitación de obra pública de infraestructura de transporte - versión 3
C3: Código | D3: CCE-EICP-FM-14 | E3: Versión | F3: 3
C4: FORMULARIO 1
C5: PRESUPUESTO OFICIAL
C6: [La entidad puede utilizar este formulario de detalle del presupuesto oficial para determinar las condiciones bajo las cuales los proponentes analizarán y presentarán su propuesta económica de forma detallada, sin perjuicio que la entidad pueda modificarlo o establecer la presentación de la oferta económica con un formulario distinto al indicado.]
C8: Adicionalmente, cuando el proceso de contratación es estructurado por precios unitarios, la Entidad debe aplicar las notas 1, 2 y 3 del presente formulario y las casillas de "Descripción", "Porcentaje" de la Administración, Imprevisto, Utilidad y total A.I.U. resaltadas en color amarillo. Tratándose de otras modalidades de precio, la Entidad puede o no configurar los mismos aspectos.
C10: Nº | D10: ÍTEM DE PAGO | E10: ESPECIFICACIONES | G10: DESCRIPCIÓN | H10: UND. | I10: CANTIDAD | J10: VALOR UNITARIO | K10: VALOR TOTAL
E11: GENERAL | F11: PARTICULAR
C12: 01. PRELIMINARES
C13: 1 | D13: 3007 | E13: IDU | G13: REPLANTEO GENERAL | H13: M2 | I13: 1 | J13: 998 | K13: =ROUND(I13*J13,0) -> 998
C14: Subtotal | K14: =SUM(K13) -> 998
C15: 02.EXPLANACIONES
C16: =C13+1 -> 2 | D16: 3710 | E16: IDU | G16: EXCAVACIÓN MECÁNICA EN MATERIAL COMÚN (INCLUYE CARGUE) | H16: M3 | I16: 1 | J16: 6476 | K16: =ROUND(I16*J16,0) -> 6476
C17: =C16+1 -> 3 | D17: 3017 | E17: IDU | G17: TRANSPORTE Y DISPOSICIÓN FINAL DE ESCOMBROS EN SITIO AUTORIZADO (DISTANCIA DE TRANSPORTE 21 KM). A DISTANCIA MAYOR DEL ACARREO LIBRE (90 M) EN SITIO AUTORIZADO POR LA ENTIDAD AMBIENTAL COMPETENTE. | H17: M3 | I17: 1 | J17: 45930 | K17: =ROUND(I17*J17,0) -> 45930
C18: =C17+1 -> 4 | D18: 6462 | E18: IDU | G18: TRANSPORTE DE ESCOMBROS EN SITIO AUTORIZADO (DISTANCIA DE TRANSPORTE 1 KM). A DISTANCIA MAYOR DEL ACARREO LIBRE (90 M) EN SITIO AUTORIZADO POR LA ENTIDAD AMBIENTAL COMPETENTE. | H18: M3-KM | I18: 1 | J18: 1907 | K18: =ROUND(I18*J18,0) -> 1907
C19: =C18+1 -> 5 | D19: 3022 | E19: IDU | G19: DEMOLICIÓN PISOS DE CONCRETO (INCLUYE CARGUE). NO INCLUYE TRANSPORTE Y DISPOSICIÓN FINAL DE SOBRANTES. | H19: M3 | I19: 1 | J19: 64407 | K19: =ROUND(I19*J19,0) -> 64407
C20: =C19+1 -> 6 | D20: 4850 | E20: IDU | G20: DEMOLICION DE POZOS, CAJAS Y CAMARAS DE EMPRESAS DE SERVICIOS PÚBLICOS (INCLUYE MARTILLO NEUMÁTICO DE 60 LB, COMPRESOR Y CARGUE). | H20: M3 | I20: 1 | J20: 327946 | K20: =ROUND(I20*J20,0) -> 327946
C21: =C20+1 -> 7 | D21: 3011 | E21: IDU | G21: DEMOLICION MANUAL SARDINEL EXISTENTE (INCLUYE CARGUE). NO INCLUYE TRANSPORTE Y DISPOSICIÓN FINAL DE SOBRANTES. | H21: ML | I21: 1 | J21: 6788 | K21: =ROUND(I21*J21,0) -> 6788
C22: =C21+1 -> 8 | D22: 3012 | E22: IDU | G22: DEMOLICIÓN PISOS DE CONCRETO (ESPESOR VARIABLE HASTA 0.10 M. INCLUYE CARGUE). NO INCLUYE TRANSPORTE Y DISPOSICIÓN FINAL DE SOBRANTES. | H22: M2 | I22: 1 | J22: 8991 | K22: =ROUND(I22*J22,0) -> 8991
C23: =C22+1 -> 9 | D23: 3021 | E23: IDU | G23: DEMOLICION PAVIMENTO ASFALTICO (ESPESOR VARIABLE. INCLUYE CARGUE). NO INCLUYE TRANSPORTE Y DISPOSICIÓN FINAL DE SOBRANTES. | H23: M2 | I23: 1 | J23: 8216 | K23: =ROUND(I23*J23,0) -> 8216
C24: =C23+1 -> 10 | D24: 4846 | E24: IDU | G24: DEMOLICIÓN MANUAL DE CAJA DOBLE CS 276 (INCLUYE DEMOLICIÓN DE PLACA PISO, TAPA, MUROS Y CAÑUELAS Y CARGUE). | H24: UN | I24: 1 | J24: 172218 | K24: =ROUND(I24*J24,0) -> 172218
C25: =C24+1 -> 11 | D25: 4848 | E25: IDU | G25: DEMOLICION DE TUBERIAS DE ACUEDUCTO Y ALCANTARILLADO Ø < 36" (INCLUYE MARTILLO NEUMÁTICO DE 60 LB Y CARGUE). | H25: ML | I25: 1 | J25: 11238 | K25: =ROUND(I25*J25,0) -> 11238
C26: =C25+1 -> 12 | D26: 4849 | E26: IDU | G26: DEMOLICION O RETIRO MANUAL DE TUBERIAS DE AC Ø < 12" (INCLUYE CARGUE). | H26: ML | I26: 1 | J26: 3446 | K26: =ROUND(I26*J26,0) -> 3446
C27: =C26+1 -> 13 | D27: 7369 | E27: IDU | G27: DEMOLICION DE CANALIZACION DE REDES DE COMUNICACIONES DUCTOS PVC-TDP (INCLUYE RETIRO Y DISPOSICION DE ESCOMBROS) | H27: ML | I27: 1 | J27: 10835 | K27: =ROUND(I27*J27,0) -> 10835
C28: =C27+1 -> 14 | D28: 7512 | E28: IDU | G28: DEMOLICION DE POZO, DIAMETRO INTERIOR D=1.20M, DIAMETRO EXTERIOR D=1.70M, H=1.50M (INCLUYE CARGUE, RETIRO DE MATERIAL, TRANSPORTE Y DISPOSICIÓN FINAL DE ESCOMBROS EN SITIO AUTORIZADO). | H28: UN | I28: 1 | J28: 664212 | K28: =ROUND(I28*J28,0) -> 664212
... C31: =C30+1 -> 17 | D31: 7944 | E31: IDU | G31: EXCAVACIÓN MECÁNICA EN MATERIAL COMÚN PARA CONFORMACIÓN DE LA SUBRASANTE CON RETROEXCAVADORA (EXCAVACIÓN, REMOCIÓN Y CARGUE) | H31: M3 | I31: 1 | J31: 5571 | K31: =ROUND(I31*J31,0) -> 5571
C32: Subtotal | K32: =SUM(K16:K31) -> 1376457
C33: 03.BASES Y SUBBASES
C34: =C31+1 -> 18 | D34: 8616 | E34: IDU | G34: BASE GRANULAR CLASE A (BGA_BG38) o (BGB_BG25) (Suministro, Extendido, Nivelación, Humedecimiento y Compactación con vibrocompactador) | H34: M3 | I34: 1 | J34: 210185 | K34: =ROUND(I34*J34,0) -> 210185
C35: =C34+1 -> 19 | D35: 8617 | E35: IDU | G35: AGREGADOS RECICLADOS PARA SUBBASE GRANULAR (AR_SBG50) (Suministro, Extendido, Nivelación, Humedecimiento y Compactación con vibrocompactador) | H35: M3 | I35: 1 | J35: 186870 | K35: =ROUND(I35*J35,0) -> 186870
C36: =C35+1 -> 20 | D36: 8655 | E36: IDU | G36: GRAVILLA DE 3/4" - SUMINISTRO E INSTALACIÓN. | H36: M3 | I36: 1 | J36: 84488 | K36: =ROUND(I36*J36,0) -> 84488
C37: =C36+1 -> 21 | D37: 7364 | E37: IDU | G37: RELLENO EN RECEBO COMUN (SUMINISTRO E INSTALACIÓN EXTENDIDO MECANICO, HUMEDECIMIENTO, COMPACTACIÓN Y TRANSPORTE A 28 KM). | H37: M3 | I37: 1 | J37: 94218 | K37: =ROUND(I37*J37,0) -> 94218
C38: =C37+1 -> 22 | D38: 6474 | E38: IDU | G38: SUBBASE GRANULAR CLASE C (SBG_C) (SUMINISTRO, EXTENDIDO MANUAL, NIVELACIÓN, HUMEDECIMIENTO Y COMPACTACIÓN CON VIBROCOMPACTADOR BENITÍN DE 1 TONELADA). | H38: M3 | I38: 1 | J38: 186151 | K38: =ROUND(I38*J38,0) -> 186151
C39: =C38+1 -> 23 | D39: 6480 | E39: IDU | G39: ESTABILIZACIÓN DE SUBRASANTE CON RECICLADO DE CONCRETO (INCLUYE DEMOLICIÓN, EXTENDIDO, NIVELACIÓN Y COMPACTACIÓN CON RETROEXCAVADORA SOBRE ORUGA Y COMPACTADOR) | H39: M3 | I39: 1 | J39: 23040 | K39: =ROUND(I39*J39,0) -> 23040
C40: =C39+1 -> 24 | D40: 6486 | E40: IDU | G40: ESTABILIZACIÓN CON RCD. INCLUYE TRASIEGO INTERNO, NIVELACIÓN Y COMPACTACIÓN. | H40: M3 | I40: 1 | J40: 63261 | K40: =ROUND(I40*J40,0) -> 63261
C41: =C40+1 -> 25 | D41: 6471 | E41: IDU | G41: SUBBASE GRANULAR PEATONAL SBG_PEA. SUMINISTRO, EXTENDIDO MANUAL, NIVELACIÓN, HUMEDECIMIENTO Y COMPACTACIÓN CON VIBROCOMPACTADOR BENITÍN DE 1 TONELADA INCLUYE OPERARIO Y COMBUSTIBLE. | H41: M3 | I41: 1 | J41: 181301 | K41: =ROUND(I41*J41,0) -> 181301
C42: =C41+1 -> 26 | D42: 6473 | E42: IDU | G42: ESTABILIZACIÓN DE SUBRASANTE CON RAJÓN, INCLUYE EQUIPO DE COMPACTACIÓN (SUMINISTRO, EXTENDIDO A MANO, NIVELACIÓN Y COMPACTACIÓN CON RETROEXCAVADORA SOBRE ORUGA Y BENITÍN DE 1 TONELADA INCLUYEN OPERARIO Y COMBUSTIBLE. | H42: M3 | I42: 1 | J42: 151376 | K42: =ROUND(I42*J42,0) -> 151376
C43: =C42+1 -> 27 | D43: 5412 | E43: IDU | G43: RELLENO EN TRITURADO DE 3/4`` (INCLUYE TRANSPORTE, SUMINISTRO, EXTENDIDO MANUAL Y COLOCACIÓN) | H43: M3 | I43: 1 | J43: 156087 | K43: =ROUND(I43*J43,0) -> 156087
C44: =C43+1 -> 28 | D44: 5415 | E44: IDU | G44: RELLENO EN ARENA DE PEÑA (INCLUYE TRANSPORTE, SUMINISTRO, EXTENDIDO MANUAL Y COMPACTACIÓN). | H44: M3 | I44: 1 | J44: 89233 | K44: =ROUND(I44*J44,0) -> 89233
C45: =C44+1 -> 29 | D45: 5708 | E45: IDU | G45: RELLENO EN ARENA DE RIO. INCLUYE TRANSPORTE, SUMINISTRO, EXTENDIDO MANUAL Y COMPACTACION. | H45: M3 | I45: 1 | J45: 221849 | K45: =ROUND(I45*J45,0) -> 221849
C46: =C45+1 -> 30 | D46: 4994 | E46: IDU | G46: SUBBASE GRANULAR CLASE A (SBG_A) ESTABILIZADA CON CEMENTO AL 4% (SUMINISTRO, EXTENDIDO, NIVELACIÓN, HUMEDECIMIENTO Y COMPACTACIÓN CON VIBROCOMPACTADOR) | H46: M3 | I46: 1 | J46: 170582 | K46: =ROUND(I46*J46,0) -> 170582
... C58: =C57+1 -> 42 | D58: 4032 | E58: IDU | G58: GEOTEXTIL T, RESIST. ULTIMA (TIRA ANCHA)=40 KN/M PARA SEPARACION SUBRASANTE/CAPAS GRANULARES (INC. SUMIN. E INSTALACIÓN) | H58: M2 | I58: 1 | J58: 10882 | K58: =ROUND(I58*J58,0) -> 10882
C59: Subtotal | K59: =SUM(K34:K58) -> 2549207
C60: 04.PAVIMENTO RIGIDO
C61: =C58+1 -> 43 | D61: 3204 | E61: IDU | G61: LOSA DE CONCRETO MR43 (SUMINISTRO, FORMALETEADO, COLOCACIÓN Y ACABADO. NO INCLUYE ACERO, CURADO, JUNTAS) | H61: M3 | I61: 1 | J61: 850700 | K61: =ROUND(I61*J61,0) -> 850700
C62: =C61+1 -> 44 | D62: 3394 | E62: IDU | G62: LOSA DE CONCRETO MR41 (SUMINISTRO, FORMALETEADO, COLOCACIÓN Y ACABADO. NO INCLUYE ACERO, CURADO, JUNTAS) | H62: M3 | I62: 1 | J62: 845765 | K62: =ROUND(I62*J62,0) -> 845765
C63: =C62+1 -> 45 | D63: 3748 | E63: IDU | G63: LOSA DE CONCRETO MR45 (SUMINISTRO, FORMALETEADO, COLOCACIÓN Y ACABADO. NO INCLUYE ACERO, CURADO, JUNTAS) | H63: M3 | I63: 1 | J63: 857607 | K63: =ROUND(I63*J63,0) -> 857607
C64: =C63+1 -> 46 | D64: 3806 | E64: IDU | G64: CURADO DE LOSAS DE CONCRETO (SUMINISTRO Y APLICACIÓN) | H64: M2 | I64: 1 | J64: 2621 | K64: =ROUND(I64*J64,0) -> 2621
C65: =C64+1 -> 47 | D65: 3811 | E65: IDU | G65: CORTE DE PAVIMENTO - INCLUYE EQUIPO: CORTADORA DE CONCRETO INCLUYE OPERARIO Y COMBUSTIBLE. INCLUYE DISCO DIAMANTADO ASFALTO-CONCRETO 350 MM, AGUA Y MANO DE OBRA | H65: ML | I65: 1 | J65: 2721 | K65: =ROUND(I65*J65,0) -> 2721
C66: =C65+1 -> 48 | D66: 3837 | E66: IDU | G66: SELLADO DE JUNTAS EN PAVIMENTO DE CONCRETO HIDRAULICO (INCLUYE LIMPIEZA, SUMINISTRO E INSTALACIÓN DE FONDO Y SELLANTE) | H66: ML | I66: 1 | J66: 14526 | K66: =ROUND(I66*J66,0) -> 14526
C67: =C66+1 -> 49 | D67: 4229 | E67: IDU | G67: LOSA DE CONCRETO MR39 (SUMINISTRO, FORMALETEADO, COLOCACIÓN Y ACABADO. NO INCLUYE ACERO, CURADO, JUNTAS) | H67: M3 | I67: 1 | J67: 831952 | K67: =ROUND(I67*J67,0) -> 831952
C68: =C67+1 -> 50 | D68: 4230 | E68: IDU | G68: LOSA DE CONCRETO MR36 (SUMINISTRO, FORMALETEADO, COLOCACIÓN Y ACABADO. NO INCLUYE ACERO, CURADO, JUNTAS) | H68: M3 | I68: 1 | J68: 809828 | K68: =ROUND(I68*J68,0) -> 809828
C69: =C68+1 -> 51 | D69: 4555 | E69: IDU | G69: LOSA DE PAVIMENTO EN CONCRETO HIDRAULICO MR50 CON FORMALETA FIJA, HIERROS DE TRANSFERENCIA, HIERROS DE AMARRE, ADITIVOS | H69: M3 | I69: 1 | J69: 930077 | K69: =ROUND(I69*J69,0) -> 930077
C70: =C69+1 -> 52 | D70: 4910 | E70: IDU | G70: CONCRETO GRAVA COMUN DE 3000 PSI (210 KG/CM2) PARA RAMPAS DE EMPALME E= 0.20M PROMEDIO, SUMINISTRO Y COLOCACIÓN (INCLUYE EQUIPOS, SUMINISTRO E INSTALACIÓN DE FORMALETA, CURADO DE CONCRETO, MANO DE OBRA). | H70: M2 | I70: 1 | J70: 199117 | K70: =ROUND(I70*J70,0) -> 199117
C71: =C70+1 -> 53 | D71: 4918 | E71: IDU | G71: JUNTA DE DILATACIÓN ELASTOMÉRICA 250 TAMAÑO 64 X 70 MM (INCLUYE SUMINISTRO E INSTALACIÓN Y TODOS LOS COSTOS DE SUMINISTRO E INSTALACIÓN DE MATERIAL PARA ANCLAJE.. | H71: ML | I71: 1 | J71: 193983 | K71: =ROUND(I71*J71,0) -> 193983
C72: =C71+1 -> 54 | D72: 4985 | E72: IDU | G72: CONCRETO GRAVA COMÚN 4000 PSI (280 KG/CM2) PARA PLACAS DE ACCESO. SUMINISTRO Y COLOCACIÓN. (INCLUYE EQUIPOS, SUMINISTRO E INSTALACIÓN DE FORMALETA, CURADO DEL CONCRETO, MANO DE OBRA). | H72: M3 | I72: 1 | J72: 816014 | K72: =ROUND(I72*J72,0) -> 816014
C73: =C72+1 -> 55 | D73: 6096 | E73: IDU | G73: PISO EN CONCRETO MR43 (315 KG/CM2) GRAVA COMÚN ACELERADO A 7 DÍAS, ESTAMPADO PARA POMPEYANOS, E=0.20M (INCLUYE SUMINISTRO Y COLOCACIÓN DE CONCRETO, JUEGO DE MOLDES, DESMOLDANTE EN POLVO, CURADOR PARA CONCRETO, CORTE Y SELLADO DE JUNTAS. | H73: M2 | I73: 1 | J73: 347718 | K73: =ROUND(I73*J73,0) -> 347718
... C83: =C82+1 -> 65 | D83: 3708 | E83: IDU | G83: ACERO DE REFUERZO FY=60000 PSI. SUMINISTRO E INSTALACIÓN. DE ACUERDO A LO ESTIPULADO POR LA NSR-10, NORMA ASTM A-706, ICONTEC 2289 PARA EL ACERO PDR-60. INCLUYE TODOS LOS COSTOS DE SUMINISTRO DE MATERIALES (REFUERZO (G60) FIGURADO, CORRUGADO, INCLUYE EL ALAMBRE DE AMARRE), EQUIPOS, TRANSPORTES, MANEJO, ALMACENAMIENTO, DESPERDICIOS Y MANO DE OBRA. | H83: KG | I83: 1 | J83: 5308 | K83: =ROUND(I83*J83,0) -> 5308
C84: Subtotal | K84: =SUM(K61:K83) -> 7283291
C85: 05.PAVIMENTO FLEXIBLE
C86: =C83+1 -> 66 | D86: 8621P | E86: IDU | F86: NOTA 4 | G86: MEZCLA ASFÁLTICA EN CALIENTE DENSA MD25 CON CEMENTO ASFÁLTICO (Suministro, Extendido, Nivelación y Compactación mecanica con vibrocompactador y compactador de llantas) | H86: M3 | I86: 1 | J86: 1168482 | K86: =ROUND(I86*J86,0) -> 1168482
C87: =C86+1 -> 67 | D87: 8613P | E87: IDU | F87: NOTA 4 | G87: MEZCLA ASFÁLTICA EN CALIENTE TIPO DENSO MD19 (Suministro, Extendido y Nivelación Manual y Compactación Mecanica) Incluye: VIBRO COMPACTADOR BENITIN DE 1 TONELADA - INCLUYE OPERARIO Y COMBUSTIBLE | H87: M3 | I87: 1 | J87: 1230417 | K87: =ROUND(I87*J87,0) -> 1230417
C88: =C87+1 -> 68 | D88: 6466P | E88: IDU | F88: NOTA 4 | G88: ATENCIÓN DE EMERGENCIAS CON MEZCLA ASFÁLTICA EN CALIENTE TIPO DENSO MD12 ASFALTO CONVENCIONAL 80-100 CON EMULSIÓN CRR-1 (CEMENTO ASFÁLTICO 80-100) (SUMINISTRO, EXTENDIDO, NIVELACIÓN Y COMPACTACIÓN MECANICA CON VIBROCOMPACTADOR Y COMPACTADOR DE LLANTAS) JORNADA NOCTURNA INCLUYE CARGUE Y DISPOSICIÓN DE ESCOMBROS. | H88: M3 | I88: 1 | J88: 1212785 | K88: =ROUND(I88*J88,0) -> 1212785
C89: =C88+1 -> 69 | D89: 6472P | E89: IDU | F89: NOTA 4 | G89: MEZCLA ASFÁLTICA EN CALIENTE TIPO DENSO MD20 ASFALTO CONVENCIONAL 80-100 (SUMINISTRO, EXTENDIDO Y NIVELACIÓN MANUAL Y COMPACTACIÓN MECANICA CON VIBROCOMPACTADOR BENITÍN DE 1 TONELADA Y COMPACTADOR DE LLANTAS INCLUYEN OPERARIO Y COMBUSTIBLE. | H89: M3 | I89: 1 | J89: 1303726 | K89: =ROUND(I89*J89,0) -> 1303726
C90: =C89+1 -> 70 | D90: 7751 | E90: IDU | G90: FRESADO PAVIMENTO ASFÁLTICO (INCLUYE CARGUE) INCLUYE AGUA, PUNTAS. NO INCLUYE TRANSPORTE DE MAQUINARIA, TRANSPORTE DEL FRESADO NI DISPOSICIÓN FINAL). | H90: M3 | I90: 1 | J90: 121743 | K90: =ROUND(I90*J90,0) -> 121743
C91: =C90+1 -> 71 | D91: 6315P | E91: IDU | F91: NOTA 4 | G91: MEZCLA ASFÁLTICA EN CALIENTE TIPO DENSO MD10 ASF CONVENCIONAL (CEMENTO ASFÁLTICO 60-70) (SUMINISTRO, EXTENDIDO Y NIVELACIÓN MANUAL Y COMPACTACIÓN MECANICA CON VIBROCOMPACTADOR BENITIN DE 1 TONELADA) | H91: M3 | I91: 1 | J91: 1227808 | K91: =ROUND(I91*J91,0) -> 1227808
C92: =C91+1 -> 72 | D92: 6316P | E92: IDU | F92: NOTA 4 | G92: MEZCLA ASFALTICA EN CALIENTE TIPO DENSO MD12 ASF CONVENCIONAL CON CEMENTO ASFÁLTICO 60-70 (SUMINISTRO, EXTENDIDO Y NIVELACIÓN MANUAL Y COMPACTACIÓN MECANICA CON VIBROCOMPACTADOR BENITIN DE 1 TONELADA INCLUYE OPERARIO Y COMBUSTIBLE) | H92: M3 | I92: 1 | J92: 1217496 | K92: =ROUND(I92*J92,0) -> 1217496
C93: =C92+1 -> 73 | D93: 5362 | E93: IDU | G93: FRESADO ESTABILIZADO AL 5% CON EMULSIÓN CRL-1 PARA ACCIÓN DE MOVILIDAD (INCLUYE MATERIAL PÉTREO DE ADICIÓN (ARENA DE RIO) - DISTANCIA A 28 KM. | H93: M3 | I93: 1 | J93: 395666 | K93: =ROUND(I93*J93,0) -> 395666
C94: =C93+1 -> 74 | D94: 5363 | E94: IDU | G94: FRESADO ESTABILIZADO AL 5% CON EMULSIÓN CRL-1 PARA ACCION DE MOVILIDAD (INCLUYE MATERIAL PETREO DE ADICION (ARENA LAVADA) - DISTACIO A 28 KM. | H94: M3 | I94: 1 | J94: 382700 | K94: =ROUND(I94*J94,0) -> 382700
C95: =C94+1 -> 75 | D95: 5364 | E95: IDU | G95: FRESADO ESTABILIZADO AL 5% CON EMULSIÓN CRL-1 PARA ACCIÓN DE MOVILIDAD (INCLUYE MATERIAL PÉTREO DE ADICIÓN (SUBBASE GRANULAR TIPO A - SBG A)) - DISTANCIA A 28 KM. | H95: M3 | I95: 1 | J95: 374813 | K95: =ROUND(I95*J95,0) -> 374813
C96: =C95+1 -> 76 | D96: 5374 | E96: IDU | G96: PARCHEO CON PAVIMENTO ASFALTICO RECICLADO ESTABILIZADO AL 5% CON EMULSION CRL-1 PARA ACCION DE MOVILIDAD. SIN CORTE NI DEMOLICIÓN EXTENDIDO MANUAL. HASTA 28KM. HORARIO DIURNO. | H96: M3 | I96: 1 | J96: 224890 | K96: =ROUND(I96*J96,0) -> 224890
C97: =C96+1 -> 77 | D97: 4712P | E97: IDU | F97: NOTA 4 | G97: MEZCLA ASFALTICA CON ASFALTO CAUCHO (SUMINISTRO, EXTENDIDO, NIVELACIÓN Y COMPACTACIÓN MECANICA) | H97: M3 | I97: 1 | J97: 1593598 | K97: =ROUND(I97*J97,0) -> 1593598
C98: =C97+1 -> 78 | D98: 4857P | E98: IDU | F98: NOTA 4 | G98: IMPRIMACIÓN CON EMULSIÓN ASFÁLTICA CRL-1 (INCLUYE SUMINISTRO, BARRIDO DE SUPERFICIE Y RIEGO MECANICO). | H98: M2 | I98: 1 | J98: 2993 | K98: =ROUND(I98*J98,0) -> 2993
C99: =C98+1 -> 79 | D99: 4486P | E99: IDU | F99: NOTA 4 | G99: MEZCLA ASFÁLTICA EN CALIENTE TIPO DENSO MD10 ASF CONVENCIONAL (CEMENTO ASFÁLTICO 80-100) (SUMINISTRO, EXTENDIDO Y NIVELACIÓN MANUAL Y COMPACTACIÓN MECANICA CON VIBROCOMPACTADOR BENITIN DE 1 TONELADA) | H99: M3 | I99: 1 | J99: 1279277 | K99: =ROUND(I99*J99,0) -> 1279277
C100: =C99+1 -> 80 | D100: 4567P | E100: IDU | F100: NOTA 4 | G100: MEZCLA ASFÁLTICA EN CALIENTE TIPO DENSO MD12 ASF CONVENCIONAL CON CEMENTO ASFÁLTICO 80-100 (SUMINISTRO, EXTENDIDO Y NIVELACIÓN MANUAL Y COMPACTACIÓN MECANICA CON VIBROCOMPACTADOR BENITIN DE 1 TONELADA INCLUYE OPERARIO Y COMBUSTIBLE) | H100: M3 | I100: 1 | J100: 1233015 | K100: =ROUND(I100*J100,0) -> 1233015
C101: =C100+1 -> 81 | D101: 3864P | E101: IDU | F101: NOTA 4 | G101: IMPRIMACION CON EMULSION ASFALTICA CRL-0 (SUMINISTRO, BARRIDO SUPERFICIE Y RIEGO MECANICO) | H101: M2 | I101: 1 | J101: 4629 | K101: =ROUND(I101*J101,0) -> 4629
C102: =C101+1 -> 82 | D102: 3866P | E102: IDU | F102: NOTA 4 | G102: RIEGO DE LIGA CON EMULSION ASFALTICA CRR-1 (SUMINISTRO, BARRIDO SUPERFICIE Y RIEGO MECANICO) | H102: M2 | I102: 1 | J102: 3277 | K102: =ROUND(I102*J102,0) -> 3277
C103: =C102+1 -> 83 | D103: 3867P | E103: IDU | F103: NOTA 4 | G103: RIEGO DE LIGA CON EMULSION ASFALTICA CRR-2 (SUMINISTRO, BARRIDO SUPERFICIE Y RIEGO MECANICO) | H103: M2 | I103: 1 | J103: 5178 | K103: =ROUND(I103*J103,0) -> 5178
C104: =C103+1 -> 84 | D104: 4197P | E104: IDU | F104: NOTA 4 | G104: RIEGO DE LIGA CON EMULSION MODIFICADA CON POLIMEROS CRR-1M (SUMINISTRO, BARRIDO SUPERFICIE Y RIEGO MECANICO) | H104: M2 | I104: 1 | J104: 3889 | K104: =ROUND(I104*J104,0) -> 3889
C105: =C104+1 -> 85 | D105: 4198P | E105: IDU | F105: NOTA 4 | G105: RIEGO DE LIGA CON EMULSION MODIFICADA CON POLIMEROS CRR-2M (SUMINISTRO, BARRIDO SUPERFICIE Y RIEGO MECANICO) | H105: M2 | I105: 1 | J105: 4107 | K105: =ROUND(I105*J105,0) -> 4107
C106: Subtotal | K106: =SUM(K86:K105) -> 12990489
C107: 06.URBANISMO Y ESPACIO PUBLICO
C108: =C105+1 -> 86 | D108: 6102 | E108: IDU | G108: CENEFA LINEAL EN LOSETA PREFABRICADA TÁCTIL ALERTA Y GUÍA A55 / A56 ANCHO 0.40m (SUMINISTRO E INSTALACIÓN. INCLUYE BASE EN ARENA DE NIVELACIÓN e= 4cm Y ARENA DE SELLO). | H108: ML | I108: 1 | J108: 34134 | K108: =ROUND(I108*J108,0) -> 34134
C109: =C108+1 -> 87 | D109: 5131 | E109: IDU | G109: BARANDA METALICA M-82 PREFABRICADA (INCLUYE INSTALACIÓN, DADOS DE CONCRETO 3000 PSI GRAVA COMÚN DE 0.20 X 0.20 MT Y PINTURA). SUMINISTRO E INSTALACION. | H109: ML | I109: 1 | J109: 209852 | K109: =ROUND(I109*J109,0) -> 209852
C110: =C109+1 -> 88 | D110: 8228 | E110: IDU | G110: CENEFA LINEAL EN LOSETA PREFABRICADA TÁCTIL ALERTA A57 / A58 ANCHO 0.20M COLOR AMARILLO. (SUMINISTRO E INSTALACIÓN. INCLUYE BASE EN ARENA DE NIVELACIÓN E= 4CM Y ARENA DE SELLO). | H110: ML | I110: 1 | J110: 27170 | K110: =ROUND(I110*J110,0) -> 27170
C111: =C110+1 -> 89 | D111: 6299 | E111: IDU | G111: CONCRETO PARA ANDENES, ESCOBEADO Y FUNDIDO EN SITIO E= 0,10 M. SUMINISTRO Y COLOCACIÓN. | H111: M3 | I111: 1 | J111: 714984 | K111: =ROUND(I111*J111,0) -> 714984
C112: =C111+1 -> 90 | D112: 8166 | E112: IDU | G112: CENEFA EN LOSETA PREFABRICADA A58 GUIA (20X20X6) CM. SUMINISTRO E INSTALACIÓN. (INCLUYE 4CM DE MORTERO 1:5 HECHO EN OBRA PARA BASE Y ARENA DE PEÑA PARA SELLO) | H112: M2 | I112: 1 | J112: 107785 | K112: =ROUND(I112*J112,0) -> 107785
C113: =C112+1 -> 91 | D113: 8185 | E113: IDU | G113: TAPA (REJILLA) PARA CAÑUELA A-124. DIMENSIONES: 600X300X100MM. (INCLUYE SUMINISTRO DE MATERIALES E INSTALACIÓN) | H113: UN | I113: 1 | J113: 57447 | K113: =ROUND(I113*J113,0) -> 57447
C114: =C113+1 -> 92 | D114: 8503 | E114: IDU | G114: PIEZA DE REMATE CURVA A115 PARA RAMPA VEHICULAR TIPO C (600X400X450MM). INCLUYE SUMINISTRO E INSTALACIÓN. INCLUYE 3CM DE MORTERO 1:5. | H114: UN | I114: 1 | J114: 114795 | K114: =ROUND(I114*J114,0) -> 114795
C115: =C114+1 -> 93 | D115: 3806 | E115: IDU | G115: CURADO DE LOSAS DE CONCRETO (SUMINISTRO Y APLICACIÓN) | H115: M2 | I115: 1 | J115: 2621 | K115: =ROUND(I115*J115,0) -> 2621
C116: =C115+1 -> 94 | D116: 8169 | E116: IDU | G116: CENEFA EN LOSETA PREFABRICADA A57 TÁCTIL ALERTA (20X20X6) CM. SUMINISTRO E INSTALACIÓN. (INCLUYE 4CM DE MORTERO 1:5 HECHO EN OBRA PARA BASE Y ARENA DE PEÑA PARA SELLO) | H116: M2 | I116: 1 | J116: 107785 | K116: =ROUND(I116*J116,0) -> 107785
C117: =C116+1 -> 95 | D117: 3811 | E117: IDU | G117: CORTE DE PAVIMENTO - INCLUYE EQUIPO: CORTADORA DE CONCRETO INCLUYE OPERARIO Y COMBUSTIBLE. INCLUYE DISCO DIAMANTADO ASFALTO-CONCRETO 350 MM, AGUA Y MANO DE OBRA | H117: ML | I117: 1 | J117: 2721 | K117: =ROUND(I117*J117,0) -> 2721
C118: =C117+1 -> 96 | D118: 6510 | E118: IDU | G118: CONSTRUCCIÓN DE BORDILLO EN CONCRETO MR36 FUNDIDO IN SITU. INCLUYE LA PREPARACIÓN DE LA SUPERFICIE DE APOYO | H118: ML | I118: 1 | J118: 60183 | K118: =ROUND(I118*J118,0) -> 60183
C119: =C118+1 -> 97 | D119: 7776 | E119: IDU | G119: ARENA DE RÍO PARA EMBOQUILLADO (INCLUYE SUMINISTRO, BARRIDO PARA SELLADO DE JUNTAS Y COMPACTACIÓN) | H119: M3 | I119: 1 | J119: 233748 | K119: =ROUND(I119*J119,0) -> 233748
C120: =C119+1 -> 98 | D120: 3837 | E120: IDU | G120: SELLADO DE JUNTAS EN PAVIMENTO DE CONCRETO HIDRAULICO (INCLUYE LIMPIEZA, SUMINISTRO E INSTALACIÓN DE FONDO Y SELLANTE) | H120: ML | I120: 1 | J120: 14526 | K120: =ROUND(I120*J120,0) -> 14526
... C139: =C138+1 -> 117 | D139: 3027 | E139: IDU | G139: SARDINEL TIPO A10 (SUMINISTRO E INSTALACIÓN. INCLUYE 3CM MORTERO 1:5) | H139: ML | I139: 1 | J139: 79509 | K139: =ROUND(I139*J139,0) -> 79509
C140: Subtotal | K140: =SUM(K108:K139) -> 5265320
C141: 07.REDES DE ACUEDUCTO
C142: =C139+1 -> 118 | D142: 3404 | E142: IDU | G142: TAPON HD EXTREMO LISO D=4" (SUMINISTRO E INSTALACIÓN) | H142: UN | I142: 1 | J142: 176451 | K142: =ROUND(I142*J142,0) -> 176451
C143: =C142+1 -> 119 | D143: 3225 | E143: IDU | G143: TUBERIA PVC D=3" TIPO U.M. RDE 21 (SUMINISTRO E INSTALACIÓN) | H143: ML | I143: 1 | J143: 61102 | K143: =ROUND(I143*J143,0) -> 61102
...

Sheet PRESUPUESTO OFICIAL
A12: No. | B12: CIV | C12: FICHA | D12: TRAMO | E12: DESDE | F12: HASTA | G12: ELEMENTO | H12: PK-ID | I12: TIPO DE INTERVENCIÓN | J12: SUPERFICIE | K12: COSTO | L12: TIPO VIA | M12: Elem Principal | N12: ANCHO | O12: LONGITUD | P12: ÁREA
A13: 1 | B13: 11003244 | C13: Si | D13: CLL 161 C | E13: KR 59 | F13: KR 62 | G13: CALZADA | H13: 169339 | I13: Rehabilitación | J13: Rígido | K13: 57143218 | L13: Local | M13: Vía | N13: 4.45 | O13: 108.72 | P13: 484.25
A14: 2 | B14: 11002945 | C14: Si | D14: TV 127 C | E14: DG 139 A BIS | F14: DG 139 B | G14: CALZADA | H14: 175729 | I14: Rehabilitación | J14: Flexible | K14: 145326527 | L14: Local | M14: Vía | N14: 8.13 | O14: 63.99 | P14: 520.06
A15: 3 | B15: 11002757 | C15: Si | D15: TV 127 C | E15: DG 139 B | F15: DG 140 | G15: CALZADA | H15: 175731 | I15: Rehabilitación | J15: Flexible | K15: 154791536 | L15: Local | M15: Vía | N15: 9.06 | O15: 61.44 | P15: 556.66
A16: 4 | B16: 11000989 | C16: Si | D16: CLL 152 B | E16: KR 114B | F16: KR 114D | G16: CALZADA | H16: 176634 | I16: Reconstrucción | J16: Rígido | K16: 179366596 | L16: Local | M16: Vía | N16: 8.73 | O16: 71.64 | P16: 625.58
A17: 5 | B17: 11010147 | C17: Si | D17: KR 51 | E17: CLL 128 | F17: CLL 128 A | G17: CALZADA | H17: 167437 | I17: Rehabilitación | J17: Flexible | K17: 174568861 | L17: Local | M17: Vía | N17: 6.78 | O17: 91.09 | P17: 617.77
A18: 6 | B18: 11002729 | C18: Si | D18: CLL 148 | E18: CRA 102 B | F18: CRA 103 B | G18: CALZADA | H18: 176277 | I18: Rehabilitación | J18: Rígido | K18: 125384499 | L18: Local | M18: Vía | N18: 8.36 | O18: 127.08 | P18: 1062.34
A19: 7 | B19: 11005794 | C19: Si | D19: KR 98 | E19: CLL 136 | F19: CLL 137A | G19: CALZADA | H19: 172488 | I19: Mantenimiento Periodico | J19: Rígido | K19: 60090498 | L19: Local | M19: Vía | N19: 6.49 | O19: 123.66 | P19: 802.23
A20: 8 | B20: 11004607 | C20: Si | D20: KR 156A | E20: CLL 132 A | F20: CLL 132 D | G20: CALZADA | H20: 174993 | I20: Rehabilitación | J20: Flexible | K20: 43030263 | L20: Local | M20: Vía | N20: 4.35 | O20: 33.89 | P20: 147.3
A21: 9 | B21: 11004687 | C21: Si | D21: KR 156A | E21: CLL 132 BIS | F21: CLL 132 A | G21: CALZADA | H21: 174992 | I21: Rehabilitación | J21: Flexible | K21: 38610314 | L21: Local | M21: Vía | N21: 4.06 | O21: 32.34 | P21: 131.38
A22: 10 | B22: 11004750 | C22: Si | D22: KR 156A | E22: CLL 132 | F22: CLL 132 BIS | G22: CALZADA | H22: 174991 | I22: Rehabilitación | J22: Flexible | K22: 26334092 | L22: Local | M22: Vía | N22: 4.36 | O22: 20.66 | P22: 90.09
A23: 11 | B23: 11002051 | C23: Si | D23: KR 54D | E23: CLL 167 A | F23: CLL 168 | G23: CALZADA | H23: 169238 | I23: Rehabilitación | J23: Flexible | K23: 44153518 | L23: Local | M23: Vía | N23: 4.11 | O23: 36.57 | P23: 150.4
A24: 12 | B24: 11004595 | C24: Si | D24: CLL 132 B BIS A | E24: CRA 126 D | F24: TV 127 | G24: CALZADA | H24: 174103 | I24: Rehabilitación | J24: Flexible | K24: 72100197 | L24: Local | M24: Vía | N24: 2.99 | O24: 78.89 | P24: 235.6
... A31: 19 | B31: 11008694 | C31: Si | D31: KR 57 B | E31: CLL 131 B | F31: CLL 133 | G31: CALZADA | H31: 167909 | I31: Mantenimiento Periodico | J31: Flexible | K31: 60292736 | L31: Local | M31: Vía | N31: 6.44 | O31: 139.13 | P31: 896.66
A32: 20 | B32: 11003050 | C32: Si | D32: CLL 142 | E32: KR 109 | F32: KRA 109 A | G32: BAHÍA | H32: 91100218 | I32: Rehabilitación | J32: Flexible | K32: 114222255 | L32: Local | M32: Vía | N32: 15 | O32: 34.65 | P32: =+N32*O32 -> 519.75
A33: 21 | B33: 11003033 | C33: Si | D33: CLL 142 | E33: KRA 109 A | F33: KRA 109 B | G33: BAHÍA | H33: 91100346 | I33: Rehabilitación | J33: Flexible | K33: 90058599 | L33: Local | M33: Vía | N33: 15 | O33: 27.31 | P33: =+N33*O33 -> 409.65
A34: 22 | B34: 11013446 | C34: Si | D34: CLL 142 | E34: KRA 109 B | F34: KRA 109 B | G34: BAHÍA | H34: 91104122 | I34: Rehabilitación | J34: Flexible | K34: 44148391 | L34: Local | M34: Vía | N34: 15 | O34: 13.37 | P34: =+N34*O34 -> 200.55
A35: 23 | B35: 11003020 | C35: Si | D35: CLL 142 | E35: KRA 109 B | F35: KRA 109 C | G35: BAHÍA | H35: 91100345 | I35: Rehabilitación | J35: Flexible | K35: 57994501 | L35: Local | M35: Vía | N35: 15 | O35: 17.63 | P35: =+N35*O35 -> 264.45
A36: 24 | B36: 11011976 | C36: Si | D36: CLL 129 D | E36: KR 121 C | F36: KR 121 C | G36: CALZADA | H36: 472369 | I36: Rehabilitación | J36: Rígido | K36: 37402834 | L36: Local | M36: Vía | N36: 10.52 | O36: 16.74 | P36: 176.12
A37: 25 | B37: 11011977 | C37: Si | D37: CLL 129 D | E37: KR 121 | F37: KR 121 C | G37: CALZADA | H37: 472370 | I37: Rehabilitación | J37: Rígido | K37: 203802940 | L37: Local | M37: Vía | N37: 10.04 | O37: 95.48 | P37: 958.99
A38: 26 | B38: 11006546 | C38: Si | D38: CLL 129 D | E38: KR 121 | F38: KR 121 | G38: CALZADA | H38: 173502 | I38: Rehabilitación | J38: Rígido | K38: 29964770 | L38: Local | M38: Vía | N38: 10.37 | O38: 13.62 | P38: 141.26
A39: 27 | B39: 11011978 | C39: Si | D39: CLL 129 D | E39: TRV 120 A | F39: KR 121 | G39: CALZADA | H39: 472371 | I39: Rehabilitación | J39: Rígido | K39: 142173271 | L39: Local | M39: Vía | N39: 9.88 | O39: 67.74 | P39: 669.44
A40: 28 | B40: 11006617 | C40: Si | D40: CLL 129 D | E40: KR 120 | F40: TRV 120 A | G40: CALZADA | H40: 173501 | I40: Rehabilitación | J40: Rígido | K40: 100520115 | L40: Local | M40: Vía | N40: 10.79 | O40: 43.84 | P40: 472.92
A41: 29 | B41: 11004156 | C41: Si | D41: CLL 141 | E41: KR 101 B | F41: KR 101 C | G41: CALZADA | H41: 173807 | I41: Rehabilitación | J41: Flexible | K41: 56256310 | L41: Local | M41: Vía | N41: 7.9 | O41: 25.4 | P41: 200.58
A42: 30 | B42: 11013439 | C42: Si | D42: CLL 141 | E42: KR 101 C | F42: KR 101 C | G42: CALZADA | H42: 91020581 | I42: Rehabilitación | J42: Flexible | K42: 24036872 | L42: Local | M42: Vía | N42: 8.16 | O42: 10.6 | P42: 86.47
A43: 31 | B43: 11004110 | C43: Si | D43: CLL 141 | E43: KR 101 C | F43: KR 102 | G43: CALZADA | H43: 173808 | I43: Rehabilitación | J43: Flexible | K43: 38134714 | L43: Local | M43: Vía | N43: 7.66 | O43: 17.76 | P43: 136.07
A44: 32 | B44: 11004080 | C44: Si | D44: CLL 141 | E44: KR 102 | F44: KR 102 A | G44: CALZADA | H44: 173809 | I44: Rehabilitación | J44: Flexible | K44: 78576161 | L44: Local | M44: Vía | N44: 7.56 | O44: 37.08 | P44: 280.26
A45: 33 | B45: 11001671 | C45: Si | D45: CLL 168 A | E45: KR 73 A | F45: KR 74 A | G45: CALZADA | H45: 177523 | I45: Rehabilitación | J45: Flexible | K45: 419507378 | L45: Local | M45: Vía | N45: 7.39 | O45: 202 | P45: 1493.11
A46: 34 | B46: 11002161 | C46: Si | D46: CLL 143 A | E46: KR 127 D | F46: KR 128 | G46: CALZADA | H46: 175849 | I46: Rehabilitación | J46: Flexible | K46: 264256621 | L46: Local | M46: Vía | N46: 7.89 | O46: 119.68 | P46: 943.81
A47: 35 | B47: 11003955 | C47: Si | D47: KR 98 B | E47: CLL 147 | F47: CLL 147 C | G47: CALZADA | H47: 176248 | I47: Mantenimiento Periodico | J47: Flexible | K47: 44883097 | L47: Local | M47: Vía | N47: 5.13 | O47: 129.93 | P47: 666.96
... A50: 38 | B50: 11002492 | C50: Si | D50: KR 111 | E50: CLL 142 C | F50: CLL 143 | G50: CALZADA | H50: 175670 | I50: Rehabilitación | J50: Flexible | K50: 43592165 | L50: Local | M50: Vía | N50: 8.15 | O50: 19.15 | P50: 156.02
A51: 39 | B51: 11002492 | C51: Si | D51: KR 111 | E51: CLL 142 C | F51: CLL 143 | G51: BAHÍA | H51: 91100290 | I51: Rehabilitación | J51: Flexible | K51: 27733805 | L51: Local | M51: Vía | N51: 5 | O51: 19.15 | P51: =+N51*O51 -> 95.75
A52: 40 | B52: 11002558 | C52: Si | D52: KR 111 | E52: CLL 142 B | F52: CLL 142 C | G52: CALZADA | H52: 175669 | I52: Rehabilitación | J52: Flexible | K52: 74030313 | L52: Local | M52: Vía | N52: 8.79 | O52: 30.22 | P52: 265.52
A53: 41 | B53: 11012036 | C53: Si | D53: KR 111 | E53: CLL 142 A | F53: CLL 142 B | G53: CALZADA | H53: 472420 | I53: Rehabilitación | J53: Flexible | K53: 185324065 | L53: Local | M53: Vía | N53: 8.83 | O53: 75.42 | P53: 666.03
A54: 42 | B54: 11002792 | C54: Si | D54: KR 111 | E54: CLL 142 A | F54: CLL 142 A | G54: CALZADA | H54: 173989 | I54: Rehabilitación | J54: Flexible | K54: 51504792 | L54: Local | M54: Vía | N54: 8.75 | O54: 21.16 | P54: 185.18
A55: 43 | B55: 11002971 | C55: Si | D55: KR 111 | E55: CLL 142 | F55: CLL 142 A | G55: CALZADA | H55: 173988 | I55: Rehabilitación | J55: Flexible | K55: 139161564 | L55: Local | M55: Vía | N55: 8.79 | O55: 56.86 | P55: 500.01
A56: 44 | B56: 11013260 | C56: Si | D56: CLL 169 A | E56: KR 67 | F56: KR 68 | G56: CALZADA | H56: 91019827 | I56: Rehabilitación | J56: Rígido | K56: 284771574 | L56: Local | M56: Vía | N56: 7.52 | O56: 160.41 | P56: 1206.17
A57: 45 | B57: 11014399 | C57: Si | D57: CLL 146 A | E57: CALLE 146 | F57: KR 81 BIS | G57: CALZADA | H57: 91013890 | I57: Rehabilitación | J57: Rígido | K57: 49823219 | L57: Local | M57: Vía | N57: 3.55 | O57: 59.39 | P57: 210.77
A58: 46 | B58: 11014396 | C58: Si | D58: CLL 146 A | E58: KR 81 BIS | F58: KR 81 A | G58: CALZADA | H58: 91013885 | I58: Rehabilitación | J58: Rígido | K58: 35183221 | L58: Local | M58: Vía | N58: 3.15 | O58: 47.41 | P58: 149.54
A59: 47 | B59: 11014397 | C59: Si | D59: CLL 146 A | E59: KR 81 A | F59: LINDERO | G59: CALZADA | H59: 91013842 | I59: Rehabilitación | J59: Rígido | K59: 65407733 | L59: Local | M59: Vía | N59: 4.8 | O59: 57.81 | P59: 277.32
A60: 48 | B60: 11011188 | C60: Si | D60: KR 70 D | E60: CLL 98 A | F60: CLL 98 B | G60: CALZADA | H60: 168477 | I60: Rehabilitación | J60: Flexible | K60: 73673562 | L60: Local | M60: Vía | N60: 8.98 | O60: 29.47 | P60: 264.78
A61: 49 | B61: 11006116 | C61: Si | D61: CLL 133 | E61: KR 98 B | F61: KR 99 | G61: ANDÉN | H61: 53781 | I61: Rehabilitación | J61: Rígido | K61: 14965471 | L61: Local | M61: Anden | N61: 1.9 | O61: 39.84 | P61: 75.7
A62: Total | K62: =SUBTOTAL(109,'PRESUPUESTO OFICIAL'!$K$13:$K$61) -> 4664382903 | O62: =SUBTOTAL(109,'PRESUPUESTO OFICIAL'!$O$13:$O$61) -> 3114.66 | P62: =SUBTOTAL(109,'PRESUPUESTO OFICIAL'!$P$13:$P$61) -> 21400.12
E64: COSTO DIRECTO OBRA | K64: ='PRESUPUESTO OFICIAL'!$K$62 -> 4664382903 | O64: =(O62-O61-O51-O32-O33-O35)/1000 -> 2.97608 | P64: 1500
E66: ADMINISTRACIÓN (A) | J66: =AIU!K87 -> 0.2612
E67: IMPREVISTOS (I) | J67: =AIU!K88 -> 0.01
E68: UTILIDAD (U) | J68: =AIU!K89 -> 0.045
E69: AIU | J69: =SUM(J66:J68) -> 0.3162 | K69: =ROUND($K$64*J69,0) -> 1474877874
E71: SUBTOTAL COMPONENTE OBRA | K71: ='PRESUPUESTO OFICIAL'!$K$62+K69 -> 6139260777
E73: ="COSTO TOTAL COMPONENTE AMBIENTAL ("&ROUND(ROUND(K73/$K$64,4)*100,2)&"% COSTO DIRECTO OBRA)" -> COSTO TOTAL COMPONENTE AMBIENTAL (4,77% COSTO DIRECTO OBRA) | K73: =PPTO_AMB!N255 -> 222418405
E74: ="COSTO TOTAL COMPONENTE SOCIAL ("&ROUND(ROUND(K74/$K$64,4)*100,2)&"% COSTO DIRECTO OBRA)" -> COSTO TOTAL COMPONENTE SOCIAL (2,98% COSTO DIRECTO OBRA) | K74: =PPTO_SOCIAL!N68 -> 138802452
E75: ="COSTO TOTAL COMPONENTE PMT ("&ROUND(ROUND(K75/$K$64,4)*100,2)&"% COSTO DIRECTO OBRA)" -> COSTO TOTAL COMPONENTE PMT (3,58% COSTO DIRECTO OBRA) | K75: =PPTO_PMT!N55 -> 166780825
E76: SUBTOTAL COMPONENTES DIFERENTES A OBRA | K76: =SUM(K73:K75) -> 528001682
E78: PROVISIÓN PARA ACCIONES DE MOVILIDAD Y ATENCIONES DE EMERGENCIA | K78: 213729333
E80: TOTAL CONTRATO OBRA | K80: =K71+K76+K78 -> 6880991792 | M80: 6880991792
G82: A | H82: VALOR CONTRATO CONSERVACION OBRA | K82: =K80 -> 6880991792
G84: B
G86: C= A+B
G89: D
G91: E=D-C

Sheet DedicProfObr
A4: ÍTEM | B4: COD IDU | D4: CARGO | E4: CANT | F4: CATEGORÍA | G4: =AIU!G13 -> TOPE SALARIO (MES) | H4: =AIU!H13 -> FACTOR PRESTACIONAL | I4: INICIO | J4: OBRA | T4: RECIBO | U4: DED INICIO | V4: DED OBR | W4: DED RECB | X4: INICIO | Y4: Promedio
I5: MES 1 | J5: MES 2 | K5: MES 3 | L5: MES 4 | M5: MES 5 | N5: MES 6 | O5: MES 7 | P5: MES 8 | Q5: MES 9 | R5: MES 10 | S5: MES 11 | T5: MES 12 | X5: Inicio
E6: A | I6: =IF(SUM(I8:I50)>0,1,0) -> 1 | J6: =IF(SUM(J8:J50)>0,1,0) -> 1 | K6: =IF(SUM(K8:K50)>0,1,0) -> 1 | L6: =IF(SUM(L8:L50)>0,1,0) -> 1 | M6: =IF(SUM(M8:M50)>0,1,0) -> 1 | N6: =IF(SUM(N8:N50)>0,1,0) -> 1 | O6: =IF(SUM(O8:O50)>0,1,0) -> 1 | P6: =IF(SUM(P8:P50)>0,1,0) -> 0 | ... T6: =IF(SUM(T8:T50)>0,1,0) -> 0 | U6: =SUM(I6) -> 1 | V6: =SUM(J6:S6) -> 6 | W6: =SUM(T6) -> 0
A7: 1.1 | D7: PERSONAL PROFESIONAL (Ingenieros y Otros)
A8: 1.101 | B8: 9110 | C8: TARIFA MES - PROFESIONAL CATEGORÍA 4 (NO INCLUYE FACTOR DE PRESTACIONES) | D8: DIRECTOR DE OBRA | E8: 1 | F8: 4 | G8: 7881000 | H8: 1.4516 | I8: 0.3 | J8: 0.3 | K8: 0.3 | L8: 0.3 | M8: 0.3 | N8: 0.3 | O8: 0.3 | U8: =ROUND(SUM(I8),4) -> 0.3 | V8: =ROUND(SUM(J8:S8),4) -> 1.8 | W8: =IF(W6=0,0,ROUND(SUM(T8),4)) -> 0 | X8: =U8/U$6 -> 0.3 | Y8: =V8/V$6 -> 0.3
A9: 1.102 | B9: 9112 | C9: TARIFA MES - PROFESIONAL CATEGORÍA 6 (NO INCLUYE FACTOR DE PRESTACIONES) | D9: RESIDENTE DE OBRA | E9: 2 | F9: 6 | G9: 6339000 | H9: 1.4525 | I9: 1 | J9: 1 | K9: 1 | L9: 1 | M9: 1 | N9: 1 | O9: 1 | U9: =ROUND(SUM(I9),4) -> 1 | V9: =ROUND(SUM(J9:S9),4) -> 6 | W9: =IF(W7=0,0,ROUND(SUM(T9),4)) -> 0 | X9: =U9/U$6 -> 1 | Y9: =V9/V$6 -> 1
A10: 1.103 | B10: 9110 | C10: TARIFA MES - PROFESIONAL CATEGORÍA 4 (NO INCLUYE FACTOR DE PRESTACIONES) | D10: ESPECIALISTA EN DISEÑO GEOMETRICO | E10: 1 | F10: 4 | G10: 7881000 | H10: 1.4516 | I10: 0.15 | K10: 0.15 | M10: 0.15 | O10: 0.15 | U10: =ROUND(SUM(I10),4) -> 0.15 | V10: =ROUND(SUM(J10:S10),4) -> 0.45 | W10: =IF(W8=0,0,ROUND(SUM(T10),4)) -> 0 | X10: =U10/U$6 -> 0.15 | Y10: =V10/V$6 -> 0.075
A11: 1.104 | B11: 9110 | C11: TARIFA MES - PROFESIONAL CATEGORÍA 4 (NO INCLUYE FACTOR DE PRESTACIONES) | D11: ESPECIALISTA EN URBANISMO Y ESPACIO PÚBLICO | E11: 1 | F11: 4 | G11: 7881000 | H11: 1.4516 | I11: 0.15 | K11: 0.15 | M11: 0.15 | O11: 0.15 | U11: =ROUND(SUM(I11),4) -> 0.15 | V11: =ROUND(SUM(J11:S11),4) -> 0.45 | W11: =IF(W9=0,0,ROUND(SUM(T11),4)) -> 0 | X11: =U11/U$6 -> 0.15 | Y11: =V11/V$6 -> 0.075
A12: 1.105 | B12: 9112 | C12: TARIFA MES - PROFESIONAL CATEGORÍA 6 (NO INCLUYE FACTOR DE PRESTACIONES) | D12: ARQUITECTO APOYO EN DISEÑO URBANO | E12: 0 | F12: 6 | G12: 6339000 | H12: 1.4525 | U12: =ROUND(SUM(I12),4) -> 0 | V12: =ROUND(SUM(J12:S12),4) -> 0 | W12: =IF(W10=0,0,ROUND(SUM(T12),4)) -> 0 | X12: =U12/U$6 -> 0 | Y12: =V12/V$6 -> 0
A13: 1.106 | B13: 9110 | C13: TARIFA MES - PROFESIONAL CATEGORÍA 4 (NO INCLUYE FACTOR DE PRESTACIONES) | D13: ESPECIALISTA EN GEOTECNIA | E13: 1 | F13: 4 | G13: 7881000 | H13: 1.4516 | I13: 0.15 | K13: 0.15 | M13: 0.15 | O13: 0.15 | U13: =ROUND(SUM(I13),4) -> 0.15 | V13: =ROUND(SUM(J13:S13),4) -> 0.45 | W13: =IF(W11=0,0,ROUND(SUM(T13),4)) -> 0 | X13: =U13/U$6 -> 0.15 | Y13: =V13/V$6 -> 0.075
A14: 1.107 | B14: 9110 | C14: TARIFA MES - PROFESIONAL CATEGORÍA 4 (NO INCLUYE FACTOR DE PRESTACIONES) | D14: ESPECIALISTA EN PAVIMENTOS | E14: 1 | F14: 4 | G14: 7881000 | H14: 1.4516 | I14: 0.15 | J14: 0.1 | K14: 0.15 | L14: 0.1 | M14: 0.15 | N14: 0.1 | O14: 0.15 | U14: =ROUND(SUM(I14),4) -> 0.15 | V14: =ROUND(SUM(J14:S14),4) -> 0.75 | W14: =IF(W12=0,0,ROUND(SUM(T14),4)) -> 0 | X14: =U14/U$6 -> 0.15 | Y14: =V14/V$6 -> 0.125
A15: 1.108 | B15: 9112 | C15: TARIFA MES - PROFESIONAL CATEGORÍA 6 (NO INCLUYE FACTOR DE PRESTACIONES) | D15: ESPECIALISTA REDES HIDROSANITARIAS | E15: 1 | F15: 6 | G15: 6339000 | H15: 1.4525 | I15: 0.15 | J15: 0.05 | K15: 0.15 | L15: 0.05 | M15: 0.15 | N15: 0.05 | O15: 0.15 | U15: =ROUND(SUM(I15),4) -> 0.15 | V15: =ROUND(SUM(J15:S15),4) -> 0.6 | W15: =IF(W13=0,0,ROUND(SUM(T15),4)) -> 0 | X15: =U15/U$6 -> 0.15 | Y15: =V15/V$6 -> 0.1
A16: 1.109 | B16: 9112 | C16: TARIFA MES - PROFESIONAL CATEGORÍA 6 (NO INCLUYE FACTOR DE PRESTACIONES) | D16: ESPECIALISTA EN ESTRUCTURAS | E16: 1 | F16: 6 | G16: 6339000 | H16: 1.4525 | I16: 0.1 | K16: 0.1 | M16: 0.1 | O16: 0.1 | U16: =ROUND(SUM(I16),4) -> 0.1 | V16: =ROUND(SUM(J16:S16),4) -> 0.3 | W16: =IF(W14=0,0,ROUND(SUM(T16),4)) -> 0 | X16: =U16/U$6 -> 0.1 | Y16: =V16/V$6 -> 0.05
A17: 1.11 | B17: 9112 | C17: TARIFA MES - PROFESIONAL CATEGORÍA 6 (NO INCLUYE FACTOR DE PRESTACIONES) | D17: PROFESIONAL EN PRESUPUESTO Y PROGRAMACIÓN | E17: 1 | F17: 6 | G17: 6339000 | H17: 1.4525 | I17: 0.5 | U17: =ROUND(SUM(I17),4) -> 0.5 | V17: =ROUND(SUM(J17:S17),4) -> 0 | W17: =IF(W15=0,0,ROUND(SUM(T17),4)) -> 0 | X17: =U17/U$6 -> 0.5 | Y17: =V17/V$6 -> 0
A18: 1.111 | B18: 9112 | C18: TARIFA MES - PROFESIONAL CATEGORÍA 6 (NO INCLUYE FACTOR DE PRESTACIONES) | D18: PROFESIONAL EN REDES SECAS | E18: 1 | F18: 6 | G18: 6339000 | H18: 1.4525 | I18: 0.1 | J18: 0.1 | K18: 0.1 | M18: 0.1 | O18: 0.1 | U18: =ROUND(SUM(I18),4) -> 0.1 | V18: =ROUND(SUM(J18:S18),4) -> 0.4 | W18: =IF(W16=0,0,ROUND(SUM(T18),4)) -> 0 | X18: =U18/U$6 -> 0.1 | Y18: =V18/V$6 -> 0.066666667
A19: 1.112 | B19: 9112 | C19: TARIFA MES - PROFESIONAL CATEGORÍA 6 (NO INCLUYE FACTOR DE PRESTACIONES) | D19: INGENIERO ESPECIALISTA EN SIG-CAD | E19: 0 | F19: 6 | G19: 6339000 | H19: 1.4525 | U19: =ROUND(SUM(I19),4) -> 0 | V19: =ROUND(SUM(J19:S19),4) -> 0 | W19: =IF(W17=0,0,ROUND(SUM(T19),4)) -> 0 | X19: =U19/U$6 -> 0 | Y19: =V19/V$6 -> 0
A20: 1.2 | D20: PERSONAL TÉCNICO Y PERSONAL AUXILIAR
A21: 1.201 | B21: 9085 | C21: TARIFA MES - PERSONAL TÉCNICO - AUXILIAR DE INGENIERÍA (NO INCLUYE FACTOR DE PRESTACIONES) | D21: AUXILIAR DE INGENIERÍA | E21: 1 | F21: N/A | G21: 2607000 | H21: 1.4591 | I21: 0 | J21: 0.5 | K21: 0.5 | L21: 0.5 | M21: 0.5 | N21: 0.5 | O21: 0.5 | U21: =ROUND(SUM(I21),4) -> 0 | V21: =ROUND(SUM(J21:S21),4) -> 3 | W21: =IF(W19=0,0,ROUND(SUM(T21),4)) -> 0 | X21: =U21/U$6 -> 0 | Y21: =V21/V$6 -> 0.5
A22: 1.202 | B22: 9093 | C22: TARIFA MES - PERSONAL TÉCNICO - INSPECTOR 1 (NO INCLUYE FACTOR DE PRESTACIONES) | D22: TÉCNICO INSPECTOR | E22: 2 | F22: N/A | G22: 2249000 | H22: 1.5511 | I22: 0 | J22: 1 | K22: 1 | L22: 1 | M22: 1 | N22: 1 | O22: 1 | U22: =ROUND(SUM(I22),4) -> 0 | V22: =ROUND(SUM(J22:S22),4) -> 6 | W22: =IF(W20=0,0,ROUND(SUM(T22),4)) -> 0 | X22: =U22/U$6 -> 0 | Y22: =V22/V$6 -> 1
A23: 1.203 | B23: 9088 | C23: TARIFA MES - PERSONAL TÉCNICO - TOPÓGRAFO INSPECTOR (NO INCLUYE FACTOR DE PRESTACIONES) | D23: TOPOGRAFO INSPECTOR | E23: 2 | F23: N/A | G23: 3092000 | H23: 1.4573 | I23: 0 | J23: 1 | K23: 1 | L23: 1 | M23: 1 | N23: 0.5 | O23: 0.5 | U23: =ROUND(SUM(I23),4) -> 0 | V23: =ROUND(SUM(J23:S23),4) -> 5 | W23: =IF(W21=0,0,ROUND(SUM(T23),4)) -> 0 | X23: =U23/U$6 -> 0 | Y23: =V23/V$6 -> 0.83333333
A24: 1.204 | B24: 9098 | C24: TARIFA MES - PERSONAL AUXILIAR TÉCNICO - CADENERO 1 (NO INCLUYE FACTOR DE PRESTACIONES) | D24: CADENERO 1 | E24: 2 | F24: N/A | G24: 1917000 | H24: 1.569 | I24: 0 | J24: 1 | K24: 1 | L24: 1 | M24: 1 | N24: 0.5 | O24: 0.5 | U24: =ROUND(SUM(I24),4) -> 0 | V24: =ROUND(SUM(J24:S24),4) -> 5 | W24: =IF(W22=0,0,ROUND(SUM(T24),4)) -> 0 | X24: =U24/U$6 -> 0 | Y24: =V24/V$6 -> 0.83333333
A25: 1.205 | B25: 9099 | C25: TARIFA MES - PERSONAL AUXILIAR TÉCNICO - CADENERO 2 (NO INCLUYE FACTOR DE PRESTACIONES) | D25: CADENERO 2 | E25: 2 | F25: N/A | G25: 1670000 | H25: 1.5869 | I25: 0 | J25: 1 | K25: 1 | L25: 1 | M25: 1 | N25: 0.5 | O25: 0.5 | U25: =ROUND(SUM(I25),4) -> 0 | V25: =ROUND(SUM(J25:S25),4) -> 5 | W25: =IF(W23=0,0,ROUND(SUM(T25),4)) -> 0 | X25: =U25/U$6 -> 0 | Y25: =V25/V$6 -> 0.83333333
A26: 1.206 | B26: 9089 | C26: TARIFA MES - PERSONAL TÉCNICO - LABORATORISTA INSPECTOR (NO INCLUYE FACTOR DE PRESTACIONES) | D26: LABORATORISTA INSPECTOR | E26: 0 | F26: N/A | G26: 2739000 | H26: 1.4585 | I26: 0 | J26: 0.1 | K26: 0.15 | L26: 0.1 | M26: 0.15 | N26: 0.1 | O26: 0 | U26: =ROUND(SUM(I26),4) -> 0 | V26: =ROUND(SUM(J26:S26),4) -> 0.6 | W26: =IF(W24=0,0,ROUND(SUM(T26),4)) -> 0 | X26: =U26/U$6 -> 0 | Y26: =V26/V$6 -> 0.1
A27: 1.207 | B27: 9086 | C27: TARIFA MES - PERSONAL TÉCNICO - DIBUJANTE 1 (NO INCLUYE FACTOR DE PRESTACIONES) | D27: DIBUJANTE | E27: 0 | F27: NA | G27: 2734000 | H27: 1.4585 | U27: =ROUND(SUM(I27),4) -> 0 | V27: =ROUND(SUM(J27:S27),4) -> 0 | W27: =IF(W25=0,0,ROUND(SUM(T27),4)) -> 0 | X27: =U27/U$6 -> 0 | Y27: =V27/V$6 -> 0
A28: 1.208 | B28: 9100 | C28: TARIFA MES - PERSONAL AUXILIAR TÉCNICO - CONDUCTOR O MOTORISTA (NO INCLUYE FACTOR DE PRESTACIONES) | D28: CONDUCTOR | E28: 2 | F28: N/A | G28: 1389000 | H28: 1.615 | I28: 0.5 | J28: 0.5 | K28: 0.5 | L28: 0.5 | M28: 0.5 | N28: 0.5 | O28: 0.5 | U28: =ROUND(SUM(I28),4) -> 0.5 | V28: =ROUND(SUM(J28:S28),4) -> 3 | W28: =IF(W26=0,0,ROUND(SUM(T28),4)) -> 0 | X28: =U28/U$6 -> 0.5 | Y28: =V28/V$6 -> 0.5
A29: 1.3 | D29: PERSONAL ADMINISTRATIVO
A30: 1.301 | B30: 9102 | C30: TARIFA MES - PERSONAL ADMINISTRATIVO - ADMINISTRADOR (NO INCLUYE FACTOR DE PRESTACIONES) | D30: ADMINISTRADOR | F30: N/A | G30: 2879000 | H30: 1.458 | I30: 0 | U30: =ROUND(SUM(I30),4) -> 0 | V30: =ROUND(SUM(J30:S30),4) -> 0 | W30: =IF(W28=0,0,ROUND(SUM(T30),4)) -> 0 | X30: =U30/U$6 -> 0 | Y30: =V30/V$6 -> 0
A31: 1.302 | B31: 9103 | C31: TARIFA MES - PERSONAL ADMINISTRATIVO - AUXILIAR ADMINISTRATIVO-ALMACENISTA (NO INCLUYE FACTOR DE PRESTACIONES) | D31: ALMACENISTA | E31: 1 | F31: N/A | G31: 2053000 | H31: 1.561 | I31: 0 | J31: 1 | K31: 1 | L31: 1 | M31: 1 | N31: 1 | O31: 1 | U31: =ROUND(SUM(I31),4) -> 0 | V31: =ROUND(SUM(J31:S31),4) -> 6 | W31: =IF(W29=0,0,ROUND(SUM(T31),4)) -> 0 | X31: =U31/U$6 -> 0 | Y31: =V31/V$6 -> 1
A32: 1.303 | B32: 9104 | C32: TARIFA MES - PERSONAL ADMINISTRATIVO - SECRETARIA 1 (NO INCLUYE FACTOR DE PRESTACIONES) | D32: SECRETARIA 1 | E32: 1 | F32: N/A | G32: 1670000 | H32: 1.5869 | I32: 0 | J32: 0.25 | K32: 0.25 | L32: 0.25 | M32: 0.25 | N32: 0.25 | O32: 0.25 | U32: =ROUND(SUM(I32),4) -> 0 | V32: =ROUND(SUM(J32:S32),4) -> 1.5 | W32: =IF(W30=0,0,ROUND(SUM(T32),4)) -> 0 | X32: =U32/U$6 -> 0 | Y32: =V32/V$6 -> 0.25
A33: 1.304 | B33: 9105 | C33: TARIFA MES - PERSONAL ADMINISTRATIVO - SECRETARIA 2 (NO INCLUYE FACTOR DE PRESTACIONES) | D33: SECRETARIA 2 | F33: N/A | G33: 1389000 | H33: 1.615 | I33: 0 | U33: =ROUND(SUM(I33),4) -> 0 | V33: =ROUND(SUM(J33:S33),4) -> 0 | W33: =IF(W31=0,0,ROUND(SUM(T33),4)) -> 0 | X33: =U33/U$6 -> 0 | Y33: =V33/V$6 -> 0
A34: 1.305 | B34: 9575 | C34: TARIFA MES - PERSONAL TÉCNICO - CELADOR ARMADO (24 horas por 30 dias dividos en 3 turnos de 8 horas diarias. Incluye prestaciones de ley, Administraciòn y servicios). | D34: CELADOR ARMADO 24 HORAS | E34: 1 | F34: N/A | G34: 10981528 | H34: 1 | I34: 0 | J34: 0.35 | K34: 0.35 | L34: 0.35 | M34: 0.35 | N34: 0.35 | O34: 0.35 | U34: =ROUND(SUM(I34),4) -> 0 | V34: =ROUND(SUM(J34:S34),4) -> 2.1 | W34: =IF(W32=0,0,ROUND(SUM(T34),4)) -> 0 | X34: =U34/U$6 -> 0 | Y34: =V34/V$6 -> 0.35
A35: 1 Amb | D35: COMPONENTE AMBIENTAL
A36: A1.1.1 | B36: 9112 | C36: TARIFA MES - PROFESIONAL CATEGORÍA 6 (NO INCLUYE FACTOR DE PRESTACIONES) | D36: PROFESIONAL AMBIENTAL | E36: 1 | F36: 6 | G36: 6339000 | H36: 1.4525 | I36: 0.2 | J36: 0.25 | K36: 0.25 | L36: 0.25 | M36: 0.25 | N36: 0.25 | O36: 0.25 | U36: =ROUND(SUM(I36),4) -> 0.2 | V36: =ROUND(SUM(J36:S36),4) -> 1.5 | W36: =IF(W34=0,0,ROUND(SUM(T36),4)) -> 0 | X36: =U36/U$6 -> 0.2 | Y36: =V36/V$6 -> 0.25
A37: A1.1.2 | B37: 9112 | C37: TARIFA MES - PROFESIONAL CATEGORÍA 6 (NO INCLUYE FACTOR DE PRESTACIONES) | D37: RESIDENTE FORESTAL | E37: 1 | F37: 6 | G37: 6339000 | H37: 1.4525 | I37: 0.1 | J37: 0.05 | L37: 0.05 | N37: 0.05 | U37: =ROUND(SUM(I37),4) -> 0.1 | V37: =ROUND(SUM(J37:S37),4) -> 0.15 | W37: =IF(W35=0,0,ROUND(SUM(T37),4)) -> 0 | X37: =U37/U$6 -> 0.1 | Y37: =V37/V$6 -> 0.025
A38: A1.1.3 | B38: 9112 | C38: TARIFA MES - PROFESIONAL CATEGORÍA 6 (NO INCLUYE FACTOR DE PRESTACIONES) | D38: BIÓLOGO O ECÓLOGO | E38: 0 | F38: 6 | G38: 6339000 | H38: 1.4525 | I38: 0 | U38: =ROUND(SUM(I38),4) -> 0 | V38: =ROUND(SUM(J38:S38),4) -> 0 | W38: =IF(W36=0,0,ROUND(SUM(T38),4)) -> 0 | X38: =U38/U$6 -> 0 | Y38: =V38/V$6 -> 0
A39: A1.1.4 | B39: 9113 | C39: TARIFA MES - PROFESIONAL CATEGORÍA 7 (NO INCLUYE FACTOR DE PRESTACIONES) | D39: RESIDENTE SST | E39: 1 | F39: 7 | G39: 4793000 | H39: 1.454 | I39: 0.15 | J39: 0.5 | K39: 0.5 | L39: 0.5 | M39: 0.5 | N39: 0.5 | O39: 0.5 | U39: =ROUND(SUM(I39),4) -> 0.15 | V39: =ROUND(SUM(J39:S39),4) -> 3 | W39: =IF(W37=0,0,ROUND(SUM(T39),4)) -> 0 | X39: =U39/U$6 -> 0.15 | Y39: =V39/V$6 -> 0.5
A40: A1.1.5 | B40: 9113 | C40: TARIFA MES - PROFESIONAL CATEGORÍA 7 (NO INCLUYE FACTOR DE PRESTACIONES) | D40: RESIDENTE MAQUINARIA Y EQUIPOS | E40: 1 | F40: 7 | G40: 4793000 | H40: 1.454 | I40: 0 | J40: 0.5 | K40: 0.5 | L40: 0.5 | M40: 0.5 | N40: 0.5 | O40: 0.5 | U40: =ROUND(SUM(I40),4) -> 0 | V40: =ROUND(SUM(J40:S40),4) -> 3 | W40: =IF(W38=0,0,ROUND(SUM(T40),4)) -> 0 | X40: =U40/U$6 -> 0 | Y40: =V40/V$6 -> 0.5
A41: A1.2.1 | B41: 9094 | C41: TARIFA MES - PERSONAL TÉCNICO - INSPECTOR 2 (NO INCLUYE FACTOR DE PRESTACIONES) | D41: PERSONAL TÉCNICO Y PERSONAL AUXILIAR (PERSONAL DE APOYO, INPECTOR AMBIENTAL O SST) | E41: 3 | F41: N/A | G41: 2025000 | H41: 1.5625 | I41: 0 | J41: 1 | K41: 1 | L41: 1 | M41: 1 | N41: 1 | O41: 1 | U41: =ROUND(SUM(I41),4) -> 0 | V41: =ROUND(SUM(J41:S41),4) -> 6 | W41: =IF(W39=0,0,ROUND(SUM(T41),4)) -> 0 | X41: =U41/U$6 -> 0 | Y41: =V41/V$6 -> 1
A42: A1.3.1 | B42: 9455 | C42: TARIFA MES - PERSONAL DE OBRA - AYUDANTE (NO INCLUYE FACTOR DE PRESTACIONES) | D42: PERSONAL TÉCNICO Y PERSONAL AUXILIAR (CUADRILLA ORDEN Y ASEO) | E42: 10 | F42: N/A | G42: 1160000 | H42: 1.648 | I42: 0 | J42: 1 | K42: 1 | L42: 1 | M42: 1 | N42: 1 | O42: 1 | U42: =ROUND(SUM(I42),4) -> 0 | V42: =ROUND(SUM(J42:S42),4) -> 6 | W42: =IF(W40=0,0,ROUND(SUM(T42),4)) -> 0 | X42: =U42/U$6 -> 0 | Y42: =V42/V$6 -> 1
A43: 1 Soc | D43: COMPONENTE SOCIAL
A44: A1.1-S | B44: 9112 | C44: TARIFA MES - PROFESIONAL CATEGORÍA 6 (NO INCLUYE FACTOR DE PRESTACIONES) | D44: RESIDENTE SOCIAL | E44: 1 | F44: 6 | G44: 6339000 | H44: 1.4525 | I44: 0.5 | J44: 1 | K44: 1 | L44: 1 | M44: 1 | N44: 1 | O44: 1 | U44: =ROUND(SUM(I44),4) -> 0.5 | V44: =ROUND(SUM(J44:S44),4) -> 6 | W44: =IF(W42=0,0,ROUND(SUM(T44),4)) -> 0 | X44: =U44/U$6 -> 0.5 | Y44: =V44/V$6 -> 1
A45: A2.1-S | B45: 9455 | C45: TARIFA MES - PERSONAL DE OBRA - AYUDANTE (NO INCLUYE FACTOR DE PRESTACIONES) | D45: PERSONAL TÉCNICO Y PERSONAL AUXILIAR - GUIA CIVICO | E45: 2 | F45: N/A | G45: 1160000 | H45: 1.648 | I45: 0 | J45: 1 | K45: 1 | L45: 1 | M45: 1 | N45: 1 | O45: 1 | U45: =ROUND(SUM(I45),4) -> 0 | V45: =ROUND(SUM(J45:S45),4) -> 6 | W45: =IF(W43=0,0,ROUND(SUM(T45),4)) -> 0 | X45: =U45/U$6 -> 0 | Y45: =V45/V$6 -> 1
A46: 1 PMT | D46: COMPONENTE PMT
A47: A1.1T | B47: 9110 | C47: TARIFA MES - PROFESIONAL CATEGORÍA 4 (NO INCLUYE FACTOR DE PRESTACIONES) | D47: ESPECIALISTA EN TRÁNSITO Y TRANSPORTE | E47: 1 | F47: 4 | G47: 7881000 | H47: 1.4516 | I47: 0.15 | J47: 0.05 | K47: 0.05 | L47: 0.05 | M47: 0.05 | N47: 0.05 | O47: 0.05 | U47: =ROUND(SUM(I47),4) -> 0.15 | V47: =ROUND(SUM(J47:S47),4) -> 0.3 | W47: =IF(W45=0,0,ROUND(SUM(T47),4)) -> 0 | X47: =U47/U$6 -> 0.15 | Y47: =V47/V$6 -> 0.05
A48: A1.2T | B48: 9112 | C48: TARIFA MES - PROFESIONAL CATEGORÍA 6 (NO INCLUYE FACTOR DE PRESTACIONES) | D48: RESIDENTE EN TRÁNSITO Y TRANSPORTE | E48: 1 | F48: 6 | G48: 6339000 | H48: 1.4525 | I48: 0 | J48: 0.2 | K48: 0.2 | L48: 0.2 | M48: 0.2 | N48: 0.2 | O48: 0.2 | U48: =ROUND(SUM(I48),4) -> 0 | V48: =ROUND(SUM(J48:S48),4) -> 1.2 | W48: =IF(W46=0,0,ROUND(SUM(T48),4)) -> 0 | X48: =U48/U$6 -> 0 | Y48: =V48/V$6 -> 0.2
A49: A2.1T | B49: 9455 | C49: TARIFA MES - PERSONAL DE OBRA - AYUDANTE (NO INCLUYE FACTOR DE PRESTACIONES) | D49: BANDEREROS | E49: 5 | F49: N/A | G49: 1160000 | H49: 1.648 | I49: 0 | J49: 1 | K49: 1 | L49: 1 | M49: 1 | N49: 1 | O49: 1 | U49: =ROUND(SUM(I49),4) -> 0 | V49: =ROUND(SUM(J49:S49),4) -> 6 | W49: =IF(W47=0,0,ROUND(SUM(T49),4)) -> 0 | X49: =U49/U$6 -> 0 | Y49: =V49/V$6 -> 1
A50: A3.1T | B50: 9455 | C50: TARIFA MES - PERSONAL DE OBRA - AYUDANTE (NO INCLUYE FACTOR DE PRESTACIONES) | D50: AYUDANTES PMT | E50: 3 | F50: N/A | G50: 1160000 | H50: 1.648 | I50: 0 | J50: 1 | K50: 1 | L50: 1 | M50: 1 | N50: 1 | O50: 1 | U50: =ROUND(SUM(I50),4) -> 0 | V50: =ROUND(SUM(J50:S50),4) -> 6 | W50: =IF(W48=0,0,ROUND(SUM(T50),4)) -> 0 | X50: =U50/U$6 -> 0 | Y50: =V50/V$6 -> 1

Sheet AIU
A2: ALCALDIA LOCAL DE SUBA
A4: MATRIZ DE CÁLCULO DE AIU OBRA
B6: COSTO DIRECTO ESTIMADO DE OBRA (CD) | E6: =$S$8+P7 -> 4664382903 | I6: FECHA: | J6: =Base!$D$9 -> 44988 | M6: Codigo | N6: Componente | O6: Costo real | P6: Estimación costo total | Q6: Diferencia | R6: Codigo | S6: Costo directo | T6: Primera aproximación
B7: TERMINO ESTIMADO DE ETAPA DE DIAGNOSTICO | E7: =DedicProfObr!$U$6 -> 1 | F7: MESES | I7: CONTRATO No. | N7: Diferencia | O7: =O19 -> 0 | P7: 0 | Q7: =O7-P7 -> 0
B8: TERMINO ESTIMADO DE EJECUCIÓN DE OBRA | E8: =DedicProfObr!$V$6 -> 6 | F8: MESES | M8: NA | N8: OBRA | O8: ='PRESUPUESTO OFICIAL'!K71 -> 6139260777 | P8: 6139260777 | Q8: =O8-P8 -> 0 | R8: NA | S8: ='PRESUPUESTO OFICIAL'!K64 -> 4664382903 | T8: =IF(Q8=0,P8,IF(Q8<(0.01*P8),P8,S8*1.32)) -> 6139260777
B9: TERMINO ESTIMADO DE ETAPA DE ENTREGA | E9: =DedicProfObr!$W$6 -> 0 | F9: MESES | N9: AMBIENTAL | O9: =PPTO_AMB!N255 -> 222418405 | P9: 222418405 | Q9: =O9-P9 -> 0 | S9: =PPTO_AMB!N246 -> 188012177 | T9: =IF(Q9=0,P9,IF(Q9<(0.01*P9),P9,S9*1.32)) -> 222418405
N10: SOCIAL | O10: =PPTO_SOCIAL!N68 -> 138802452 | P10: 138802452 | Q10: =O10-P10 -> 0 | S10: =PPTO_SOCIAL!N59 -> 117330898 | T10: =IF(Q10=0,P10,IF(Q10<(0.01*P10),P10,S10*1.32)) -> 138802452
A11: COD IDU | B11: ÍTEM | C11: A. ADMINISTRACIÓN | N11: PPMT | O11: =PPTO_PMT!N55 -> 166780825 | P11: 166780825 | Q11: =O11-P11 -> 0 | S11: =PPTO_PMT!N46 -> 140981255 | T11: =IF(Q11=0,P11,IF(Q11<(0.01*P11),P11,S11*1.32)) -> 166780825
C12: 1. COSTOS MENSUALES DE PERSONAL | N12: TOTAL | O12: =SUM(O8:O11) -> 6667262459 | P12: =SUM(P8:P11) -> 6667262459 | Q12: =SUM(Q7:Q11) -> 0 | S12: =SUM(S8:S11) -> 5110707233 | T12: =SUM(T8:T11) -> 6667262459
C13: CARGO | E13: CANT | F13: CATEGORÍA | G13: TOPE SALARIO (MES) | H13: FACTOR PRESTACIONAL | I13: TOTAL DEDICACIÓN POR ETAPA (MES) | K13: SALARIO + PRESTACIONES
I15: OBRA | J15: RECIBO
E16: A | G16: C | H16: D | K16: F=A*B*C*D*E
B17: 1.1 | C17: PERSONAL PROFESIONAL (Ingenieros y Otros) | M17: Costo directo calculado APU | O17: ='PRESUPUESTO OFICIAL'!K64 -> 4664382903
A18: =INDEX(DedicProfObr!$A$4:$X$51,MATCH($B18,DedicProfObr!$A$4:$A$51,0),MATCH(DedicProfObr!$B$4,DedicProfObr!$A$4:$W$4,0)) -> 9110 | B18: =DedicProfObr!A8 -> 1.101 | C18: =INDEX(DedicProfObr!$A$4:$X$51,MATCH($B18,DedicProfObr!$A$4:$A$51,0),MATCH(DedicProfObr!$D$4,DedicProfObr!$A$4:$W$4,0)) -> DIRECTOR DE OBRA | E18: =INDEX(DedicProfObr!$A$4:$X$51,MATCH($B18,DedicProfObr!$A$4:$A$51,0),MATCH(DedicProfObr!$E$4,DedicProfObr!$A$4:$W$4,0)) -> 1 | F18: =INDEX(DedicProfObr!$A$4:$X$51,MATCH($B18,DedicProfObr!$A$4:$A$51,0),MATCH(DedicProfObr!$F$4,DedicProfObr!$A$4:$W$4,0)) -> 4 | G18: =INDEX(DedicProfObr!$A$4:$X$51,MATCH($B18,DedicProfObr!$A$4:$A$51,0),MATCH(DedicProfObr!$G$4,DedicProfObr!$A$4:$W$4,0)) -> 7881000 | H18: =INDEX(DedicProfObr!$A$4:$X$51,MATCH($B18,DedicProfObr!$A$4:$A$51,0),MATCH(DedicProfObr!$H$4,DedicProfObr!$A$4:$W$4,0)) -> 1.4516 | I18: =INDEX(DedicProfObr!$A$4:$W$51,MATCH($B18,DedicProfObr!$A$4:$A$51,0),MATCH(DedicProfObr!$V$4,DedicProfObr!$A$4:$W$4,0)) -> 1.8 | J18: =INDEX(DedicProfObr!$A$4:$W$51,MATCH($B18,DedicProfObr!$A$4:$A$51,0),MATCH(DedicProfObr!$W$4,DedicProfObr!$A$4:$W$4,0)) -> 0 | K18: =ROUND(E18*G18*H18*(I18+J18),0) -> 20592107 | M18: Costo directo Calculado AIU | O18: ='PRESUPUESTO OFICIAL'!K64 -> 4664382903
A19: =INDEX(DedicProfObr!$A$4:$X$51,MATCH($B19,DedicProfObr!$A$4:$A$51,0),MATCH(DedicProfObr!$B$4,DedicProfObr!$A$4:$W$4,0)) -> 9112 | B19: =DedicProfObr!A9 -> 1.102 | C19: =INDEX(DedicProfObr!$A$4:$X$49,MATCH($B19,DedicProfObr!$A$4:$A$49,0),MATCH(DedicProfObr!$D$4,DedicProfObr!$A$4:$W$4,0)) -> RESIDENTE DE OBRA | E19: =INDEX(DedicProfObr!$A$4:$X$51,MATCH($B19,DedicProfObr!$A$4:$A$51,0),MATCH(DedicProfObr!$E$4,DedicProfObr!$A$4:$W$4,0)) -> 2 | F19: =INDEX(DedicProfObr!$A$4:$X$51,MATCH($B19,DedicProfObr!$A$4:$A$51,0),MATCH(DedicProfObr!$F$4,DedicProfObr!$A$4:$W$4,0)) -> 6 | G19: =INDEX(DedicProfObr!$A$4:$X$51,MATCH($B19,DedicProfObr!$A$4:$A$51,0),MATCH(DedicProfObr!$G$4,DedicProfObr!$A$4:$W$4,0)) -> 6339000 | H19: =INDEX(DedicProfObr!$A$4:$X$51,MATCH($B19,DedicProfObr!$A$4:$A$51,0),MATCH(DedicProfObr!$H$4,DedicProfObr!$A$4:$W$4,0)) -> 1.4525 | I19: =INDEX(DedicProfObr!$A$4:$W$51,MATCH($B19,DedicProfObr!$A$4:$A$51,0),MATCH(DedicProfObr!$V$4,DedicProfObr!$A$4:$W$4,0)) -> 6 | J19: =INDEX(DedicProfObr!$A$4:$W$51,MATCH($B19,DedicProfObr!$A$4:$A$51,0),MATCH(DedicProfObr!$W$4,DedicProfObr!$A$4:$W$4,0)) -> 0 | K19: =ROUND(E19*G19*H19*(I19+J19),0) -> 110488770 | M19: Diferencia Calculada | O19: =O18-O17 -> 0
A20: =INDEX(DedicProfObr!$A$4:$X$51,MATCH($B20,DedicProfObr!$A$4:$A$51,0),MATCH(DedicProfObr!$B$4,DedicProfObr!$A$4:$W$4,0)) -> 9110 | B20: =DedicProfObr!A10 -> 1.103 | C20: =INDEX(DedicProfObr!$A$4:$X$49,MATCH($B20,DedicProfObr!$A$4:$A$49,0),MATCH(DedicProfObr!$D$4,DedicProfObr!$A$4:$W$4,0)) -> ESPECIALISTA EN DISEÑO GEOMETRICO | E20: =INDEX(DedicProfObr!$A$4:$X$51,MATCH($B20,DedicProfObr!$A$4:$A$51,0),MATCH(DedicProfObr!$E$4,DedicProfObr!$A$4:$W$4,0)) -> 1 | F20: =INDEX(DedicProfObr!$A$4:$X$51,MATCH($B20,DedicProfObr!$A$4:$A$51,0),MATCH(DedicProfObr!$F$4,DedicProfObr!$A$4:$W$4,0)) -> 4 | G20: =INDEX(DedicProfObr!$A$4:$X$51,MATCH($B20,DedicProfObr!$A$4:$A$51,0),MATCH(DedicProfObr!$G$4,DedicProfObr!$A$4:$W$4,0)) -> 7881000 | H20: =INDEX(DedicProfObr!$A$4:$X$51,MATCH($B20,DedicProfObr!$A$4:$A$51,0),MATCH(DedicProfObr!$H$4,DedicProfObr!$A$4:$W$4,0)) -> 1.4516 | I20: =INDEX(DedicProfObr!$A$4:$W$51,MATCH($B20,DedicProfObr!$A$4:$A$51,0),MATCH(DedicProfObr!$V$4,DedicProfObr!$A$4:$W$4,0)) -> 0.45 | J20: =INDEX(DedicProfObr!$A$4:$W$51,MATCH($B20,DedicProfObr!$A$4:$A$51,0),MATCH(DedicProfObr!$W$4,DedicProfObr!$A$4:$W$4,0)) -> 0 | K20: =ROUND(E20*G20*H20*(I20+J20),0) -> 5148027 | M20: Costo directo para calculo | O20: =O17+P7 -> 4664382903
A21: =INDEX(DedicProfObr!$A$4:$X$51,MATCH($B21,DedicProfObr!$A$4:$A$51,0),MATCH(DedicProfObr!$B$4,DedicProfObr!$A$4:$W$4,0)) -> 9110 | B21: =DedicProfObr!A11 -> 1.104 | C21: =INDEX(DedicProfObr!$A$4:$X$49,MATCH($B21,DedicProfObr!$A$4:$A$49,0),MATCH(DedicProfObr!$D$4,DedicProfObr!$A$4:$W$4,0)) -> ESPECIALISTA EN URBANISMO Y ESPACIO PÚBLICO | E21: =INDEX(DedicProfObr!$A$4:$X$51,MATCH($B21,DedicProfObr!$A$4:$A$51,0),MATCH(DedicProfObr!$E$4,DedicProfObr!$A$4:$W$4,0)) -> 1 | F21: =INDEX(DedicProfObr!$A$4:$X$51,MATCH($B21,DedicProfObr!$A$4:$A$51,0),MATCH(DedicProfObr!$F$4,DedicProfObr!$A$4:$W$4,0)) -> 4 | G21: =INDEX(DedicProfObr!$A$4:$X$51,MATCH($B21,DedicProfObr!$A$4:$A$51,0),MATCH(DedicProfObr!$G$4,DedicProfObr!$A$4:$W$4,0)) -> 7881000 | H21: =INDEX(DedicProfObr!$A$4:$X$51,MATCH($B21,DedicProfObr!$A$4:$A$51,0),MATCH(DedicProfObr!$H$4,DedicProfObr!$A$4:$W$4,0)) -> 1.4516 | I21: =INDEX(DedicProfObr!$A$4:$W$51,MATCH($B21,DedicProfObr!$A$4:$A$51,0),MATCH(DedicProfObr!$V$4,DedicProfObr!$A$4:$W$4,0)) -> 0.45 | J21: =INDEX(DedicProfObr!$A$4:$W$51,MATCH($B21,DedicProfObr!$A$4:$A$51,0),MATCH(DedicProfObr!$W$4,DedicProfObr!$A$4:$W$4,0)) -> 0 | K21: =ROUND(E21*G21*H21*(I21+J21),0) -> 5148027
A22: =INDEX(DedicProfObr!$A$4:$X$51,MATCH($B22,DedicProfObr!$A$4:$A$51,0),MATCH(DedicProfObr!$B$4,DedicProfObr!$A$4:$W$4,0)) -> 9112 | B22: =DedicProfObr!A12 -> 1.105 | C22: =INDEX(DedicProfObr!$A$4:$X$49,MATCH($B22,DedicProfObr!$A$4:$A$49,0),MATCH(DedicProfObr!$D$4,DedicProfObr!$A$4:$W$4,0)) -> ARQUITECTO APOYO EN DISEÑO URBANO | E22: =INDEX(DedicProfObr!$A$4:$X$51,MATCH($B22,DedicProfObr!$A$4:$A$51,0),MATCH(DedicProfObr!$E$4,DedicProfObr!$A$4:$W$4,0)) -> 0 | F22: =INDEX(DedicProfObr!$A$4:$X$51,MATCH($B22,DedicProfObr!$A$4:$A$51,0),MATCH(DedicProfObr!$F$4,DedicProfObr!$A$4:$W$4,0)) -> 6 | G22: =INDEX(DedicProfObr!$A$4:$X$51,MATCH($B22,DedicProfObr!$A$4:$A$51,0),MATCH(DedicProfObr!$G$4,DedicProfObr!$A$4:$W$4,0)) -> 6339000 | H22: =INDEX(DedicProfObr!$A$4:$X$51,MATCH($B22,DedicProfObr!$A$4:$A$51,0),MATCH(DedicProfObr!$H$4,DedicProfObr!$A$4:$W$4,0)) -> 1.4525 | I22: =INDEX(DedicProfObr!$A$4:$W$51,MATCH($B22,DedicProfObr!$A$4:$A$51,0),MATCH(DedicProfObr!$V$4,DedicProfObr!$A$4:$W$4,0)) -> 0 | J22: =INDEX(DedicProfObr!$A$4:$W$51,MATCH($B22,DedicProfObr!$A$4:$A$51,0),MATCH(DedicProfObr!$W$4,DedicProfObr!$A$4:$W$4,0)) -> 0 | K22: =ROUND(E22*G22*H22*(I22+J22),0) -> 0
A23: =INDEX(DedicProfObr!$A$4:$X$51,MATCH($B23,DedicProfObr!$A$4:$A$51,0),MATCH(DedicProfObr!$B$4,DedicProfObr!$A$4:$W$4,0)) -> 9110 | B23: =DedicProfObr!A13 -> 1.106 | C23: =INDEX(DedicProfObr!$A$4:$X$49,MATCH($B23,DedicProfObr!$A$4:$A$49,0),MATCH(DedicProfObr!$D$4,DedicProfObr!$A$4:$W$4,0)) -> ESPECIALISTA EN GEOTECNIA | E23: =INDEX(DedicProfObr!$A$4:$X$51,MATCH($B23,DedicProfObr!$A$4:$A$51,0),MATCH(DedicProfObr!$E$4,DedicProfObr!$A$4:$W$4,0)) -> 1 | F23: =INDEX(DedicProfObr!$A$4:$X$51,MATCH($B23,DedicProfObr!$A$4:$A$51,0),MATCH(DedicProfObr!$F$4,DedicProfObr!$A$4:$W$4,0)) -> 4 | G23: =INDEX(DedicProfObr!$A$4:$X$51,MATCH($B23,DedicProfObr!$A$4:$A$51,0),MATCH(DedicProfObr!$G$4,DedicProfObr!$A$4:$W$4,0)) -> 7881000 | H23: =INDEX(DedicProfObr!$A$4:$X$51,MATCH($B23,DedicProfObr!$A$4:$A$51,0),MATCH(DedicProfObr!$H$4,DedicProfObr!$A$4:$W$4,0)) -> 1.4516 | I23: =INDEX(DedicProfObr!$A$4:$W$51,MATCH($B23,DedicProfObr!$A$4:$A$51,0),MATCH(DedicProfObr!$V$4,DedicProfObr!$A$4:$W$4,0)) -> 0.45 | J23: =INDEX(DedicProfObr!$A$4:$W$51,MATCH($B23,DedicProfObr!$A$4:$A$51,0),MATCH(DedicProfObr!$W$4,DedicProfObr!$A$4:$W$4,0)) -> 0 | K23: =ROUND(E23*G23*H23*(I23+J23),0) -> 5148027
A24: =INDEX(DedicProfObr!$A$4:$X$51,MATCH($B24,DedicProfObr!$A$4:$A$51,0),MATCH(DedicProfObr!$B$4,DedicProfObr!$A$4:$W$4,0)) -> 9110 | B24: =DedicProfObr!A14 -> 1.107 | C24: =INDEX(DedicProfObr!$A$4:$X$49,MATCH($B24,DedicProfObr!$A$4:$A$49,0),MATCH(DedicProfObr!$D$4,DedicProfObr!$A$4:$W$4,0)) -> ESPECIALISTA EN PAVIMENTOS | E24: =INDEX(DedicProfObr!$A$4:$X$51,MATCH($B24,DedicProfObr!$A$4:$A$51,0),MATCH(DedicProfObr!$E$4,DedicProfObr!$A$4:$W$4,0)) -> 1 | F24: =INDEX(DedicProfObr!$A$4:$X$51,MATCH($B24,DedicProfObr!$A$4:$A$51,0),MATCH(DedicProfObr!$F$4,DedicProfObr!$A$4:$W$4,0)) -> 4 | G24: =INDEX(DedicProfObr!$A$4:$X$51,MATCH($B24,DedicProfObr!$A$4:$A$51,0),MATCH(DedicProfObr!$G$4,DedicProfObr!$A$4:$W$4,0)) -> 7881000 | H24: =INDEX(DedicProfObr!$A$4:$X$51,MATCH($B24,DedicProfObr!$A$4:$A$51,0),MATCH(DedicProfObr!$H$4,DedicProfObr!$A$4:$W$4,0)) -> 1.4516 | I24: =INDEX(DedicProfObr!$A$4:$W$51,MATCH($B24,DedicProfObr!$A$4:$A$51,0),MATCH(DedicProfObr!$V$4,DedicProfObr!$A$4:$W$4,0)) -> 0.75 | J24: =INDEX(DedicProfObr!$A$4:$W$51,MATCH($B24,DedicProfObr!$A$4:$A$51,0),MATCH(DedicProfObr!$W$4,DedicProfObr!$A$4:$W$4,0)) -> 0 | K24: =ROUND(E24*G24*H24*(I24+J24),0) -> 8580045
A25: =INDEX(DedicProfObr!$A$4:$X$51,MATCH($B25,DedicProfObr!$A$4:$A$51,0),MATCH(DedicProfObr!$B$4,DedicProfObr!$A$4:$W$4,0)) -> 9112 | B25: =DedicProfObr!A15 -> 1.108 | C25: =INDEX(DedicProfObr!$A$4:$X$49,MATCH($B25,DedicProfObr!$A$4:$A$49,0),MATCH(DedicProfObr!$D$4,DedicProfObr!$A$4:$W$4,0)) -> ESPECIALISTA REDES HIDROSANITARIAS | E25: =INDEX(DedicProfObr!$A$4:$X$51,MATCH($B25,DedicProfObr!$A$4:$A$51,0),MATCH(DedicProfObr!$E$4,DedicProfObr!$A$4:$W$4,0)) -> 1 | F25: =INDEX(DedicProfObr!$A$4:$X$51,MATCH($B25,DedicProfObr!$A$4:$A$51,0),MATCH(DedicProfObr!$F$4,DedicProfObr!$A$4:$W$4,0)) -> 6 | G25: =INDEX(DedicProfObr!$A$4:$X$51,MATCH($B25,DedicProfObr!$A$4:$A$51,0),MATCH(DedicProfObr!$G$4,DedicProfObr!$A$4:$W$4,0)) -> 6339000 | H25: =INDEX(DedicProfObr!$A$4:$X$51,MATCH($B25,DedicProfObr!$A$4:$A$51,0),MATCH(DedicProfObr!$H$4,DedicProfObr!$A$4:$W$4,0)) -> 1.4525 | I25: =INDEX(DedicProfObr!$A$4:$W$51,MATCH($B25,DedicProfObr!$A$4:$A$51,0),MATCH(DedicProfObr!$V$4,DedicProfObr!$A$4:$W$4,0)) -> 0.6 | J25: =INDEX(DedicProfObr!$A$4:$W$51,MATCH($B25,DedicProfObr!$A$4:$A$51,0),MATCH(DedicProfObr!$W$4,DedicProfObr!$A$4:$W$4,0)) -> 0 | K25: =ROUND(E25*G25*H25*(I25+J25),0) -> 5524439
A26: =INDEX(DedicProfObr!$A$4:$X$51,MATCH($B26,DedicProfObr!$A$4:$A$51,0),MATCH(DedicProfObr!$B$4,DedicProfObr!$A$4:$W$4,0)) -> 9112 | B26: =DedicProfObr!A16 -> 1.109 | C26: =INDEX(DedicProfObr!$A$4:$X$49,MATCH($B26,DedicProfObr!$A$4:$A$49,0),MATCH(DedicProfObr!$D$4,DedicProfObr!$A$4:$W$4,0)) -> ESPECIALISTA EN ESTRUCTURAS | E26: =INDEX(DedicProfObr!$A$4:$X$51,MATCH($B26,DedicProfObr!$A$4:$A$51,0),MATCH(DedicProfObr!$E$4,DedicProfObr!$A$4:$W$4,0)) -> 1 | F26: =INDEX(DedicProfObr!$A$4:$X$51,MATCH($B26,DedicProfObr!$A$4:$A$51,0),MATCH(DedicProfObr!$F$4,DedicProfObr!$A$4:$W$4,0)) -> 6 | G26: =INDEX(DedicProfObr!$A$4:$X$51,MATCH($B26,DedicProfObr!$A$4:$A$51,0),MATCH(DedicProfObr!$G$4,DedicProfObr!$A$4:$W$4,0)) -> 6339000 | H26: =INDEX(DedicProfObr!$A$4:$X$51,MATCH($B26,DedicProfObr!$A$4:$A$51,0),MATCH(DedicProfObr!$H$4,DedicProfObr!$A$4:$W$4,0)) -> 1.4525 | I26: =INDEX(DedicProfObr!$A$4:$W$51,MATCH($B26,DedicProfObr!$A$4:$A$51,0),MATCH(DedicProfObr!$V$4,DedicProfObr!$A$4:$W$4,0)) -> 0.3 | J26: =INDEX(DedicProfObr!$A$4:$W$51,MATCH($B26,DedicProfObr!$A$4:$A$51,0),MATCH(DedicProfObr!$W$4,DedicProfObr!$A$4:$W$4,0)) -> 0 | K26: =ROUND(E26*G26*H26*(I26+J26),0) -> 2762219
A27: =INDEX(DedicProfObr!$A$4:$X$51,MATCH($B27,DedicProfObr!$A$4:$A$51,0),MATCH(DedicProfObr!$B$4,DedicProfObr!$A$4:$W$4,0)) -> 9112 | B27: =DedicProfObr!A17 -> 1.11 | C27: =INDEX(DedicProfObr!$A$4:$X$49,MATCH($B27,DedicProfObr!$A$4:$A$49,0),MATCH(DedicProfObr!$D$4,DedicProfObr!$A$4:$W$4,0)) -> PROFESIONAL EN PRESUPUESTO Y PROGRAMACIÓN | E27: =INDEX(DedicProfObr!$A$4:$X$51,MATCH($B27,DedicProfObr!$A$4:$A$51,0),MATCH(DedicProfObr!$E$4,DedicProfObr!$A$4:$W$4,0)) -> 1 | F27: =INDEX(DedicProfObr!$A$4:$X$51,MATCH($B27,DedicProfObr!$A$4:$A$51,0),MATCH(DedicProfObr!$F$4,DedicProfObr!$A$4:$W$4,0)) -> 6 | G27: =INDEX(DedicProfObr!$A$4:$X$51,MATCH($B27,DedicProfObr!$A$4:$A$51,0),MATCH(DedicProfObr!$G$4,DedicProfObr!$A$4:$W$4,0)) -> 6339000 | H27: =INDEX(DedicProfObr!$A$4:$X$51,MATCH($B27,DedicProfObr!$A$4:$A$51,0),MATCH(DedicProfObr!$H$4,DedicProfObr!$A$4:$W$4,0)) -> 1.4525 | I27: =INDEX(DedicProfObr!$A$4:$W$51,MATCH($B27,DedicProfObr!$A$4:$A$51,0),MATCH(DedicProfObr!$V$4,DedicProfObr!$A$4:$W$4,0)) -> 0 | J27: =INDEX(DedicProfObr!$A$4:$W$51,MATCH($B27,DedicProfObr!$A$4:$A$51,0),MATCH(DedicProfObr!$W$4,DedicProfObr!$A$4:$W$4,0)) -> 0 | K27: =ROUND(E27*G27*H27*(I27+J27),0) -> 0
A28: =INDEX(DedicProfObr!$A$4:$X$51,MATCH($B28,DedicProfObr!$A$4:$A$51,0),MATCH(DedicProfObr!$B$4,DedicProfObr!$A$4:$W$4,0)) -> 9112 | B28: =DedicProfObr!A18 -> 1.111 | C28: =INDEX(DedicProfObr!$A$4:$X$49,MATCH($B28,DedicProfObr!$A$4:$A$49,0),MATCH(DedicProfObr!$D$4,DedicProfObr!$A$4:$W$4,0)) -> PROFESIONAL EN REDES SECAS | E28: =INDEX(DedicProfObr!$A$4:$X$51,MATCH($B28,DedicProfObr!$A$4:$A$51,0),MATCH(DedicProfObr!$E$4,DedicProfObr!$A$4:$W$4,0)) -> 1 | F28: =INDEX(DedicProfObr!$A$4:$X$51,MATCH($B28,DedicProfObr!$A$4:$A$51,0),MATCH(DedicProfObr!$F$4,DedicProfObr!$A$4:$W$4,0)) -> 6 | G28: =INDEX(DedicProfObr!$A$4:$X$51,MATCH($B28,DedicProfObr!$A$4:$A$51,0),MATCH(DedicProfObr!$G$4,DedicProfObr!$A$4:$W$4,0)) -> 6339000 | H28: =INDEX(DedicProfObr!$A$4:$X$51,MATCH($B28,DedicProfObr!$A$4:$A$51,0),MATCH(DedicProfObr!$H$4,DedicProfObr!$A$4:$W$4,0)) -> 1.4525 | I28: =INDEX(DedicProfObr!$A$4:$W$51,MATCH($B28,DedicProfObr!$A$4:$A$51,0),MATCH(DedicProfObr!$V$4,DedicProfObr!$A$4:$W$4,0)) -> 0.4 | J28: =INDEX(DedicProfObr!$A$4:$W$51,MATCH($B28,DedicProfObr!$A$4:$A$51,0),MATCH(DedicProfObr!$W$4,DedicProfObr!$A$4:$W$4,0)) -> 0 | K28: =ROUND(E28*G28*H28*(I28+J28),0) -> 3682959
A29: =INDEX(DedicProfObr!$A$4:$X$51,MATCH($B29,DedicProfObr!$A$4:$A$51,0),MATCH(DedicProfObr!$B$4,DedicProfObr!$A$4:$W$4,0)) -> 9112 | B29: =DedicProfObr!A19 -> 1.112 | C29: =INDEX(DedicProfObr!$A$4:$X$49,MATCH($B29,DedicProfObr!$A$4:$A$49,0),MATCH(DedicProfObr!$D$4,DedicProfObr!$A$4:$W$4,0)) -> INGENIERO ESPECIALISTA EN SIG-CAD | E29: =INDEX(DedicProfObr!$A$4:$X$51,MATCH($B29,DedicProfObr!$A$4:$A$51,0),MATCH(DedicProfObr!$E$4,DedicProfObr!$A$4:$W$4,0)) -> 0 | F29: =INDEX(DedicProfObr!$A$4:$X$51,MATCH($B29,DedicProfObr!$A$4:$A$51,0),MATCH(DedicProfObr!$F$4,DedicProfObr!$A$4:$W$4,0)) -> 6 | G29: =INDEX(DedicProfObr!$A$4:$X$51,MATCH($B29,DedicProfObr!$A$4:$A$51,0),MATCH(DedicProfObr!$G$4,DedicProfObr!$A$4:$W$4,0)) -> 6339000 | H29: =INDEX(DedicProfObr!$A$4:$X$51,MATCH($B29,DedicProfObr!$A$4:$A$51,0),MATCH(DedicProfObr!$H$4,DedicProfObr!$A$4:$W$4,0)) -> 1.4525 | I29: =INDEX(DedicProfObr!$A$4:$W$51,MATCH($B29,DedicProfObr!$A$4:$A$51,0),MATCH(DedicProfObr!$V$4,DedicProfObr!$A$4:$W$4,0)) -> 0 | J29: =INDEX(DedicProfObr!$A$4:$W$51,MATCH($B29,DedicProfObr!$A$4:$A$51,0),MATCH(DedicProfObr!$W$4,DedicProfObr!$A$4:$W$4,0)) -> 0 | K29: =ROUND(E29*G29*H29*(I29+J29),0) -> 0
B30: =DedicProfObr!A20 -> 1.2 | C30: PERSONAL TÉCNICO Y PERSONAL AUXILIAR
A31: =INDEX(DedicProfObr!$A$4:$X$51,MATCH($B31,DedicProfObr!$A$4:$A$51,0),MATCH(DedicProfObr!$B$4,DedicProfObr!$A$4:$W$4,0)) -> 9085 | B31: =DedicProfObr!A21 -> 1.201 | C31: =INDEX(DedicProfObr!$A$4:$X$49,MATCH($B31,DedicProfObr!$A$4:$A$49,0),MATCH(DedicProfObr!$D$4,DedicProfObr!$A$4:$W$4,0)) -> AUXILIAR DE INGENIERÍA | E31: =INDEX(DedicProfObr!$A$4:$X$51,MATCH($B31,DedicProfObr!$A$4:$A$51,0),MATCH(DedicProfObr!$E$4,DedicProfObr!$A$4:$W$4,0)) -> 1 | F31: =INDEX(DedicProfObr!$A$4:$X$51,MATCH($B31,DedicProfObr!$A$4:$A$51,0),MATCH(DedicProfObr!$F$4,DedicProfObr!$A$4:$W$4,0)) -> N/A | G31: =INDEX(DedicProfObr!$A$4:$X$51,MATCH($B31,DedicProfObr!$A$4:$A$51,0),MATCH(DedicProfObr!$G$4,DedicProfObr!$A$4:$W$4,0)) -> 2607000 | H31: =INDEX(DedicProfObr!$A$4:$X$51,MATCH($B31,DedicProfObr!$A$4:$A$51,0),MATCH(DedicProfObr!$H$4,DedicProfObr!$A$4:$W$4,0)) -> 1.4591 | I31: =INDEX(DedicProfObr!$A$4:$W$51,MATCH($B31,DedicProfObr!$A$4:$A$51,0),MATCH(DedicProfObr!$V$4,DedicProfObr!$A$4:$W$4,0)) -> 3 | J31: =INDEX(DedicProfObr!$A$4:$W$51,MATCH($B31,DedicProfObr!$A$4:$A$51,0),MATCH(DedicProfObr!$W$4,DedicProfObr!$A$4:$W$4,0)) -> 0 | K31: =ROUND(E31*G31*H31*(I31+J31),0) -> 11411621
A32: =INDEX(DedicProfObr!$A$4:$X$51,MATCH($B32,DedicProfObr!$A$4:$A$51,0),MATCH(DedicProfObr!$B$4,DedicProfObr!$A$4:$W$4,0)) -> 9093 | B32: =DedicProfObr!A22 -> 1.202 | C32: =INDEX(DedicProfObr!$A$4:$X$49,MATCH($B32,DedicProfObr!$A$4:$A$49,0),MATCH(DedicProfObr!$D$4,DedicProfObr!$A$4:$W$4,0)) -> TÉCNICO INSPECTOR | E32: =INDEX(DedicProfObr!$A$4:$X$51,MATCH($B32,DedicProfObr!$A$4:$A$51,0),MATCH(DedicProfObr!$E$4,DedicProfObr!$A$4:$W$4,0)) -> 2 | F32: =INDEX(DedicProfObr!$A$4:$X$51,MATCH($B32,DedicProfObr!$A$4:$A$51,0),MATCH(DedicProfObr!$F$4,DedicProfObr!$A$4:$W$4,0)) -> N/A | G32: =INDEX(DedicProfObr!$A$4:$X$51,MATCH($B32,DedicProfObr!$A$4:$A$51,0),MATCH(DedicProfObr!$G$4,DedicProfObr!$A$4:$W$4,0)) -> 2249000 | H32: =INDEX(DedicProfObr!$A$4:$X$51,MATCH($B32,DedicProfObr!$A$4:$A$51,0),MATCH(DedicProfObr!$H$4,DedicProfObr!$A$4:$W$4,0)) -> 1.5511 | I32: =INDEX(DedicProfObr!$A$4:$W$51,MATCH($B32,DedicProfObr!$A$4:$A$51,0),MATCH(DedicProfObr!$V$4,DedicProfObr!$A$4:$W$4,0)) -> 6 | J32: =INDEX(DedicProfObr!$A$4:$W$51,MATCH($B32,DedicProfObr!$A$4:$A$51,0),MATCH(DedicProfObr!$W$4,DedicProfObr!$A$4:$W$4,0)) -> 0 | K32: =ROUND(E32*G32*H32*(I32+J32),0) -> 41861087
A33: =INDEX(DedicProfObr!$A$4:$X$51,MATCH($B33,DedicProfObr!$A$4:$A$51,0),MATCH(DedicProfObr!$B$4,DedicProfObr!$A$4:$W$4,0)) -> 9088 | B33: =DedicProfObr!A23 -> 1.203 | C33: =INDEX(DedicProfObr!$A$4:$X$49,MATCH($B33,DedicProfObr!$A$4:$A$49,0),MATCH(DedicProfObr!$D$4,DedicProfObr!$A$4:$W$4,0)) -> TOPOGRAFO INSPECTOR | E33: =INDEX(DedicProfObr!$A$4:$X$51,MATCH($B33,DedicProfObr!$A$4:$A$51,0),MATCH(DedicProfObr!$E$4,DedicProfObr!$A$4:$W$4,0)) -> 2 | F33: =INDEX(DedicProfObr!$A$4:$X$51,MATCH($B33,DedicProfObr!$A$4:$A$51,0),MATCH(DedicProfObr!$F$4,DedicProfObr!$A$4:$W$4,0)) -> N/A | G33: =INDEX(DedicProfObr!$A$4:$X$51,MATCH($B33,DedicProfObr!$A$4:$A$51,0),MATCH(DedicProfObr!$G$4,DedicProfObr!$A$4:$W$4,0)) -> 3092000 | H33: =INDEX(DedicProfObr!$A$4:$X$51,MATCH($B33,DedicProfObr!$A$4:$A$51,0),MATCH(DedicProfObr!$H$4,DedicProfObr!$A$4:$W$4,0)) -> 1.4573 | I33: =INDEX(DedicProfObr!$A$4:$W$51,MATCH($B33,DedicProfObr!$A$4:$A$51,0),MATCH(DedicProfObr!$V$4,DedicProfObr!$A$4:$W$4,0)) -> 5 | J33: =INDEX(DedicProfObr!$A$4:$W$51,MATCH($B33,DedicProfObr!$A$4:$A$51,0),MATCH(DedicProfObr!$W$4,DedicProfObr!$A$4:$W$4,0)) -> 0 | K33: =ROUND(E33*G33*H33*(I33+J33),0) -> 45059716
A34: =INDEX(DedicProfObr!$A$4:$X$51,MATCH($B34,DedicProfObr!$A$4:$A$51,0),MATCH(DedicProfObr!$B$4,DedicProfObr!$A$4:$W$4,0)) -> 9098 | B34: =DedicProfObr!A24 -> 1.204 | C34: =INDEX(DedicProfObr!$A$4:$X$49,MATCH($B34,DedicProfObr!$A$4:$A$49,0),MATCH(DedicProfObr!$D$4,DedicProfObr!$A$4:$W$4,0)) -> CADENERO 1 | E34: =INDEX(DedicProfObr!$A$4:$X$51,MATCH($B34,DedicProfObr!$A$4:$A$51,0),MATCH(DedicProfObr!$E$4,DedicProfObr!$A$4:$W$4,0)) -> 2 | F34: =INDEX(DedicProfObr!$A$4:$X$51,MATCH($B34,DedicProfObr!$A$4:$A$51,0),MATCH(DedicProfObr!$F$4,DedicProfObr!$A$4:$W$4,0)) -> N/A | G34: =INDEX(DedicProfObr!$A$4:$X$51,MATCH($B34,DedicProfObr!$A$4:$A$51,0),MATCH(DedicProfObr!$G$4,DedicProfObr!$A$4:$W$4,0)) -> 1917000 | H34: =INDEX(DedicProfObr!$A$4:$X$51,MATCH($B34,DedicProfObr!$A$4:$A$51,0),MATCH(DedicProfObr!$H$4,DedicProfObr!$A$4:$W$4,0)) -> 1.569 | I34: =INDEX(DedicProfObr!$A$4:$W$51,MATCH($B34,DedicProfObr!$A$4:$A$51,0),MATCH(DedicProfObr!$V$4,DedicProfObr!$A$4:$W$4,0)) -> 5 | J34: =INDEX(DedicProfObr!$A$4:$W$51,MATCH($B34,DedicProfObr!$A$4:$A$51,0),MATCH(DedicProfObr!$W$4,DedicProfObr!$A$4:$W$4,0)) -> 0 | K34: =ROUND(E34*G34*H34*(I34+J34),0) -> 30077730
A35: =INDEX(DedicProfObr!$A$4:$X$51,MATCH($B35,DedicProfObr!$A$4:$A$51,0),MATCH(DedicProfObr!$B$4,DedicProfObr!$A$4:$W$4,0)) -> 9099 | B35: =DedicProfObr!A25 -> 1.205 | C35: =INDEX(DedicProfObr!$A$4:$X$49,MATCH($B35,DedicProfObr!$A$4:$A$49,0),MATCH(DedicProfObr!$D$4,DedicProfObr!$A$4:$W$4,0)) -> CADENERO 2 | E35: =INDEX(DedicProfObr!$A$4:$X$51,MATCH($B35,DedicProfObr!$A$4:$A$51,0),MATCH(DedicProfObr!$E$4,DedicProfObr!$A$4:$W$4,0)) -> 2 | F35: =INDEX(DedicProfObr!$A$4:$X$51,MATCH($B35,DedicProfObr!$A$4:$A$51,0),MATCH(DedicProfObr!$F$4,DedicProfObr!$A$4:$W$4,0)) -> N/A | G35: =INDEX(DedicProfObr!$A$4:$X$51,MATCH($B35,DedicProfObr!$A$4:$A$51,0),MATCH(DedicProfObr!$G$4,DedicProfObr!$A$4:$W$4,0)) -> 1670000 | H35: =INDEX(DedicProfObr!$A$4:$X$51,MATCH($B35,DedicProfObr!$A$4:$A$51,0),MATCH(DedicProfObr!$H$4,DedicProfObr!$A$4:$W$4,0)) -> 1.5869 | I35: =INDEX(DedicProfObr!$A$4:$W$51,MATCH($B35,DedicProfObr!$A$4:$A$51,0),MATCH(DedicProfObr!$V$4,DedicProfObr!$A$4:$W$4,0)) -> 5 | J35: =INDEX(DedicProfObr!$A$4:$W$51,MATCH($B35,DedicProfObr!$A$4:$A$51,0),MATCH(DedicProfObr!$W$4,DedicProfObr!$A$4:$W$4,0)) -> 0 | K35: =ROUND(E35*G35*H35*(I35+J35),0) -> 26501230
A36: =INDEX(DedicProfObr!$A$4:$X$51,MATCH($B36,DedicProfObr!$A$4:$A$51,0),MATCH(DedicProfObr!$B$4,DedicProfObr!$A$4:$W$4,0)) -> 9089 | B36: =DedicProfObr!A26 -> 1.206 | C36: =INDEX(DedicProfObr!$A$4:$X$49,MATCH($B36,DedicProfObr!$A$4:$A$49,0),MATCH(DedicProfObr!$D$4,DedicProfObr!$A$4:$W$4,0)) -> LABORATORISTA INSPECTOR | E36: =INDEX(DedicProfObr!$A$4:$X$51,MATCH($B36,DedicProfObr!$A$4:$A$51,0),MATCH(DedicProfObr!$E$4,DedicProfObr!$A$4:$W$4,0)) -> 0 | F36: =INDEX(DedicProfObr!$A$4:$X$51,MATCH($B36,DedicProfObr!$A$4:$A$51,0),MATCH(DedicProfObr!$F$4,DedicProfObr!$A$4:$W$4,0)) -> N/A | G36: =INDEX(DedicProfObr!$A$4:$X$51,MATCH($B36,DedicProfObr!$A$4:$A$51,0),MATCH(DedicProfObr!$G$4,DedicProfObr!$A$4:$W$4,0)) -> 2739000 | H36: =INDEX(DedicProfObr!$A$4:$X$51,MATCH($B36,DedicProfObr!$A$4:$A$51,0),MATCH(DedicProfObr!$H$4,DedicProfObr!$A$4:$W$4,0)) -> 1.4585 | I36: =INDEX(DedicProfObr!$A$4:$W$51,MATCH($B36,DedicProfObr!$A$4:$A$51,0),MATCH(DedicProfObr!$V$4,DedicProfObr!$A$4:$W$4,0)) -> 0.6 | J36: =INDEX(DedicProfObr!$A$4:$W$51,MATCH($B36,DedicProfObr!$A$4:$A$51,0),MATCH(DedicProfObr!$W$4,DedicProfObr!$A$4:$W$4,0)) -> 0 | K36: =ROUND(E36*G36*H36*(I36+J36),0) -> 0
A37: =INDEX(DedicProfObr!$A$4:$X$51,MATCH($B37,DedicProfObr!$A$4:$A$51,0),MATCH(DedicProfObr!$B$4,DedicProfObr!$A$4:$W$4,0)) -> 9086 | B37: =DedicProfObr!A27 -> 1.207 | C37: =INDEX(DedicProfObr!$A$4:$X$49,MATCH($B37,DedicProfObr!$A$4:$A$49,0),MATCH(DedicProfObr!$D$4,DedicProfObr!$A$4:$W$4,0)) -> DIBUJANTE | E37: =INDEX(DedicProfObr!$A$4:$X$51,MATCH($B37,DedicProfObr!$A$4:$A$51,0),MATCH(DedicProfObr!$E$4,DedicProfObr!$A$4:$W$4,0)) -> 0 | F37: =INDEX(DedicProfObr!$A$4:$X$51,MATCH($B37,DedicProfObr!$A$4:$A$51,0),MATCH(DedicProfObr!$F$4,DedicProfObr!$A$4:$W$4,0)) -> NA | G37: =INDEX(DedicProfObr!$A$4:$X$51,MATCH($B37,DedicProfObr!$A$4:$A$51,0),MATCH(DedicProfObr!$G$4,DedicProfObr!$A$4:$W$4,0)) -> 2734000 | H37: =INDEX(DedicProfObr!$A$4:$X$51,MATCH($B37,DedicProfObr!$A$4:$A$51,0),MATCH(DedicProfObr!$H$4,DedicProfObr!$A$4:$W$4,0)) -> 1.4585 | I37: =INDEX(DedicProfObr!$A$4:$W$51,MATCH($B37,DedicProfObr!$A$4:$A$51,0),MATCH(DedicProfObr!$V$4,DedicProfObr!$A$4:$W$4,0)) -> 0 | J37: =INDEX(DedicProfObr!$A$4:$W$51,MATCH($B37,DedicProfObr!$A$4:$A$51,0),MATCH(DedicProfObr!$W$4,DedicProfObr!$A$4:$W$4,0)) -> 0 | K37: =ROUND(E37*G37*H37*(I37+J37),0) -> 0
A38: =INDEX(DedicProfObr!$A$4:$X$51,MATCH($B38,DedicProfObr!$A$4:$A$51,0),MATCH(DedicProfObr!$B$4,DedicProfObr!$A$4:$W$4,0)) -> 9100 | B38: =DedicProfObr!A28 -> 1.208 | C38: =INDEX(DedicProfObr!$A$4:$X$49,MATCH($B38,DedicProfObr!$A$4:$A$49,0),MATCH(DedicProfObr!$D$4,DedicProfObr!$A$4:$W$4,0)) -> CONDUCTOR | E38: =INDEX(DedicProfObr!$A$4:$X$51,MATCH($B38,DedicProfObr!$A$4:$A$51,0),MATCH(DedicProfObr!$E$4,DedicProfObr!$A$4:$W$4,0)) -> 2 | F38: =INDEX(DedicProfObr!$A$4:$X$51,MATCH($B38,DedicProfObr!$A$4:$A$51,0),MATCH(DedicProfObr!$F$4,DedicProfObr!$A$4:$W$4,0)) -> N/A | G38: =INDEX(DedicProfObr!$A$4:$X$51,MATCH($B38,DedicProfObr!$A$4:$A$51,0),MATCH(DedicProfObr!$G$4,DedicProfObr!$A$4:$W$4,0)) -> 1389000 | H38: =INDEX(DedicProfObr!$A$4:$X$51,MATCH($B38,DedicProfObr!$A$4:$A$51,0),MATCH(DedicProfObr!$H$4,DedicProfObr!$A$4:$W$4,0)) -> 1.615 | I38: =INDEX(DedicProfObr!$A$4:$W$51,MATCH($B38,DedicProfObr!$A$4:$A$51,0),MATCH(DedicProfObr!$V$4,DedicProfObr!$A$4:$W$4,0)) -> 3 | J38: =INDEX(DedicProfObr!$A$4:$W$51,MATCH($B38,DedicProfObr!$A$4:$A$51,0),MATCH(DedicProfObr!$W$4,DedicProfObr!$A$4:$W$4,0)) -> 0 | K38: =ROUND(E38*G38*H38*(I38+J38),0) -> 13459410
B39: =DedicProfObr!A29 -> 1.3 | C39: PERSONAL ADMINISTRATIVO
A40: =INDEX(DedicProfObr!$A$4:$X$51,MATCH($B40,DedicProfObr!$A$4:$A$51,0),MATCH(DedicProfObr!$B$4,DedicProfObr!$A$4:$W$4,0)) -> 9102 | B40: =DedicProfObr!A30 -> 1.301 | C40: =INDEX(DedicProfObr!$A$4:$X$49,MATCH($B40,DedicProfObr!$A$4:$A$49,0),MATCH(DedicProfObr!$D$4,DedicProfObr!$A$4:$W$4,0)) -> ADMINISTRADOR | E40: =INDEX(DedicProfObr!$A$4:$X$51,MATCH($B40,DedicProfObr!$A$4:$A$51,0),MATCH(DedicProfObr!$E$4,DedicProfObr!$A$4:$W$4,0)) -> 0 | F40: =INDEX(DedicProfObr!$A$4:$X$51,MATCH($B40,DedicProfObr!$A$4:$A$51,0),MATCH(DedicProfObr!$F$4,DedicProfObr!$A$4:$W$4,0)) -> N/A | G40: =INDEX(DedicProfObr!$A$4:$X$51,MATCH($B40,DedicProfObr!$A$4:$A$51,0),MATCH(DedicProfObr!$G$4,DedicProfObr!$A$4:$W$4,0)) -> 2879000 | H40: =INDEX(DedicProfObr!$A$4:$X$51,MATCH($B40,DedicProfObr!$A$4:$A$51,0),MATCH(DedicProfObr!$H$4,DedicProfObr!$A$4:$W$4,0)) -> 1.458 | I40: =INDEX(DedicProfObr!$A$4:$W$51,MATCH($B40,DedicProfObr!$A$4:$A$51,0),MATCH(DedicProfObr!$V$4,DedicProfObr!$A$4:$W$4,0)) -> 0 | J40: =INDEX(DedicProfObr!$A$4:$W$51,MATCH($B40,DedicProfObr!$A$4:$A$51,0),MATCH(DedicProfObr!$W$4,DedicProfObr!$A$4:$W$4,0)) -> 0 | K40: =ROUND(E40*G40*H40*(I40+J40),0) -> 0
A41: =INDEX(DedicProfObr!$A$4:$X$51,MATCH($B41,DedicProfObr!$A$4:$A$51,0),MATCH(DedicProfObr!$B$4,DedicProfObr!$A$4:$W$4,0)) -> 9103 | B41: =DedicProfObr!A31 -> 1.302 | C41: =INDEX(DedicProfObr!$A$4:$X$49,MATCH($B41,DedicProfObr!$A$4:$A$49,0),MATCH(DedicProfObr!$D$4,DedicProfObr!$A$4:$W$4,0)) -> ALMACENISTA | E41: =INDEX(DedicProfObr!$A$4:$X$51,MATCH($B41,DedicProfObr!$A$4:$A$51,0),MATCH(DedicProfObr!$E$4,DedicProfObr!$A$4:$W$4,0)) -> 1 | F41: =INDEX(DedicProfObr!$A$4:$X$51,MATCH($B41,DedicProfObr!$A$4:$A$51,0),MATCH(DedicProfObr!$F$4,DedicProfObr!$A$4:$W$4,0)) -> N/A | G41: =INDEX(DedicProfObr!$A$4:$X$51,MATCH($B41,DedicProfObr!$A$4:$A$51,0),MATCH(DedicProfObr!$G$4,DedicProfObr!$A$4:$W$4,0)) -> 2053000 | H41: =INDEX(DedicProfObr!$A$4:$X$51,MATCH($B41,DedicProfObr!$A$4:$A$51,0),MATCH(DedicProfObr!$H$4,DedicProfObr!$A$4:$W$4,0)) -> 1.561 | I41: =INDEX(DedicProfObr!$A$4:$W$51,MATCH($B41,DedicProfObr!$A$4:$A$51,0),MATCH(DedicProfObr!$V$4,DedicProfObr!$A$4:$W$4,0)) -> 6 | J41: =INDEX(DedicProfObr!$A$4:$W$51,MATCH($B41,DedicProfObr!$A$4:$A$51,0),MATCH(DedicProfObr!$W$4,DedicProfObr!$A$4:$W$4,0)) -> 0 | K41: =ROUND(E41*G41*H41*(I41+J41),0) -> 19228398
A42: =INDEX(DedicProfObr!$A$4:$X$51,MATCH($B42,DedicProfObr!$A$4:$A$51,0),MATCH(DedicProfObr!$B$4,DedicProfObr!$A$4:$W$4,0)) -> 9104 | B42: =DedicProfObr!A32 -> 1.303 | C42: =INDEX(DedicProfObr!$A$4:$X$49,MATCH($B42,DedicProfObr!$A$4:$A$49,0),MATCH(DedicProfObr!$D$4,DedicProfObr!$A$4:$W$4,0)) -> SECRETARIA 1 | E42: =INDEX(DedicProfObr!$A$4:$X$51,MATCH($B42,DedicProfObr!$A$4:$A$51,0),MATCH(DedicProfObr!$E$4,DedicProfObr!$A$4:$W$4,0)) -> 1 | F42: =INDEX(DedicProfObr!$A$4:$X$51,MATCH($B42,DedicProfObr!$A$4:$A$51,0),MATCH(DedicProfObr!$F$4,DedicProfObr!$A$4:$W$4,0)) -> N/A | G42: =INDEX(DedicProfObr!$A$4:$X$51,MATCH($B42,DedicProfObr!$A$4:$A$51,0),MATCH(DedicProfObr!$G$4,DedicProfObr!$A$4:$W$4,0)) -> 1670000 | H42: =INDEX(DedicProfObr!$A$4:$X$51,MATCH($B42,DedicProfObr!$A$4:$A$51,0),MATCH(DedicProfObr!$H$4,DedicProfObr!$A$4:$W$4,0)) -> 1.5869 | I42: =INDEX(DedicProfObr!$A$4:$W$51,MATCH($B42,DedicProfObr!$A$4:$A$51,0),MATCH(DedicProfObr!$V$4,DedicProfObr!$A$4:$W$4,0)) -> 1.5 | J42: =INDEX(DedicProfObr!$A$4:$W$51,MATCH($B42,DedicProfObr!$A$4:$A$51,0),MATCH(DedicProfObr!$W$4,DedicProfObr!$A$4:$W$4,0)) -> 0 | K42: =ROUND(E42*G42*H42*(I42+J42),0) -> 3975185
A43: =INDEX(DedicProfObr!$A$4:$X$51,MATCH($B43,DedicProfObr!$A$4:$A$51,0),MATCH(DedicProfObr!$B$4,DedicProfObr!$A$4:$W$4,0)) -> 9105 | B43: =DedicProfObr!A33 -> 1.304 | C43: =INDEX(DedicProfObr!$A$4:$X$49,MATCH($B43,DedicProfObr!$A$4:$A$49,0),MATCH(DedicProfObr!$D$4,DedicProfObr!$A$4:$W$4,0)) -> SECRETARIA 2 | E43: =INDEX(DedicProfObr!$A$4:$X$51,MATCH($B43,DedicProfObr!$A$4:$A$51,0),MATCH(DedicProfObr!$E$4,DedicProfObr!$A$4:$W$4,0)) -> 0 | F43: =INDEX(DedicProfObr!$A$4:$X$51,MATCH($B43,DedicProfObr!$A$4:$A$51,0),MATCH(DedicProfObr!$F$4,DedicProfObr!$A$4:$W$4,0)) -> N/A | G43: =INDEX(DedicProfObr!$A$4:$X$51,MATCH($B43,DedicProfObr!$A$4:$A$51,0),MATCH(DedicProfObr!$G$4,DedicProfObr!$A$4:$W$4,0)) -> 1389000 | H43: =INDEX(DedicProfObr!$A$4:$X$51,MATCH($B43,DedicProfObr!$A$4:$A$51,0),MATCH(DedicProfObr!$H$4,DedicProfObr!$A$4:$W$4,0)) -> 1.615 | I43: =INDEX(DedicProfObr!$A$4:$W$51,MATCH($B43,DedicProfObr!$A$4:$A$51,0),MATCH(DedicProfObr!$V$4,DedicProfObr!$A$4:$W$4,0)) -> 0 | J43: =INDEX(DedicProfObr!$A$4:$W$51,MATCH($B43,DedicProfObr!$A$4:$A$51,0),MATCH(DedicProfObr!$W$4,DedicProfObr!$A$4:$W$4,0)) -> 0 | K43: =ROUND(E43*G43*H43*(I43+J43),0) -> 0
A44: =INDEX(DedicProfObr!$A$4:$X$51,MATCH($B44,DedicProfObr!$A$4:$A$51,0),MATCH(DedicProfObr!$B$4,DedicProfObr!$A$4:$W$4,0)) -> 9575 | B44: =DedicProfObr!A34 -> 1.305 | C44: =INDEX(DedicProfObr!$A$4:$X$49,MATCH($B44,DedicProfObr!$A$4:$A$49,0),MATCH(DedicProfObr!$D$4,DedicProfObr!$A$4:$W$4,0)) -> CELADOR ARMADO 24 HORAS | E44: =INDEX(DedicProfObr!$A$4:$X$51,MATCH($B44,DedicProfObr!$A$4:$A$51,0),MATCH(DedicProfObr!$E$4,DedicProfObr!$A$4:$W$4,0)) -> 1 | F44: =INDEX(DedicProfObr!$A$4:$X$51,MATCH($B44,DedicProfObr!$A$4:$A$51,0),MATCH(DedicProfObr!$F$4,DedicProfObr!$A$4:$W$4,0)) -> N/A | G44: =INDEX(DedicProfObr!$A$4:$X$51,MATCH($B44,DedicProfObr!$A$4:$A$51,0),MATCH(DedicProfObr!$G$4,DedicProfObr!$A$4:$W$4,0)) -> 10981528 | H44: =INDEX(DedicProfObr!$A$4:$X$51,MATCH($B44,DedicProfObr!$A$4:$A$51,0),MATCH(DedicProfObr!$H$4,DedicProfObr!$A$4:$W$4,0)) -> 1 | I44: =INDEX(DedicProfObr!$A$4:$W$51,MATCH($B44,DedicProfObr!$A$4:$A$51,0),MATCH(DedicProfObr!$V$4,DedicProfObr!$A$4:$W$4,0)) -> 2.1 | J44: =INDEX(DedicProfObr!$A$4:$W$51,MATCH($B44,DedicProfObr!$A$4:$A$51,0),MATCH(DedicProfObr!$W$4,DedicProfObr!$A$4:$W$4,0)) -> 0 | K44: =ROUND(E44*G44*H44*(I44+J44),0) -> 23061209
C45: SUBTOTAL COSTOS MENSUALES DE PERSONAL | K45: =+SUM(K18:K44) -> 381710206 | M45: 856268610 | N45: =M45/12 -> 71355718 | O45: =K45/6 -> 63618368
A47: COD IDU | B47: 2 | C47: GASTOS OPERACIONALES MENSUALES | E47: CANT. | F47: AREA (M2) | G47: COSTO ($/M2.MES) | H47: DEDICACIÓN MES | I47: DEDICACIÓN X ÁREA (M2) | J47: N. MESES | K47: VALOR ($)
A48: 9576 | B48: 2.01 | C48: ALQUILER MES - ARRIENDO OFICINA INCL. ADMINISTRACIÓN, SERVICIOS PÚBLICOS, COMUNICACIONES | E48: 1 | F48: 70 | G48: 45108 | H48: 0.5 | I48: =F48*H48 -> 35 | J48: =+$E$8 -> 6 | K48: =+J48*G48*I48*E48*H48 -> 4736340
A49: 9577 | B49: 2.02 | C49: ALQUILER MES - CAMPAMENTOS INCL. SERVICIOS PÚBLICOS PROVISIONALES | E49: 1 | F49: 80 | G49: 30851 | H49: 1 | I49: =F49*H49 -> 80 | J49: =+$E$8 -> 6 | K49: =+J49*G49*I49*E49*H49 -> 14808480
A50: 9578 | B50: 2.03 | C50: GASTOS OFICINA (PAPELERIA, FOTOCOPIAS Y OTROS) | E50: 1 | F50: N/A | G50: 1043625 | H50: 1 | I50: N/A | J50: =+$E$8 -> 6 | K50: =+J50*G50*H50*E50 -> 6261750
A51: 9117 | B51: 2.04 | C51: EQUIPO COMPLETO DE LABORATORIO - ESTUDIOS - MES | E51: 1 | F51: N/A | G51: 6399000 | H51: =ROUND(I36/E8,2) -> 0.1 | I51: N/A | J51: =+$E$8 -> 6 | K51: =+J51*G51*H51*E51 -> 3839400
A52: 9115 | B52: 2.05 | C52: EQUIPO DE TOPOGRAFÍA. INCLUYE TRÁNSITO, NIVEL Y ELEMENTOS COMPLEMENTARIOS - MES | E52: 2 | F52: N/A | G52: 4103000 | H52: =I33/J52 -> 0.83333333 | I52: N/A | J52: =+$E$8 -> 6 | K52: =+J52*G52*H52*E52 -> 41030000
A53: 9165 | B53: 2.06 | C53: ALQUILER DE VEHICULO: CAMPERO, PICK-UP, CAMIONETA, CAMION O SIMILAR DE 1300cc A 2000cc DE CILINDRADA, MODELO 2022 A 2019. 100% DE LA TARIFA ESTABLECIDA. INCLUYE TODOS LOS COSTOS DE OPERACIÓN Y MANTENIMIENTO EXCEPTO EL SALARIO DEL CONDUCTOR | E53: 2 | F53: N/A | G53: 7265000 | H53: =I38/J53 -> 0.5 | I53: N/A | J53: =+$E$8 -> 6 | K53: =+J53*G53*H53*E53 -> 43590000
C54: SUBTOTAL GASTOS OPERACIONALES MENSUALES | K54: =+SUM(K48:K53) -> 114265970 | M54: 368638500 | N54: =M54/12 -> 30719875 | O54: =K54/6 -> 19044328
C56: COSTOS NETOS ETAPA DE DIAGNOSTICO | K56: =PPTO_DIAGN!K63 -> 58198488
C58: TOTAL COSTOS PERSONAL + GASTOS OPERACIONALES POR EL TÉRMINO DE EJECUCIÓN | K58: =+K45+K54+K56 -> 5.5417466e+08
C59: TOTAL COSTOS PERSONAL + GASTOS OPERACIONALES POR EL TÉRMINO DE EJECUCIÓN EN PORCENTAJE DEL COSTO DIRECTO | K59: =+K58/E6 -> 0.11880986
B61: 3. IMPUESTOS Y GARANTÍAS ESTIMADAS
B62: 3.1 | C62: IMPUESTOS
B63: ÍTEM | C63: DESCRIPCIÓN | I63: IMPUESTO | K63: VALOR ($)
B64: 3.101 | C64: Contribución Especial (Impuesto de Guerra Ley 1738 DIC18-2014 prorroga 4 años) | I64: 0.05 | K64: =I64*$P$8 -> 3.0696304e+08
B65: 3.102 | C65: ICA (Ley 14 6jul1983, Res 219 25feb2004) | I65: 0.0069 | K65: =I65*$P$8 -> 42360899
B66: 3.103 | C66: GMF (Ley 1739 23dic2014 modifica el Estatuto Tributario) | I66: 0.004 | K66: =I66*$P$8 -> 24557043
B67: 3.104 | C67: Estampilla Universidad Distrital (Acuerdo 696 de 2017) | I67: 0.011 | K67: =I67*$P$8 -> 67531869
B68: 3.105 | C68: Estampilla procultura (Acuerdo 187 20 dic 2005) | I68: 0.005 | K68: =I68*$P$8 -> 30696304
B69: 3.106 | C69: Estampilla pro personas Mayores (Acuerdo 645 de 9 de junio de 2016) | I69: 0.02 | K69: =I69*$P$8 -> 1.2278522e+08
B70: 3.107 | C70: Estampilla Unipedagógica (Dec 584 de 19 dic 2014) | I70: 0.005 | K70: =I70*$P$8 -> 30696304
C71: SUBTOTAL IMPUESTOS | K71: =+SUM(K64:K70) -> 6.2559067e+08
B73: 3.2 | C73: GARANTIAS ESTIMADAS
B74: ÍTEM | C74: DESCRIPCIÓN | F74: VR. BASE | H74: % ASEGURADO | I74: VIGENCIA AMPARO (MESES) | J74: TASA ASEGURADORA | K74: VALOR ($)
B75: 3.201 | C75: Cumplimiento | E75: GARANTIA UNICA | F75: =$P$8 -> 6139260777 | H75: 0.3 | I75: =SUM($E$7:$E$9)+6 -> 13 | J75: 0.002 | K75: =ROUND(F75*H75*I75/12*J75*(1.19),2) -> 4748718.2
B76: 3.202 | C76: Buen Manejo de Anticipo | D76: Anticipo | F76: =ROUND(D77*P8,0) -> 0 | H76: 1 | I76: =SUM($E$7:$E$9)+6 -> 13 | J76: 0.002 | K76: =ROUND(F76*H76*I76/12*J76*(1.19),2) -> 0
D77: 0
B78: 3.203 | C78: Salarios y Prestaciones Sociales | F78: =$P$8 -> 6139260777 | H78: 0.1 | I78: =SUM($E$7:$E$9)+3*12 -> 43 | J78: 0.002 | K78: =ROUND(F78*H78*I78/12*J78*(1.19),2) -> 5235766.2
B79: 3.204 | C79: Estabilidad de la Obra | F79: =$P$8 -> 6139260777 | H79: 0.3 | I79: =5*12 -> 60 | J79: 0.002 | K79: =ROUND(F79*H79*I79/12*J79*(1.19),2) -> 21917161
B80: 3.206 | C80: Predios, labores y Operaciones- Vigencia (Decreto 1082 de 2015 Sección III) | E80: RESPONSABILIDAD CIVIL EXTRACONTRACTUAL | F80: =$P$8 -> 6139260777 | H80: 0.05 | I80: =SUM($E$7:$E$9) -> 7 | J80: 0.003 | K80: =ROUND(F80*H80*I80/12*J80*(1.19),2) -> 639250.53
B81: 3.207 | C81: Colocación de elemento de publicidad exterior tipo vaya de construcción (Resolución 931 de 2008, numeral 7 del artículo 7) | F81: =D81*Base!$G$9 -> 0 | H81: =D81&" SMMLV" -> SMMLV | I81: =SUM($E$7:$E$9) -> 7 | J81: 0.003 | K81: =ROUND(F81*I81/12*J81*(1.19),2) -> 0
C82: SUBTOTAL GARANTÍAS | K82: =+SUM(K75:K81)*1.19 -> 38723666
C84: TOTAL IMPUESTOS Y GARANTÍAS | K84: =+K82+K71 -> 6.6431434e+08
C85: TOTAL IMPUESTOS Y GARANTÍAS EN PORCENTAJE DEL COSTO DIRECTO | K85: =+K84/E6 -> 0.14242277
C87: A. ADMINISTRACIÓN (1 + 2 + 3) | K87: =ROUND(K59+K85,4) -> 0.2612
C88: I. IMPREVISTOS | K88: 0.01
C89: U. UTILIDAD | K89: 0.045
C91: A.I.U. (ADMINISTRACIÓN, IMPREVISTOS Y UTILIDAD) | K91: =+K87+K88+K89 -> 0.3162
A93: ALCALDIA LOCAL DE SUBA
A95: MATRIZ DE CÁLCULO DE AIU AMBIENTAL
B97: COSTO DIRECTO ESTIMADO DE COMPONENTE DE GESTIÓN AMBIENTAL | E97: =$S$9 -> 188012177 | I97: FECHA: | J97: =Base!$D$9 -> 44988
B98: TERMINO ESTIMADO DE EJECUCIÓN DE OBRA | E98: =DedicProfObr!$V$6 -> 6 | F98: MESES | I98: CONTRATO No.
B99: TERMINO ESTIMADO DE ETAPA DE DIAGNOSTICO | E99: =DedicProfObr!$U$6 -> 1 | F99: MESES
B100: TERMINO ESTIMADO DE ETAPA DE ENTREGA | E100: =DedicProfObr!$W$6 -> 0 | F100: MESES
B102: 3. IMPUESTOS Y GARANTÍAS ESTIMADAS
B103: 3.1 | C103: IMPUESTOS
B104: ÍTEM | C104: DESCRIPCIÓN | I104: IMPUESTO | K104: VALOR ($)
B105: 3.101 | C105: Contribución Especial (Impuesto de Guerra Ley 1738 DIC18-2014 prorroga 4 años) | I105: 0.05 | K105: =I105*$P$9 -> 11120920
B106: 3.102 | C106: ICA (Ley 14 6jul1983, Res 219 25feb2004) | I106: 0.0069 | K106: =I106*$P$9 -> 1534687
B107: 3.103 | C107: GMF (Ley 1739 23dic2014 modifica el Estatuto Tributario) | I107: 0.004 | K107: =I107*$P$9 -> 889673.62
B108: 3.104 | C108: Estampilla Universidad Distrital (Acuerdo 696 de 2017) | I108: 0.011 | K108: =I108*$P$9 -> 2446602.5
B109: 3.105 | C109: Estampilla procultura (Acuerdo 187 20 dic 2005) | I109: 0.005 | K109: =I109*$P$9 -> 1112092
B110: 3.106 | C110: Estampilla pro personas Mayores (Acuerdo 645 de 9 de junio de 2016) | I110: 0.02 | K110: =I110*$P$9 -> 4448368.1
B111: 3.107 | C111: Estampilla Unipedagógica (Dec 584 de 19 dic 2014) | I111: 0.005 | K111: =I111*$P$9 -> 1112092
C112: SUBTOTAL IMPUESTOS | K112: =+SUM(K105:K111) -> 22664435
B114: 3.2 | C114: GARANTIAS ESTIMADAS
B115: ÍTEM | C115: DESCRIPCIÓN | F115: VR. BASE | H115: % ASEGURADO | I115: VIGENCIA AMPARO (MESES) | J115: TASA ASEGURADORA | K115: VALOR ($)
B116: 3.201 | C116: Cumplimiento | E116: GARANTIA UNICA | F116: =$P$9 -> 222418405 | H116: 0.3 | I116: =SUM($E$7:$E$9)+6 -> 13 | J116: 0.002 | K116: =ROUND(F116*H116*I116/12*J116*(1.19),2) -> 172040.64
B117: 3.202 | C117: Buen Manejo de Anticipo | D117: Anticipo | F117: =ROUND(D118*$P$9,0) -> 0 | H117: 1 | I117: =SUM($E$7:$E$9)+6 -> 13 | J117: 0.002 | K117: =ROUND(F117*H117*I117/12*J117*(1.19),2) -> 0
...

Sheet PPTO_DIAGN
A2: ALCALDIA LOCAL DE SUBA
A4: MATRIZ DE PRESUPUESTO ETAPA DE DIAGNOSTICO
B6: TERMINO ESTIMADO DE ETAPA DE DIAGNOSTICO | E6: =DedicProfObr!$U$6 -> 1 | F6: MESES
B7: TERMINO ESTIMADO DE EJECUCIÓN DE OBRA | E7: =DedicProfObr!$V$6 -> 6 | F7: MESES
B8: TERMINO ESTIMADO DE ETAPA DE ENTREGA | E8: =DedicProfObr!$W$6 -> 0 | F8: MESES
A10: 1. COSTOS MENSUALES DE PERSONAL
A11: COD IDU | B11: ÍTEM | C11: CARGO | E11: CANT | F11: CATEGORÍA | G11: TOPE SALARIO (MES) | H11: FACTOR PRESTACIONAL | I11: TOTAL DEDICACIÓN POR ETAPA (MES) | K11: SALARIO + PRESTACIONES
I13: DIAGNOSTICO | J13: RECIBO
E14: A | G14: C | H14: D | K14: F=A*B*C*D*E
B15: 1.1 | C15: PERSONAL PROFESIONAL (Ingenieros y Otros)
A16: =INDEX(DedicProfObr!$A$4:$X$51,MATCH($B16,DedicProfObr!$A$4:$A$51,0),MATCH(DedicProfObr!$B$4,DedicProfObr!$A$4:$W$4,0)) -> 9110 | B16: =DedicProfObr!A8 -> 1.101 | C16: =INDEX(DedicProfObr!$A$4:$X$51,MATCH($B16,DedicProfObr!$A$4:$A$51,0),MATCH(DedicProfObr!$D$4,DedicProfObr!$A$4:$W$4,0)) -> DIRECTOR DE OBRA | E16: =INDEX(DedicProfObr!$A$4:$X$51,MATCH($B16,DedicProfObr!$A$4:$A$51,0),MATCH(DedicProfObr!$E$4,DedicProfObr!$A$4:$W$4,0)) -> 1 | F16: =INDEX(DedicProfObr!$A$4:$X$51,MATCH($B16,DedicProfObr!$A$4:$A$51,0),MATCH(DedicProfObr!$F$4,DedicProfObr!$A$4:$W$4,0)) -> 4 | G16: =INDEX(DedicProfObr!$A$4:$X$51,MATCH($B16,DedicProfObr!$A$4:$A$51,0),MATCH(DedicProfObr!$G$4,DedicProfObr!$A$4:$W$4,0)) -> 7881000 | H16: =INDEX(DedicProfObr!$A$4:$X$51,MATCH($B16,DedicProfObr!$A$4:$A$51,0),MATCH(DedicProfObr!$H$4,DedicProfObr!$A$4:$W$4,0)) -> 1.4516 | I16: =INDEX(DedicProfObr!$A$4:$W$51,MATCH($B16,DedicProfObr!$A$4:$A$51,0),MATCH(DedicProfObr!$U$4,DedicProfObr!$A$4:$W$4,0)) -> 0.3 | J16: =INDEX(DedicProfObr!$A$4:$W$51,MATCH($B16,DedicProfObr!$A$4:$A$51,0),MATCH(DedicProfObr!$W$4,DedicProfObr!$A$4:$W$4,0)) -> 0 | K16: =ROUND(E16*G16*H16*(I16+J16),0) -> 3432018
A17: =INDEX(DedicProfObr!$A$4:$X$51,MATCH($B17,DedicProfObr!$A$4:$A$51,0),MATCH(DedicProfObr!$B$4,DedicProfObr!$A$4:$W$4,0)) -> 9112 | B17: =DedicProfObr!A9 -> 1.102 | C17: =INDEX(DedicProfObr!$A$4:$X$49,MATCH($B17,DedicProfObr!$A$4:$A$49,0),MATCH(DedicProfObr!$D$4,DedicProfObr!$A$4:$W$4,0)) -> RESIDENTE DE OBRA | E17: =INDEX(DedicProfObr!$A$4:$X$51,MATCH($B17,DedicProfObr!$A$4:$A$51,0),MATCH(DedicProfObr!$E$4,DedicProfObr!$A$4:$W$4,0)) -> 2 | F17: =INDEX(DedicProfObr!$A$4:$X$51,MATCH($B17,DedicProfObr!$A$4:$A$51,0),MATCH(DedicProfObr!$F$4,DedicProfObr!$A$4:$W$4,0)) -> 6 | G17: =INDEX(DedicProfObr!$A$4:$X$51,MATCH($B17,DedicProfObr!$A$4:$A$51,0),MATCH(DedicProfObr!$G$4,DedicProfObr!$A$4:$W$4,0)) -> 6339000 | H17: =INDEX(DedicProfObr!$A$4:$X$51,MATCH($B17,DedicProfObr!$A$4:$A$51,0),MATCH(DedicProfObr!$H$4,DedicProfObr!$A$4:$W$4,0)) -> 1.4525 | I17: =INDEX(DedicProfObr!$A$4:$W$51,MATCH($B17,DedicProfObr!$A$4:$A$51,0),MATCH(DedicProfObr!$U$4,DedicProfObr!$A$4:$W$4,0)) -> 1 | J17: =INDEX(DedicProfObr!$A$4:$W$51,MATCH($B17,DedicProfObr!$A$4:$A$51,0),MATCH(DedicProfObr!$W$4,DedicProfObr!$A$4:$W$4,0)) -> 0 | K17: =ROUND(E17*G17*H17*(I17+J17),0) -> 18414795
A18: =INDEX(DedicProfObr!$A$4:$X$51,MATCH($B18,DedicProfObr!$A$4:$A$51,0),MATCH(DedicProfObr!$B$4,DedicProfObr!$A$4:$W$4,0)) -> 9110 | B18: =DedicProfObr!A10 -> 1.103 | C18: =INDEX(DedicProfObr!$A$4:$X$49,MATCH($B18,DedicProfObr!$A$4:$A$49,0),MATCH(DedicProfObr!$D$4,DedicProfObr!$A$4:$W$4,0)) -> ESPECIALISTA EN DISEÑO GEOMETRICO | E18: =INDEX(DedicProfObr!$A$4:$X$51,MATCH($B18,DedicProfObr!$A$4:$A$51,0),MATCH(DedicProfObr!$E$4,DedicProfObr!$A$4:$W$4,0)) -> 1 | F18: =INDEX(DedicProfObr!$A$4:$X$51,MATCH($B18,DedicProfObr!$A$4:$A$51,0),MATCH(DedicProfObr!$F$4,DedicProfObr!$A$4:$W$4,0)) -> 4 | G18: =INDEX(DedicProfObr!$A$4:$X$51,MATCH($B18,DedicProfObr!$A$4:$A$51,0),MATCH(DedicProfObr!$G$4,DedicProfObr!$A$4:$W$4,0)) -> 7881000 | H18: =INDEX(DedicProfObr!$A$4:$X$51,MATCH($B18,DedicProfObr!$A$4:$A$51,0),MATCH(DedicProfObr!$H$4,DedicProfObr!$A$4:$W$4,0)) -> 1.4516 | I18: =INDEX(DedicProfObr!$A$4:$W$51,MATCH($B18,DedicProfObr!$A$4:$A$51,0),MATCH(DedicProfObr!$U$4,DedicProfObr!$A$4:$W$4,0)) -> 0.15 | J18: =INDEX(DedicProfObr!$A$4:$W$51,MATCH($B18,DedicProfObr!$A$4:$A$51,0),MATCH(DedicProfObr!$W$4,DedicProfObr!$A$4:$W$4,0)) -> 0 | K18: =ROUND(E18*G18*H18*(I18+J18),0) -> 1716009
A19: =INDEX(DedicProfObr!$A$4:$X$51,MATCH($B19,DedicProfObr!$A$4:$A$51,0),MATCH(DedicProfObr!$B$4,DedicProfObr!$A$4:$W$4,0)) -> 9110 | B19: =DedicProfObr!A11 -> 1.104 | C19: =INDEX(DedicProfObr!$A$4:$X$49,MATCH($B19,DedicProfObr!$A$4:$A$49,0),MATCH(DedicProfObr!$D$4,DedicProfObr!$A$4:$W$4,0)) -> ESPECIALISTA EN URBANISMO Y ESPACIO PÚBLICO | E19: =INDEX(DedicProfObr!$A$4:$X$51,MATCH($B19,DedicProfObr!$A$4:$A$51,0),MATCH(DedicProfObr!$E$4,DedicProfObr!$A$4:$W$4,0)) -> 1 | F19: =INDEX(DedicProfObr!$A$4:$X$51,MATCH($B19,DedicProfObr!$A$4:$A$51,0),MATCH(DedicProfObr!$F$4,DedicProfObr!$A$4:$W$4,0)) -> 4 | G19: =INDEX(DedicProfObr!$A$4:$X$51,MATCH($B19,DedicProfObr!$A$4:$A$51,0),MATCH(DedicProfObr!$G$4,DedicProfObr!$A$4:$W$4,0)) -> 7881000 | H19: =INDEX(DedicProfObr!$A$4:$X$51,MATCH($B19,DedicProfObr!$A$4:$A$51,0),MATCH(DedicProfObr!$H$4,DedicProfObr!$A$4:$W$4,0)) -> 1.4516 | I19: =INDEX(DedicProfObr!$A$4:$W$51,MATCH($B19,DedicProfObr!$A$4:$A$51,0),MATCH(DedicProfObr!$U$4,DedicProfObr!$A$4:$W$4,0)) -> 0.15 | J19: =INDEX(DedicProfObr!$A$4:$W$51,MATCH($B19,DedicProfObr!$A$4:$A$51,0),MATCH(DedicProfObr!$W$4,DedicProfObr!$A$4:$W$4,0)) -> 0 | K19: =ROUND(E19*G19*H19*(I19+J19),0) -> 1716009
A20: =INDEX(DedicProfObr!$A$4:$X$51,MATCH($B20,DedicProfObr!$A$4:$A$51,0),MATCH(DedicProfObr!$B$4,DedicProfObr!$A$4:$W$4,0)) -> 9112 | B20: =DedicProfObr!A12 -> 1.105 | C20: =INDEX(DedicProfObr!$A$4:$X$49,MATCH($B20,DedicProfObr!$A$4:$A$49,0),MATCH(DedicProfObr!$D$4,DedicProfObr!$A$4:$W$4,0)) -> ARQUITECTO APOYO EN DISEÑO URBANO | E20: =INDEX(DedicProfObr!$A$4:$X$51,MATCH($B20,DedicProfObr!$A$4:$A$51,0),MATCH(DedicProfObr!$E$4,DedicProfObr!$A$4:$W$4,0)) -> 0 | F20: =INDEX(DedicProfObr!$A$4:$X$51,MATCH($B20,DedicProfObr!$A$4:$A$51,0),MATCH(DedicProfObr!$F$4,DedicProfObr!$A$4:$W$4,0)) -> 6 | G20: =INDEX(DedicProfObr!$A$4:$X$51,MATCH($B20,DedicProfObr!$A$4:$A$51,0),MATCH(DedicProfObr!$G$4,DedicProfObr!$A$4:$W$4,0)) -> 6339000 | H20: =INDEX(DedicProfObr!$A$4:$X$51,MATCH($B20,DedicProfObr!$A$4:$A$51,0),MATCH(DedicProfObr!$H$4,DedicProfObr!$A$4:$W$4,0)) -> 1.4525 | I20: =INDEX(DedicProfObr!$A$4:$W$51,MATCH($B20,DedicProfObr!$A$4:$A$51,0),MATCH(DedicProfObr!$U$4,DedicProfObr!$A$4:$W$4,0)) -> 0 | J20: =INDEX(DedicProfObr!$A$4:$W$51,MATCH($B20,DedicProfObr!$A$4:$A$51,0),MATCH(DedicProfObr!$W$4,DedicProfObr!$A$4:$W$4,0)) -> 0 | K20: =ROUND(E20*G20*H20*(I20+J20),0) -> 0
A21: =INDEX(DedicProfObr!$A$4:$X$51,MATCH($B21,DedicProfObr!$A$4:$A$51,0),MATCH(DedicProfObr!$B$4,DedicProfObr!$A$4:$W$4,0)) -> 9110 | B21: =DedicProfObr!A13 -> 1.106 | C21: =INDEX(DedicProfObr!$A$4:$X$49,MATCH($B21,DedicProfObr!$A$4:$A$49,0),MATCH(DedicProfObr!$D$4,DedicProfObr!$A$4:$W$4,0)) -> ESPECIALISTA EN GEOTECNIA | E21: =INDEX(DedicProfObr!$A$4:$X$51,MATCH($B21,DedicProfObr!$A$4:$A$51,0),MATCH(DedicProfObr!$E$4,DedicProfObr!$A$4:$W$4,0)) -> 1 | F21: =INDEX(DedicProfObr!$A$4:$X$51,MATCH($B21,DedicProfObr!$A$4:$A$51,0),MATCH(DedicProfObr!$F$4,DedicProfObr!$A$4:$W$4,0)) -> 4 | G21: =INDEX(DedicProfObr!$A$4:$X$51,MATCH($B21,DedicProfObr!$A$4:$A$51,0),MATCH(DedicProfObr!$G$4,DedicProfObr!$A$4:$W$4,0)) -> 7881000 | H21: =INDEX(DedicProfObr!$A$4:$X$51,MATCH($B21,DedicProfObr!$A$4:$A$51,0),MATCH(DedicProfObr!$H$4,DedicProfObr!$A$4:$W$4,0)) -> 1.4516 | I21: =INDEX(DedicProfObr!$A$4:$W$51,MATCH($B21,DedicProfObr!$A$4:$A$51,0),MATCH(DedicProfObr!$U$4,DedicProfObr!$A$4:$W$4,0)) -> 0.15 | J21: =INDEX(DedicProfObr!$A$4:$W$51,MATCH($B21,DedicProfObr!$A$4:$A$51,0),MATCH(DedicProfObr!$W$4,DedicProfObr!$A$4:$W$4,0)) -> 0 | K21: =ROUND(E21*G21*H21*(I21+J21),0) -> 1716009
A22: =INDEX(DedicProfObr!$A$4:$X$51,MATCH($B22,DedicProfObr!$A$4:$A$51,0),MATCH(DedicProfObr!$B$4,DedicProfObr!$A$4:$W$4,0)) -> 9110 | B22: =DedicProfObr!A14 -> 1.107 | C22: =INDEX(DedicProfObr!$A$4:$X$49,MATCH($B22,DedicProfObr!$A$4:$A$49,0),MATCH(DedicProfObr!$D$4,DedicProfObr!$A$4:$W$4,0)) -> ESPECIALISTA EN PAVIMENTOS | E22: =INDEX(DedicProfObr!$A$4:$X$51,MATCH($B22,DedicProfObr!$A$4:$A$51,0),MATCH(DedicProfObr!$E$4,DedicProfObr!$A$4:$W$4,0)) -> 1 | F22: =INDEX(DedicProfObr!$A$4:$X$51,MATCH($B22,DedicProfObr!$A$4:$A$51,0),MATCH(DedicProfObr!$F$4,DedicProfObr!$A$4:$W$4,0)) -> 4 | G22: =INDEX(DedicProfObr!$A$4:$X$51,MATCH($B22,DedicProfObr!$A$4:$A$51,0),MATCH(DedicProfObr!$G$4,DedicProfObr!$A$4:$W$4,0)) -> 7881000 | H22: =INDEX(DedicProfObr!$A$4:$X$51,MATCH($B22,DedicProfObr!$A$4:$A$51,0),MATCH(DedicProfObr!$H$4,DedicProfObr!$A$4:$W$4,0)) -> 1.4516 | I22: =INDEX(DedicProfObr!$A$4:$W$51,MATCH($B22,DedicProfObr!$A$4:$A$51,0),MATCH(DedicProfObr!$U$4,DedicProfObr!$A$4:$W$4,0)) -> 0.15 | J22: =INDEX(DedicProfObr!$A$4:$W$51,MATCH($B22,DedicProfObr!$A$4:$A$51,0),MATCH(DedicProfObr!$W$4,DedicProfObr!$A$4:$W$4,0)) -> 0 | K22: =ROUND(E22*G22*H22*(I22+J22),0) -> 1716009
A23: =INDEX(DedicProfObr!$A$4:$X$51,MATCH($B23,DedicProfObr!$A$4:$A$51,0),MATCH(DedicProfObr!$B$4,DedicProfObr!$A$4:$W$4,0)) -> 9112 | B23: =DedicProfObr!A15 -> 1.108 | C23: =INDEX(DedicProfObr!$A$4:$X$49,MATCH($B23,DedicProfObr!$A$4:$A$49,0),MATCH(DedicProfObr!$D$4,DedicProfObr!$A$4:$W$4,0)) -> ESPECIALISTA REDES HIDROSANITARIAS | E23: =INDEX(DedicProfObr!$A$4:$X$51,MATCH($B23,DedicProfObr!$A$4:$A$51,0),MATCH(DedicProfObr!$E$4,DedicProfObr!$A$4:$W$4,0)) -> 1 | F23: =INDEX(DedicProfObr!$A$4:$X$51,MATCH($B23,DedicProfObr!$A$4:$A$51,0),MATCH(DedicProfObr!$F$4,DedicProfObr!$A$4:$W$4,0)) -> 6 | G23: =INDEX(DedicProfObr!$A$4:$X$51,MATCH($B23,DedicProfObr!$A$4:$A$51,0),MATCH(DedicProfObr!$G$4,DedicProfObr!$A$4:$W$4,0)) -> 6339000 | H23: =INDEX(DedicProfObr!$A$4:$X$51,MATCH($B23,DedicProfObr!$A$4:$A$51,0),MATCH(DedicProfObr!$H$4,DedicProfObr!$A$4:$W$4,0)) -> 1.4525 | I23: =INDEX(DedicProfObr!$A$4:$W$51,MATCH($B23,DedicProfObr!$A$4:$A$51,0),MATCH(DedicProfObr!$U$4,DedicProfObr!$A$4:$W$4,0)) -> 0.15 | J23: =INDEX(DedicProfObr!$A$4:$W$51,MATCH($B23,DedicProfObr!$A$4:$A$51,0),MATCH(DedicProfObr!$W$4,DedicProfObr!$A$4:$W$4,0)) -> 0 | K23: =ROUND(E23*G23*H23*(I23+J23),0) -> 1381110
A24: =INDEX(DedicProfObr!$A$4:$X$51,MATCH($B24,DedicProfObr!$A$4:$A$51,0),MATCH(DedicProfObr!$B$4,DedicProfObr!$A$4:$W$4,0)) -> 9112 | B24: =DedicProfObr!A16 -> 1.109 | C24: =INDEX(DedicProfObr!$A$4:$X$49,MATCH($B24,DedicProfObr!$A$4:$A$49,0),MATCH(DedicProfObr!$D$4,DedicProfObr!$A$4:$W$4,0)) -> ESPECIALISTA EN ESTRUCTURAS | E24: =INDEX(DedicProfObr!$A$4:$X$51,MATCH($B24,DedicProfObr!$A$4:$A$51,0),MATCH(DedicProfObr!$E$4,DedicProfObr!$A$4:$W$4,0)) -> 1 | F24: =INDEX(DedicProfObr!$A$4:$X$51,MATCH($B24,DedicProfObr!$A$4:$A$51,0),MATCH(DedicProfObr!$F$4,DedicProfObr!$A$4:$W$4,0)) -> 6 | G24: =INDEX(DedicProfObr!$A$4:$X$51,MATCH($B24,DedicProfObr!$A$4:$A$51,0),MATCH(DedicProfObr!$G$4,DedicProfObr!$A$4:$W$4,0)) -> 6339000 | H24: =INDEX(DedicProfObr!$A$4:$X$51,MATCH($B24,DedicProfObr!$A$4:$A$51,0),MATCH(DedicProfObr!$H$4,DedicProfObr!$A$4:$W$4,0)) -> 1.4525 | I24: =INDEX(DedicProfObr!$A$4:$W$51,MATCH($B24,DedicProfObr!$A$4:$A$51,0),MATCH(DedicProfObr!$U$4,DedicProfObr!$A$4:$W$4,0)) -> 0.1 | J24: =INDEX(DedicProfObr!$A$4:$W$51,MATCH($B24,DedicProfObr!$A$4:$A$51,0),MATCH(DedicProfObr!$W$4,DedicProfObr!$A$4:$W$4,0)) -> 0 | K24: =ROUND(E24*G24*H24*(I24+J24),0) -> 920740
A25: =INDEX(DedicProfObr!$A$4:$X$51,MATCH($B25,DedicProfObr!$A$4:$A$51,0),MATCH(DedicProfObr!$B$4,DedicProfObr!$A$4:$W$4,0)) -> 9112 | B25: =DedicProfObr!A17 -> 1.11 | C25: =INDEX(DedicProfObr!$A$4:$X$49,MATCH($B25,DedicProfObr!$A$4:$A$49,0),MATCH(DedicProfObr!$D$4,DedicProfObr!$A$4:$W$4,0)) -> PROFESIONAL EN PRESUPUESTO Y PROGRAMACIÓN | E25: =INDEX(DedicProfObr!$A$4:$X$51,MATCH($B25,DedicProfObr!$A$4:$A$51,0),MATCH(DedicProfObr!$E$4,DedicProfObr!$A$4:$W$4,0)) -> 1 | F25: =INDEX(DedicProfObr!$A$4:$X$51,MATCH($B25,DedicProfObr!$A$4:$A$51,0),MATCH(DedicProfObr!$F$4,DedicProfObr!$A$4:$W$4,0)) -> 6 | G25: =INDEX(DedicProfObr!$A$4:$X$51,MATCH($B25,DedicProfObr!$A$4:$A$51,0),MATCH(DedicProfObr!$G$4,DedicProfObr!$A$4:$W$4,0)) -> 6339000 | H25: =INDEX(DedicProfObr!$A$4:$X$51,MATCH($B25,DedicProfObr!$A$4:$A$51,0),MATCH(DedicProfObr!$H$4,DedicProfObr!$A$4:$W$4,0)) -> 1.4525 | I25: =INDEX(DedicProfObr!$A$4:$W$51,MATCH($B25,DedicProfObr!$A$4:$A$51,0),MATCH(DedicProfObr!$U$4,DedicProfObr!$A$4:$W$4,0)) -> 0.5 | J25: =INDEX(DedicProfObr!$A$4:$W$51,MATCH($B25,DedicProfObr!$A$4:$A$51,0),MATCH(DedicProfObr!$W$4,DedicProfObr!$A$4:$W$4,0)) -> 0 | K25: =ROUND(E25*G25*H25*(I25+J25),0) -> 4603699
A26: =INDEX(DedicProfObr!$A$4:$X$51,MATCH($B26,DedicProfObr!$A$4:$A$51,0),MATCH(DedicProfObr!$B$4,DedicProfObr!$A$4:$W$4,0)) -> 9112 | B26: =DedicProfObr!A18 -> 1.111 | C26: =INDEX(DedicProfObr!$A$4:$X$49,MATCH($B26,DedicProfObr!$A$4:$A$49,0),MATCH(DedicProfObr!$D$4,DedicProfObr!$A$4:$W$4,0)) -> PROFESIONAL EN REDES SECAS | E26: =INDEX(DedicProfObr!$A$4:$X$51,MATCH($B26,DedicProfObr!$A$4:$A$51,0),MATCH(DedicProfObr!$E$4,DedicProfObr!$A$4:$W$4,0)) -> 1 | F26: =INDEX(DedicProfObr!$A$4:$X$51,MATCH($B26,DedicProfObr!$A$4:$A$51,0),MATCH(DedicProfObr!$F$4,DedicProfObr!$A$4:$W$4,0)) -> 6 | G26: =INDEX(DedicProfObr!$A$4:$X$51,MATCH($B26,DedicProfObr!$A$4:$A$51,0),MATCH(DedicProfObr!$G$4,DedicProfObr!$A$4:$W$4,0)) -> 6339000 | H26: =INDEX(DedicProfObr!$A$4:$X$51,MATCH($B26,DedicProfObr!$A$4:$A$51,0),MATCH(DedicProfObr!$H$4,DedicProfObr!$A$4:$W$4,0)) -> 1.4525 | I26: =INDEX(DedicProfObr!$A$4:$W$51,MATCH($B26,DedicProfObr!$A$4:$A$51,0),MATCH(DedicProfObr!$U$4,DedicProfObr!$A$4:$W$4,0)) -> 0.1 | J26: =INDEX(DedicProfObr!$A$4:$W$51,MATCH($B26,DedicProfObr!$A$4:$A$51,0),MATCH(DedicProfObr!$W$4,DedicProfObr!$A$4:$W$4,0)) -> 0 | K26: =ROUND(E26*G26*H26*(I26+J26),0) -> 920740
A27: =INDEX(DedicProfObr!$A$4:$X$51,MATCH($B27,DedicProfObr!$A$4:$A$51,0),MATCH(DedicProfObr!$B$4,DedicProfObr!$A$4:$W$4,0)) -> 9112 | B27: =DedicProfObr!A19 -> 1.112 | C27: =INDEX(DedicProfObr!$A$4:$X$49,MATCH($B27,DedicProfObr!$A$4:$A$49,0),MATCH(DedicProfObr!$D$4,DedicProfObr!$A$4:$W$4,0)) -> INGENIERO ESPECIALISTA EN SIG-CAD | E27: =INDEX(DedicProfObr!$A$4:$X$51,MATCH($B27,DedicProfObr!$A$4:$A$51,0),MATCH(DedicProfObr!$E$4,DedicProfObr!$A$4:$W$4,0)) -> 0 | F27: =INDEX(DedicProfObr!$A$4:$X$51,MATCH($B27,DedicProfObr!$A$4:$A$51,0),MATCH(DedicProfObr!$F$4,DedicProfObr!$A$4:$W$4,0)) -> 6 | G27: =INDEX(DedicProfObr!$A$4:$X$51,MATCH($B27,DedicProfObr!$A$4:$A$51,0),MATCH(DedicProfObr!$G$4,DedicProfObr!$A$4:$W$4,0)) -> 6339000 | H27: =INDEX(DedicProfObr!$A$4:$X$51,MATCH($B27,DedicProfObr!$A$4:$A$51,0),MATCH(DedicProfObr!$H$4,DedicProfObr!$A$4:$W$4,0)) -> 1.4525 | I27: =INDEX(DedicProfObr!$A$4:$W$51,MATCH($B27,DedicProfObr!$A$4:$A$51,0),MATCH(DedicProfObr!$U$4,DedicProfObr!$A$4:$W$4,0)) -> 0 | J27: =INDEX(DedicProfObr!$A$4:$W$51,MATCH($B27,DedicProfObr!$A$4:$A$51,0),MATCH(DedicProfObr!$W$4,DedicProfObr!$A$4:$W$4,0)) -> 0 | K27: =ROUND(E27*G27*H27*(I27+J27),0) -> 0
A28: =INDEX(DedicProfObr!$A$4:$X$51,MATCH($B28,DedicProfObr!$A$4:$A$51,0),MATCH(DedicProfObr!$B$4,DedicProfObr!$A$4:$W$4,0)) -> 9112 | B28: =DedicProfObr!A36 -> A1.1.1 | C28: =INDEX(DedicProfObr!$A$4:$X$49,MATCH($B28,DedicProfObr!$A$4:$A$49,0),MATCH(DedicProfObr!$D$4,DedicProfObr!$A$4:$W$4,0)) -> PROFESIONAL AMBIENTAL | E28: =INDEX(DedicProfObr!$A$4:$X$51,MATCH($B28,DedicProfObr!$A$4:$A$51,0),MATCH(DedicProfObr!$E$4,DedicProfObr!$A$4:$W$4,0)) -> 1 | F28: =INDEX(DedicProfObr!$A$4:$X$51,MATCH($B28,DedicProfObr!$A$4:$A$51,0),MATCH(DedicProfObr!$F$4,DedicProfObr!$A$4:$W$4,0)) -> 6 | G28: =INDEX(DedicProfObr!$A$4:$X$51,MATCH($B28,DedicProfObr!$A$4:$A$51,0),MATCH(DedicProfObr!$G$4,DedicProfObr!$A$4:$W$4,0)) -> 6339000 | H28: =INDEX(DedicProfObr!$A$4:$X$51,MATCH($B28,DedicProfObr!$A$4:$A$51,0),MATCH(DedicProfObr!$H$4,DedicProfObr!$A$4:$W$4,0)) -> 1.4525 | I28: =INDEX(DedicProfObr!$A$4:$W$51,MATCH($B28,DedicProfObr!$A$4:$A$51,0),MATCH(DedicProfObr!$U$4,DedicProfObr!$A$4:$W$4,0)) -> 0.2 | J28: =INDEX(DedicProfObr!$A$4:$W$51,MATCH($B28,DedicProfObr!$A$4:$A$51,0),MATCH(DedicProfObr!$W$4,DedicProfObr!$A$4:$W$4,0)) -> 0 | K28: =ROUND(E28*G28*H28*(I28+J28),0) -> 1841480
A29: =INDEX(DedicProfObr!$A$4:$X$51,MATCH($B29,DedicProfObr!$A$4:$A$51,0),MATCH(DedicProfObr!$B$4,DedicProfObr!$A$4:$W$4,0)) -> 9112 | B29: =DedicProfObr!A37 -> A1.1.2 | C29: =INDEX(DedicProfObr!$A$4:$X$49,MATCH($B29,DedicProfObr!$A$4:$A$49,0),MATCH(DedicProfObr!$D$4,DedicProfObr!$A$4:$W$4,0)) -> RESIDENTE FORESTAL | E29: =INDEX(DedicProfObr!$A$4:$X$51,MATCH($B29,DedicProfObr!$A$4:$A$51,0),MATCH(DedicProfObr!$E$4,DedicProfObr!$A$4:$W$4,0)) -> 1 | F29: =INDEX(DedicProfObr!$A$4:$X$51,MATCH($B29,DedicProfObr!$A$4:$A$51,0),MATCH(DedicProfObr!$F$4,DedicProfObr!$A$4:$W$4,0)) -> 6 | G29: =INDEX(DedicProfObr!$A$4:$X$51,MATCH($B29,DedicProfObr!$A$4:$A$51,0),MATCH(DedicProfObr!$G$4,DedicProfObr!$A$4:$W$4,0)) -> 6339000 | H29: =INDEX(DedicProfObr!$A$4:$X$51,MATCH($B29,DedicProfObr!$A$4:$A$51,0),MATCH(DedicProfObr!$H$4,DedicProfObr!$A$4:$W$4,0)) -> 1.4525 | I29: =INDEX(DedicProfObr!$A$4:$W$51,MATCH($B29,DedicProfObr!$A$4:$A$51,0),MATCH(DedicProfObr!$U$4,DedicProfObr!$A$4:$W$4,0)) -> 0.1 | J29: =INDEX(DedicProfObr!$A$4:$W$51,MATCH($B29,DedicProfObr!$A$4:$A$51,0),MATCH(DedicProfObr!$W$4,DedicProfObr!$A$4:$W$4,0)) -> 0 | K29: =ROUND(E29*G29*H29*(I29+J29),0) -> 920740
A30: =INDEX(DedicProfObr!$A$4:$X$51,MATCH($B30,DedicProfObr!$A$4:$A$51,0),MATCH(DedicProfObr!$B$4,DedicProfObr!$A$4:$W$4,0)) -> 9112 | B30: =DedicProfObr!A38 -> A1.1.3 | C30: =INDEX(DedicProfObr!$A$4:$X$49,MATCH($B30,DedicProfObr!$A$4:$A$49,0),MATCH(DedicProfObr!$D$4,DedicProfObr!$A$4:$W$4,0)) -> BIÓLOGO O ECÓLOGO | E30: =INDEX(DedicProfObr!$A$4:$X$51,MATCH($B30,DedicProfObr!$A$4:$A$51,0),MATCH(DedicProfObr!$E$4,DedicProfObr!$A$4:$W$4,0)) -> 0 | F30: =INDEX(DedicProfObr!$A$4:$X$51,MATCH($B30,DedicProfObr!$A$4:$A$51,0),MATCH(DedicProfObr!$F$4,DedicProfObr!$A$4:$W$4,0)) -> 6 | G30: =INDEX(DedicProfObr!$A$4:$X$51,MATCH($B30,DedicProfObr!$A$4:$A$51,0),MATCH(DedicProfObr!$G$4,DedicProfObr!$A$4:$W$4,0)) -> 6339000 | H30: =INDEX(DedicProfObr!$A$4:$X$51,MATCH($B30,DedicProfObr!$A$4:$A$51,0),MATCH(DedicProfObr!$H$4,DedicProfObr!$A$4:$W$4,0)) -> 1.4525 | I30: =INDEX(DedicProfObr!$A$4:$W$51,MATCH($B30,DedicProfObr!$A$4:$A$51,0),MATCH(DedicProfObr!$U$4,DedicProfObr!$A$4:$W$4,0)) -> 0 | J30: =INDEX(DedicProfObr!$A$4:$W$51,MATCH($B30,DedicProfObr!$A$4:$A$51,0),MATCH(DedicProfObr!$W$4,DedicProfObr!$A$4:$W$4,0)) -> 0 | K30: =ROUND(E30*G30*H30*(I30+J30),0) -> 0
A31: =INDEX(DedicProfObr!$A$4:$X$51,MATCH($B31,DedicProfObr!$A$4:$A$51,0),MATCH(DedicProfObr!$B$4,DedicProfObr!$A$4:$W$4,0)) -> 9113 | B31: =DedicProfObr!A39 -> A1.1.4 | C31: =INDEX(DedicProfObr!$A$4:$X$49,MATCH($B31,DedicProfObr!$A$4:$A$49,0),MATCH(DedicProfObr!$D$4,DedicProfObr!$A$4:$W$4,0)) -> RESIDENTE SST | E31: =INDEX(DedicProfObr!$A$4:$X$51,MATCH($B31,DedicProfObr!$A$4:$A$51,0),MATCH(DedicProfObr!$E$4,DedicProfObr!$A$4:$W$4,0)) -> 1 | F31: =INDEX(DedicProfObr!$A$4:$X$51,MATCH($B31,DedicProfObr!$A$4:$A$51,0),MATCH(DedicProfObr!$F$4,DedicProfObr!$A$4:$W$4,0)) -> 7 | G31: =INDEX(DedicProfObr!$A$4:$X$51,MATCH($B31,DedicProfObr!$A$4:$A$51,0),MATCH(DedicProfObr!$G$4,DedicProfObr!$A$4:$W$4,0)) -> 4793000 | H31: =INDEX(DedicProfObr!$A$4:$X$51,MATCH($B31,DedicProfObr!$A$4:$A$51,0),MATCH(DedicProfObr!$H$4,DedicProfObr!$A$4:$W$4,0)) -> 1.454 | I31: =INDEX(DedicProfObr!$A$4:$W$51,MATCH($B31,DedicProfObr!$A$4:$A$51,0),MATCH(DedicProfObr!$U$4,DedicProfObr!$A$4:$W$4,0)) -> 0.15 | J31: =INDEX(DedicProfObr!$A$4:$W$51,MATCH($B31,DedicProfObr!$A$4:$A$51,0),MATCH(DedicProfObr!$W$4,DedicProfObr!$A$4:$W$4,0)) -> 0 | K31: =ROUND(E31*G31*H31*(I31+J31),0) -> 1045353
A32: =INDEX(DedicProfObr!$A$4:$X$51,MATCH($B32,DedicProfObr!$A$4:$A$51,0),MATCH(DedicProfObr!$B$4,DedicProfObr!$A$4:$W$4,0)) -> 9113 | B32: =DedicProfObr!A40 -> A1.1.5 | C32: =INDEX(DedicProfObr!$A$4:$X$49,MATCH($B32,DedicProfObr!$A$4:$A$49,0),MATCH(DedicProfObr!$D$4,DedicProfObr!$A$4:$W$4,0)) -> RESIDENTE MAQUINARIA Y EQUIPOS | E32: =INDEX(DedicProfObr!$A$4:$X$51,MATCH($B32,DedicProfObr!$A$4:$A$51,0),MATCH(DedicProfObr!$E$4,DedicProfObr!$A$4:$W$4,0)) -> 1 | F32: =INDEX(DedicProfObr!$A$4:$X$51,MATCH($B32,DedicProfObr!$A$4:$A$51,0),MATCH(DedicProfObr!$F$4,DedicProfObr!$A$4:$W$4,0)) -> 7 | G32: =INDEX(DedicProfObr!$A$4:$X$51,MATCH($B32,DedicProfObr!$A$4:$A$51,0),MATCH(DedicProfObr!$G$4,DedicProfObr!$A$4:$W$4,0)) -> 4793000 | H32: =INDEX(DedicProfObr!$A$4:$X$51,MATCH($B32,DedicProfObr!$A$4:$A$51,0),MATCH(DedicProfObr!$H$4,DedicProfObr!$A$4:$W$4,0)) -> 1.454 | I32: =INDEX(DedicProfObr!$A$4:$W$51,MATCH($B32,DedicProfObr!$A$4:$A$51,0),MATCH(DedicProfObr!$U$4,DedicProfObr!$A$4:$W$4,0)) -> 0 | J32: =INDEX(DedicProfObr!$A$4:$W$51,MATCH($B32,DedicProfObr!$A$4:$A$51,0),MATCH(DedicProfObr!$W$4,DedicProfObr!$A$4:$W$4,0)) -> 0 | K32: =ROUND(E32*G32*H32*(I32+J32),0) -> 0
A33: =INDEX(DedicProfObr!$A$4:$X$51,MATCH($B33,DedicProfObr!$A$4:$A$51,0),MATCH(DedicProfObr!$B$4,DedicProfObr!$A$4:$W$4,0)) -> 9112 | B33: =DedicProfObr!A44 -> A1.1-S | C33: =INDEX(DedicProfObr!$A$4:$X$49,MATCH($B33,DedicProfObr!$A$4:$A$49,0),MATCH(DedicProfObr!$D$4,DedicProfObr!$A$4:$W$4,0)) -> RESIDENTE SOCIAL | E33: =INDEX(DedicProfObr!$A$4:$X$51,MATCH($B33,DedicProfObr!$A$4:$A$51,0),MATCH(DedicProfObr!$E$4,DedicProfObr!$A$4:$W$4,0)) -> 1 | F33: =INDEX(DedicProfObr!$A$4:$X$51,MATCH($B33,DedicProfObr!$A$4:$A$51,0),MATCH(DedicProfObr!$F$4,DedicProfObr!$A$4:$W$4,0)) -> 6 | G33: =INDEX(DedicProfObr!$A$4:$X$51,MATCH($B33,DedicProfObr!$A$4:$A$51,0),MATCH(DedicProfObr!$G$4,DedicProfObr!$A$4:$W$4,0)) -> 6339000 | H33: =INDEX(DedicProfObr!$A$4:$X$51,MATCH($B33,DedicProfObr!$A$4:$A$51,0),MATCH(DedicProfObr!$H$4,DedicProfObr!$A$4:$W$4,0)) -> 1.4525 | I33: =INDEX(DedicProfObr!$A$4:$W$51,MATCH($B33,DedicProfObr!$A$4:$A$51,0),MATCH(DedicProfObr!$U$4,DedicProfObr!$A$4:$W$4,0)) -> 0.5 | J33: =INDEX(DedicProfObr!$A$4:$W$51,MATCH($B33,DedicProfObr!$A$4:$A$51,0),MATCH(DedicProfObr!$W$4,DedicProfObr!$A$4:$W$4,0)) -> 0 | K33: =ROUND(E33*G33*H33*(I33+J33),0) -> 4603699
A34: =INDEX(DedicProfObr!$A$4:$X$51,MATCH($B34,DedicProfObr!$A$4:$A$51,0),MATCH(DedicProfObr!$B$4,DedicProfObr!$A$4:$W$4,0)) -> 9110 | B34: =DedicProfObr!A47 -> A1.1T | C34: =INDEX(DedicProfObr!$A$4:$X$49,MATCH($B34,DedicProfObr!$A$4:$A$49,0),MATCH(DedicProfObr!$D$4,DedicProfObr!$A$4:$W$4,0)) -> ESPECIALISTA EN TRÁNSITO Y TRANSPORTE | E34: =INDEX(DedicProfObr!$A$4:$X$51,MATCH($B34,DedicProfObr!$A$4:$A$51,0),MATCH(DedicProfObr!$E$4,DedicProfObr!$A$4:$W$4,0)) -> 1 | F34: =INDEX(DedicProfObr!$A$4:$X$51,MATCH($B34,DedicProfObr!$A$4:$A$51,0),MATCH(DedicProfObr!$F$4,DedicProfObr!$A$4:$W$4,0)) -> 4 | G34: =INDEX(DedicProfObr!$A$4:$X$51,MATCH($B34,DedicProfObr!$A$4:$A$51,0),MATCH(DedicProfObr!$G$4,DedicProfObr!$A$4:$W$4,0)) -> 7881000 | H34: =INDEX(DedicProfObr!$A$4:$X$51,MATCH($B34,DedicProfObr!$A$4:$A$51,0),MATCH(DedicProfObr!$H$4,DedicProfObr!$A$4:$W$4,0)) -> 1.4516 | I34: =INDEX(DedicProfObr!$A$4:$W$51,MATCH($B34,DedicProfObr!$A$4:$A$51,0),MATCH(DedicProfObr!$U$4,DedicProfObr!$A$4:$W$4,0)) -> 0.15 | J34: =INDEX(DedicProfObr!$A$4:$W$51,MATCH($B34,DedicProfObr!$A$4:$A$51,0),MATCH(DedicProfObr!$W$4,DedicProfObr!$A$4:$W$4,0)) -> 0 | K34: =ROUND(E34*G34*H34*(I34+J34),0) -> 1716009
A35: =INDEX(DedicProfObr!$A$4:$X$51,MATCH($B35,DedicProfObr!$A$4:$A$51,0),MATCH(DedicProfObr!$B$4,DedicProfObr!$A$4:$W$4,0)) -> 9112 | B35: =DedicProfObr!A48 -> A1.2T | C35: =INDEX(DedicProfObr!$A$4:$X$49,MATCH($B35,DedicProfObr!$A$4:$A$49,0),MATCH(DedicProfObr!$D$4,DedicProfObr!$A$4:$W$4,0)) -> RESIDENTE EN TRÁNSITO Y TRANSPORTE | E35: =INDEX(DedicProfObr!$A$4:$X$51,MATCH($B35,DedicProfObr!$A$4:$A$51,0),MATCH(DedicProfObr!$E$4,DedicProfObr!$A$4:$W$4,0)) -> 1 | F35: =INDEX(DedicProfObr!$A$4:$X$51,MATCH($B35,DedicProfObr!$A$4:$A$51,0),MATCH(DedicProfObr!$F$4,DedicProfObr!$A$4:$W$4,0)) -> 6 | G35: =INDEX(DedicProfObr!$A$4:$X$51,MATCH($B35,DedicProfObr!$A$4:$A$51,0),MATCH(DedicProfObr!$G$4,DedicProfObr!$A$4:$W$4,0)) -> 6339000 | H35: =INDEX(DedicProfObr!$A$4:$X$51,MATCH($B35,DedicProfObr!$A$4:$A$51,0),MATCH(DedicProfObr!$H$4,DedicProfObr!$A$4:$W$4,0)) -> 1.4525 | I35: =INDEX(DedicProfObr!$A$4:$W$51,MATCH($B35,DedicProfObr!$A$4:$A$51,0),MATCH(DedicProfObr!$U$4,DedicProfObr!$A$4:$W$4,0)) -> 0 | J35: =INDEX(DedicProfObr!$A$4:$W$51,MATCH($B35,DedicProfObr!$A$4:$A$51,0),MATCH(DedicProfObr!$W$4,DedicProfObr!$A$4:$W$4,0)) -> 0 | K35: =ROUND(E35*G35*H35*(I35+J35),0) -> 0
B36: =DedicProfObr!A20 -> 1.2 | C36: PERSONAL TÉCNICO Y PERSONAL AUXILIAR
A37: =INDEX(DedicProfObr!$A$4:$X$51,MATCH($B37,DedicProfObr!$A$4:$A$51,0),MATCH(DedicProfObr!$B$4,DedicProfObr!$A$4:$W$4,0)) -> 9085 | B37: =DedicProfObr!A21 -> 1.201 | C37: =INDEX(DedicProfObr!$A$4:$X$49,MATCH($B37,DedicProfObr!$A$4:$A$49,0),MATCH(DedicProfObr!$D$4,DedicProfObr!$A$4:$W$4,0)) -> AUXILIAR DE INGENIERÍA | E37: =INDEX(DedicProfObr!$A$4:$X$51,MATCH($B37,DedicProfObr!$A$4:$A$51,0),MATCH(DedicProfObr!$E$4,DedicProfObr!$A$4:$W$4,0)) -> 1 | F37: =INDEX(DedicProfObr!$A$4:$X$51,MATCH($B37,DedicProfObr!$A$4:$A$51,0),MATCH(DedicProfObr!$F$4,DedicProfObr!$A$4:$W$4,0)) -> N/A | G37: =INDEX(DedicProfObr!$A$4:$X$51,MATCH($B37,DedicProfObr!$A$4:$A$51,0),MATCH(DedicProfObr!$G$4,DedicProfObr!$A$4:$W$4,0)) -> 2607000 | H37: =INDEX(DedicProfObr!$A$4:$X$51,MATCH($B37,DedicProfObr!$A$4:$A$51,0),MATCH(DedicProfObr!$H$4,DedicProfObr!$A$4:$W$4,0)) -> 1.4591 | I37: =INDEX(DedicProfObr!$A$4:$W$51,MATCH($B37,DedicProfObr!$A$4:$A$51,0),MATCH(DedicProfObr!$U$4,DedicProfObr!$A$4:$W$4,0)) -> 0 | J37: =INDEX(DedicProfObr!$A$4:$W$51,MATCH($B37,DedicProfObr!$A$4:$A$51,0),MATCH(DedicProfObr!$W$4,DedicProfObr!$A$4:$W$4,0)) -> 0 | K37: =ROUND(E37*G37*H37*(I37+J37),0) -> 0
A38: =INDEX(DedicProfObr!$A$4:$X$51,MATCH($B38,DedicProfObr!$A$4:$A$51,0),MATCH(DedicProfObr!$B$4,DedicProfObr!$A$4:$W$4,0)) -> 9093 | B38: =DedicProfObr!A22 -> 1.202 | C38: =INDEX(DedicProfObr!$A$4:$X$49,MATCH($B38,DedicProfObr!$A$4:$A$49,0),MATCH(DedicProfObr!$D$4,DedicProfObr!$A$4:$W$4,0)) -> TÉCNICO INSPECTOR | E38: =INDEX(DedicProfObr!$A$4:$X$51,MATCH($B38,DedicProfObr!$A$4:$A$51,0),MATCH(DedicProfObr!$E$4,DedicProfObr!$A$4:$W$4,0)) -> 2 | F38: =INDEX(DedicProfObr!$A$4:$X$51,MATCH($B38,DedicProfObr!$A$4:$A$51,0),MATCH(DedicProfObr!$F$4,DedicProfObr!$A$4:$W$4,0)) -> N/A | G38: =INDEX(DedicProfObr!$A$4:$X$51,MATCH($B38,DedicProfObr!$A$4:$A$51,0),MATCH(DedicProfObr!$G$4,DedicProfObr!$A$4:$W$4,0)) -> 2249000 | H38: =INDEX(DedicProfObr!$A$4:$X$51,MATCH($B38,DedicProfObr!$A$4:$A$51,0),MATCH(DedicProfObr!$H$4,DedicProfObr!$A$4:$W$4,0)) -> 1.5511 | I38: =INDEX(DedicProfObr!$A$4:$W$51,MATCH($B38,DedicProfObr!$A$4:$A$51,0),MATCH(DedicProfObr!$U$4,DedicProfObr!$A$4:$W$4,0)) -> 0 | J38: =INDEX(DedicProfObr!$A$4:$W$51,MATCH($B38,DedicProfObr!$A$4:$A$51,0),MATCH(DedicProfObr!$W$4,DedicProfObr!$A$4:$W$4,0)) -> 0 | K38: =ROUND(E38*G38*H38*(I38+J38),0) -> 0
A39: =INDEX(DedicProfObr!$A$4:$X$51,MATCH($B39,DedicProfObr!$A$4:$A$51,0),MATCH(DedicProfObr!$B$4,DedicProfObr!$A$4:$W$4,0)) -> 9088 | B39: =DedicProfObr!A23 -> 1.203 | C39: =INDEX(DedicProfObr!$A$4:$X$49,MATCH($B39,DedicProfObr!$A$4:$A$49,0),MATCH(DedicProfObr!$D$4,DedicProfObr!$A$4:$W$4,0)) -> TOPOGRAFO INSPECTOR | E39: =INDEX(DedicProfObr!$A$4:$X$51,MATCH($B39,DedicProfObr!$A$4:$A$51,0),MATCH(DedicProfObr!$E$4,DedicProfObr!$A$4:$W$4,0)) -> 2 | F39: =INDEX(DedicProfObr!$A$4:$X$51,MATCH($B39,DedicProfObr!$A$4:$A$51,0),MATCH(DedicProfObr!$F$4,DedicProfObr!$A$4:$W$4,0)) -> N/A | G39: =INDEX(DedicProfObr!$A$4:$X$51,MATCH($B39,DedicProfObr!$A$4:$A$51,0),MATCH(DedicProfObr!$G$4,DedicProfObr!$A$4:$W$4,0)) -> 3092000 | H39: =INDEX(DedicProfObr!$A$4:$X$51,MATCH($B39,DedicProfObr!$A$4:$A$51,0),MATCH(DedicProfObr!$H$4,DedicProfObr!$A$4:$W$4,0)) -> 1.4573 | I39: =INDEX(DedicProfObr!$A$4:$W$51,MATCH($B39,DedicProfObr!$A$4:$A$51,0),MATCH(DedicProfObr!$U$4,DedicProfObr!$A$4:$W$4,0)) -> 0 | J39: =INDEX(DedicProfObr!$A$4:$W$51,MATCH($B39,DedicProfObr!$A$4:$A$51,0),MATCH(DedicProfObr!$W$4,DedicProfObr!$A$4:$W$4,0)) -> 0 | K39: =ROUND(E39*G39*H39*(I39+J39),0) -> 0
A40: =INDEX(DedicProfObr!$A$4:$X$51,MATCH($B40,DedicProfObr!$A$4:$A$51,0),MATCH(DedicProfObr!$B$4,DedicProfObr!$A$4:$W$4,0)) -> 9098 | B40: =DedicProfObr!A24 -> 1.204 | C40: =INDEX(DedicProfObr!$A$4:$X$49,MATCH($B40,DedicProfObr!$A$4:$A$49,0),MATCH(DedicProfObr!$D$4,DedicProfObr!$A$4:$W$4,0)) -> CADENERO 1 | E40: =INDEX(DedicProfObr!$A$4:$X$51,MATCH($B40,DedicProfObr!$A$4:$A$51,0),MATCH(DedicProfObr!$E$4,DedicProfObr!$A$4:$W$4,0)) -> 2 | F40: =INDEX(DedicProfObr!$A$4:$X$51,MATCH($B40,DedicProfObr!$A$4:$A$51,0),MATCH(DedicProfObr!$F$4,DedicProfObr!$A$4:$W$4,0)) -> N/A | G40: =INDEX(DedicProfObr!$A$4:$X$51,MATCH($B40,DedicProfObr!$A$4:$A$51,0),MATCH(DedicProfObr!$G$4,DedicProfObr!$A$4:$W$4,0)) -> 1917000 | H40: =INDEX(DedicProfObr!$A$4:$X$51,MATCH($B40,DedicProfObr!$A$4:$A$51,0),MATCH(DedicProfObr!$H$4,DedicProfObr!$A$4:$W$4,0)) -> 1.569 | I40: =INDEX(DedicProfObr!$A$4:$W$51,MATCH($B40,DedicProfObr!$A$4:$A$51,0),MATCH(DedicProfObr!$U$4,DedicProfObr!$A$4:$W$4,0)) -> 0 | J40: =INDEX(DedicProfObr!$A$4:$W$51,MATCH($B40,DedicProfObr!$A$4:$A$51,0),MATCH(DedicProfObr!$W$4,DedicProfObr!$A$4:$W$4,0)) -> 0 | K40: =ROUND(E40*G40*H40*(I40+J40),0) -> 0
A41: =INDEX(DedicProfObr!$A$4:$X$51,MATCH($B41,DedicProfObr!$A$4:$A$51,0),MATCH(DedicProfObr!$B$4,DedicProfObr!$A$4:$W$4,0)) -> 9099 | B41: =DedicProfObr!A25 -> 1.205 | C41: =INDEX(DedicProfObr!$A$4:$X$49,MATCH($B41,DedicProfObr!$A$4:$A$49,0),MATCH(DedicProfObr!$D$4,DedicProfObr!$A$4:$W$4,0)) -> CADENERO 2 | E41: =INDEX(DedicProfObr!$A$4:$X$51,MATCH($B41,DedicProfObr!$A$4:$A$51,0),MATCH(DedicProfObr!$E$4,DedicProfObr!$A$4:$W$4,0)) -> 2 | F41: =INDEX(DedicProfObr!$A$4:$X$51,MATCH($B41,DedicProfObr!$A$4:$A$51,0),MATCH(DedicProfObr!$F$4,DedicProfObr!$A$4:$W$4,0)) -> N/A | G41: =INDEX(DedicProfObr!$A$4:$X$51,MATCH($B41,DedicProfObr!$A$4:$A$51,0),MATCH(DedicProfObr!$G$4,DedicProfObr!$A$4:$W$4,0)) -> 1670000 | H41: =INDEX(DedicProfObr!$A$4:$X$51,MATCH($B41,DedicProfObr!$A$4:$A$51,0),MATCH(DedicProfObr!$H$4,DedicProfObr!$A$4:$W$4,0)) -> 1.5869 | I41: =INDEX(DedicProfObr!$A$4:$W$51,MATCH($B41,DedicProfObr!$A$4:$A$51,0),MATCH(DedicProfObr!$U$4,DedicProfObr!$A$4:$W$4,0)) -> 0 | J41: =INDEX(DedicProfObr!$A$4:$W$51,MATCH($B41,DedicProfObr!$A$4:$A$51,0),MATCH(DedicProfObr!$W$4,DedicProfObr!$A$4:$W$4,0)) -> 0 | K41: =ROUND(E41*G41*H41*(I41+J41),0) -> 0
A42: =INDEX(DedicProfObr!$A$4:$X$51,MATCH($B42,DedicProfObr!$A$4:$A$51,0),MATCH(DedicProfObr!$B$4,DedicProfObr!$A$4:$W$4,0)) -> 9089 | B42: =DedicProfObr!A26 -> 1.206 | C42: =INDEX(DedicProfObr!$A$4:$X$49,MATCH($B42,DedicProfObr!$A$4:$A$49,0),MATCH(DedicProfObr!$D$4,DedicProfObr!$A$4:$W$4,0)) -> LABORATORISTA INSPECTOR | E42: =INDEX(DedicProfObr!$A$4:$X$51,MATCH($B42,DedicProfObr!$A$4:$A$51,0),MATCH(DedicProfObr!$E$4,DedicProfObr!$A$4:$W$4,0)) -> 0 | F42: =INDEX(DedicProfObr!$A$4:$X$51,MATCH($B42,DedicProfObr!$A$4:$A$51,0),MATCH(DedicProfObr!$F$4,DedicProfObr!$A$4:$W$4,0)) -> N/A | G42: =INDEX(DedicProfObr!$A$4:$X$51,MATCH($B42,DedicProfObr!$A$4:$A$51,0),MATCH(DedicProfObr!$G$4,DedicProfObr!$A$4:$W$4,0)) -> 2739000 | H42: =INDEX(DedicProfObr!$A$4:$X$51,MATCH($B42,DedicProfObr!$A$4:$A$51,0),MATCH(DedicProfObr!$H$4,DedicProfObr!$A$4:$W$4,0)) -> 1.4585 | I42: =INDEX(DedicProfObr!$A$4:$W$51,MATCH($B42,DedicProfObr!$A$4:$A$51,0),MATCH(DedicProfObr!$U$4,DedicProfObr!$A$4:$W$4,0)) -> 0 | J42: =INDEX(DedicProfObr!$A$4:$W$51,MATCH($B42,DedicProfObr!$A$4:$A$51,0),MATCH(DedicProfObr!$W$4,DedicProfObr!$A$4:$W$4,0)) -> 0 | K42: =ROUND(E42*G42*H42*(I42+J42),0) -> 0
A43: =INDEX(DedicProfObr!$A$4:$X$51,MATCH($B43,DedicProfObr!$A$4:$A$51,0),MATCH(DedicProfObr!$B$4,DedicProfObr!$A$4:$W$4,0)) -> 9086 | B43: =DedicProfObr!A27 -> 1.207 | C43: =INDEX(DedicProfObr!$A$4:$X$49,MATCH($B43,DedicProfObr!$A$4:$A$49,0),MATCH(DedicProfObr!$D$4,DedicProfObr!$A$4:$W$4,0)) -> DIBUJANTE | E43: =INDEX(DedicProfObr!$A$4:$X$51,MATCH($B43,DedicProfObr!$A$4:$A$51,0),MATCH(DedicProfObr!$E$4,DedicProfObr!$A$4:$W$4,0)) -> 0 | F43: =INDEX(DedicProfObr!$A$4:$X$51,MATCH($B43,DedicProfObr!$A$4:$A$51,0),MATCH(DedicProfObr!$F$4,DedicProfObr!$A$4:$W$4,0)) -> NA | G43: =INDEX(DedicProfObr!$A$4:$X$51,MATCH($B43,DedicProfObr!$A$4:$A$51,0),MATCH(DedicProfObr!$G$4,DedicProfObr!$A$4:$W$4,0)) -> 2734000 | H43: =INDEX(DedicProfObr!$A$4:$X$51,MATCH($B43,DedicProfObr!$A$4:$A$51,0),MATCH(DedicProfObr!$H$4,DedicProfObr!$A$4:$W$4,0)) -> 1.4585 | I43: =INDEX(DedicProfObr!$A$4:$W$51,MATCH($B43,DedicProfObr!$A$4:$A$51,0),MATCH(DedicProfObr!$U$4,DedicProfObr!$A$4:$W$4,0)) -> 0 | J43: =INDEX(DedicProfObr!$A$4:$W$51,MATCH($B43,DedicProfObr!$A$4:$A$51,0),MATCH(DedicProfObr!$W$4,DedicProfObr!$A$4:$W$4,0)) -> 0 | K43: =ROUND(E43*G43*H43*(I43+J43),0) -> 0
A44: =INDEX(DedicProfObr!$A$4:$X$51,MATCH($B44,DedicProfObr!$A$4:$A$51,0),MATCH(DedicProfObr!$B$4,DedicProfObr!$A$4:$W$4,0)) -> 9100 | B44: =DedicProfObr!A28 -> 1.208 | C44: =INDEX(DedicProfObr!$A$4:$X$49,MATCH($B44,DedicProfObr!$A$4:$A$49,0),MATCH(DedicProfObr!$D$4,DedicProfObr!$A$4:$W$4,0)) -> CONDUCTOR | E44: =INDEX(DedicProfObr!$A$4:$X$51,MATCH($B44,DedicProfObr!$A$4:$A$51,0),MATCH(DedicProfObr!$E$4,DedicProfObr!$A$4:$W$4,0)) -> 2 | F44: =INDEX(DedicProfObr!$A$4:$X$51,MATCH($B44,DedicProfObr!$A$4:$A$51,0),MATCH(DedicProfObr!$F$4,DedicProfObr!$A$4:$W$4,0)) -> N/A | G44: =INDEX(DedicProfObr!$A$4:$X$51,MATCH($B44,DedicProfObr!$A$4:$A$51,0),MATCH(DedicProfObr!$G$4,DedicProfObr!$A$4:$W$4,0)) -> 1389000 | H44: =INDEX(DedicProfObr!$A$4:$X$51,MATCH($B44,DedicProfObr!$A$4:$A$51,0),MATCH(DedicProfObr!$H$4,DedicProfObr!$A$4:$W$4,0)) -> 1.615 | I44: =INDEX(DedicProfObr!$A$4:$W$51,MATCH($B44,DedicProfObr!$A$4:$A$51,0),MATCH(DedicProfObr!$U$4,DedicProfObr!$A$4:$W$4,0)) -> 0.5 | J44: =INDEX(DedicProfObr!$A$4:$W$51,MATCH($B44,DedicProfObr!$A$4:$A$51,0),MATCH(DedicProfObr!$W$4,DedicProfObr!$A$4:$W$4,0)) -> 0 | K44: =ROUND(E44*G44*H44*(I44+J44),0) -> 2243235
B45: =DedicProfObr!A29 -> 1.3 | C45: PERSONAL ADMINISTRATIVO
A46: =INDEX(DedicProfObr!$A$4:$X$51,MATCH($B46,DedicProfObr!$A$4:$A$51,0),MATCH(DedicProfObr!$B$4,DedicProfObr!$A$4:$W$4,0)) -> 9102 | B46: =DedicProfObr!A30 -> 1.301 | C46: =INDEX(DedicProfObr!$A$4:$X$49,MATCH($B46,DedicProfObr!$A$4:$A$49,0),MATCH(DedicProfObr!$D$4,DedicProfObr!$A$4:$W$4,0)) -> ADMINISTRADOR | E46: =INDEX(DedicProfObr!$A$4:$X$51,MATCH($B46,DedicProfObr!$A$4:$A$51,0),MATCH(DedicProfObr!$E$4,DedicProfObr!$A$4:$W$4,0)) -> 0 | F46: =INDEX(DedicProfObr!$A$4:$X$51,MATCH($B46,DedicProfObr!$A$4:$A$51,0),MATCH(DedicProfObr!$F$4,DedicProfObr!$A$4:$W$4,0)) -> N/A | G46: =INDEX(DedicProfObr!$A$4:$X$51,MATCH($B46,DedicProfObr!$A$4:$A$51,0),MATCH(DedicProfObr!$G$4,DedicProfObr!$A$4:$W$4,0)) -> 2879000 | H46: =INDEX(DedicProfObr!$A$4:$X$51,MATCH($B46,DedicProfObr!$A$4:$A$51,0),MATCH(DedicProfObr!$H$4,DedicProfObr!$A$4:$W$4,0)) -> 1.458 | I46: =INDEX(DedicProfObr!$A$4:$W$51,MATCH($B46,DedicProfObr!$A$4:$A$51,0),MATCH(DedicProfObr!$U$4,DedicProfObr!$A$4:$W$4,0)) -> 0 | J46: =INDEX(DedicProfObr!$A$4:$W$51,MATCH($B46,DedicProfObr!$A$4:$A$51,0),MATCH(DedicProfObr!$W$4,DedicProfObr!$A$4:$W$4,0)) -> 0 | K46: =ROUND(E46*G46*H46*(I46+J46),0) -> 0
A47: =INDEX(DedicProfObr!$A$4:$X$51,MATCH($B47,DedicProfObr!$A$4:$A$51,0),MATCH(DedicProfObr!$B$4,DedicProfObr!$A$4:$W$4,0)) -> 9103 | B47: =DedicProfObr!A31 -> 1.302 | C47: =INDEX(DedicProfObr!$A$4:$X$49,MATCH($B47,DedicProfObr!$A$4:$A$49,0),MATCH(DedicProfObr!$D$4,DedicProfObr!$A$4:$W$4,0)) -> ALMACENISTA | E47: =INDEX(DedicProfObr!$A$4:$X$51,MATCH($B47,DedicProfObr!$A$4:$A$51,0),MATCH(DedicProfObr!$E$4,DedicProfObr!$A$4:$W$4,0)) -> 1 | F47: =INDEX(DedicProfObr!$A$4:$X$51,MATCH($B47,DedicProfObr!$A$4:$A$51,0),MATCH(DedicProfObr!$F$4,DedicProfObr!$A$4:$W$4,0)) -> N/A | G47: =INDEX(DedicProfObr!$A$4:$X$51,MATCH($B47,DedicProfObr!$A$4:$A$51,0),MATCH(DedicProfObr!$G$4,DedicProfObr!$A$4:$W$4,0)) -> 2053000 | H47: =INDEX(DedicProfObr!$A$4:$X$51,MATCH($B47,DedicProfObr!$A$4:$A$51,0),MATCH(DedicProfObr!$H$4,DedicProfObr!$A$4:$W$4,0)) -> 1.561 | I47: =INDEX(DedicProfObr!$A$4:$W$51,MATCH($B47,DedicProfObr!$A$4:$A$51,0),MATCH(DedicProfObr!$U$4,DedicProfObr!$A$4:$W$4,0)) -> 0 | J47: =INDEX(DedicProfObr!$A$4:$W$51,MATCH($B47,DedicProfObr!$A$4:$A$51,0),MATCH(DedicProfObr!$W$4,DedicProfObr!$A$4:$W$4,0)) -> 0 | K47: =ROUND(E47*G47*H47*(I47+J47),0) -> 0
A48: =INDEX(DedicProfObr!$A$4:$X$51,MATCH($B48,DedicProfObr!$A$4:$A$51,0),MATCH(DedicProfObr!$B$4,DedicProfObr!$A$4:$W$4,0)) -> 9104 | B48: =DedicProfObr!A32 -> 1.303 | C48: =INDEX(DedicProfObr!$A$4:$X$49,MATCH($B48,DedicProfObr!$A$4:$A$49,0),MATCH(DedicProfObr!$D$4,DedicProfObr!$A$4:$W$4,0)) -> SECRETARIA 1 | E48: =INDEX(DedicProfObr!$A$4:$X$51,MATCH($B48,DedicProfObr!$A$4:$A$51,0),MATCH(DedicProfObr!$E$4,DedicProfObr!$A$4:$W$4,0)) -> 1 | F48: =INDEX(DedicProfObr!$A$4:$X$51,MATCH($B48,DedicProfObr!$A$4:$A$51,0),MATCH(DedicProfObr!$F$4,DedicProfObr!$A$4:$W$4,0)) -> N/A | G48: =INDEX(DedicProfObr!$A$4:$X$51,MATCH($B48,DedicProfObr!$A$4:$A$51,0),MATCH(DedicProfObr!$G$4,DedicProfObr!$A$4:$W$4,0)) -> 1670000 | H48: =INDEX(DedicProfObr!$A$4:$X$51,MATCH($B48,DedicProfObr!$A$4:$A$51,0),MATCH(DedicProfObr!$H$4,DedicProfObr!$A$4:$W$4,0)) -> 1.5869 | I48: =INDEX(DedicProfObr!$A$4:$W$51,MATCH($B48,DedicProfObr!$A$4:$A$51,0),MATCH(DedicProfObr!$U$4,DedicProfObr!$A$4:$W$4,0)) -> 0 | J48: =INDEX(DedicProfObr!$A$4:$W$51,MATCH($B48,DedicProfObr!$A$4:$A$51,0),MATCH(DedicProfObr!$W$4,DedicProfObr!$A$4:$W$4,0)) -> 0 | K48: =ROUND(E48*G48*H48*(I48+J48),0) -> 0
A49: =INDEX(DedicProfObr!$A$4:$X$51,MATCH($B49,DedicProfObr!$A$4:$A$51,0),MATCH(DedicProfObr!$B$4,DedicProfObr!$A$4:$W$4,0)) -> 9105 | B49: =DedicProfObr!A33 -> 1.304 | C49: =INDEX(DedicProfObr!$A$4:$X$49,MATCH($B49,DedicProfObr!$A$4:$A$49,0),MATCH(DedicProfObr!$D$4,DedicProfObr!$A$4:$W$4,0)) -> SECRETARIA 2 | E49: =INDEX(DedicProfObr!$A$4:$X$51,MATCH($B49,DedicProfObr!$A$4:$A$51,0),MATCH(DedicProfObr!$E$4,DedicProfObr!$A$4:$W$4,0)) -> 0 | F49: =INDEX(DedicProfObr!$A$4:$X$51,MATCH($B49,DedicProfObr!$A$4:$A$51,0),MATCH(DedicProfObr!$F$4,DedicProfObr!$A$4:$W$4,0)) -> N/A | G49: =INDEX(DedicProfObr!$A$4:$X$51,MATCH($B49,DedicProfObr!$A$4:$A$51,0),MATCH(DedicProfObr!$G$4,DedicProfObr!$A$4:$W$4,0)) -> 1389000 | H49: =INDEX(DedicProfObr!$A$4:$X$51,MATCH($B49,DedicProfObr!$A$4:$A$51,0),MATCH(DedicProfObr!$H$4,DedicProfObr!$A$4:$W$4,0)) -> 1.615 | I49: =INDEX(DedicProfObr!$A$4:$W$51,MATCH($B49,DedicProfObr!$A$4:$A$51,0),MATCH(DedicProfObr!$U$4,DedicProfObr!$A$4:$W$4,0)) -> 0 | J49: =INDEX(DedicProfObr!$A$4:$W$51,MATCH($B49,DedicProfObr!$A$4:$A$51,0),MATCH(DedicProfObr!$W$4,DedicProfObr!$A$4:$W$4,0)) -> 0 | K49: =ROUND(E49*G49*H49*(I49+J49),0) -> 0
A50: =INDEX(DedicProfObr!$A$4:$X$51,MATCH($B50,DedicProfObr!$A$4:$A$51,0),MATCH(DedicProfObr!$B$4,DedicProfObr!$A$4:$W$4,0)) -> 9575 | B50: =DedicProfObr!A34 -> 1.305 | C50: =INDEX(DedicProfObr!$A$4:$X$49,MATCH($B50,DedicProfObr!$A$4:$A$49,0),MATCH(DedicProfObr!$D$4,DedicProfObr!$A$4:$W$4,0)) -> CELADOR ARMADO 24 HORAS | E50: =INDEX(DedicProfObr!$A$4:$X$51,MATCH($B50,DedicProfObr!$A$4:$A$51,0),MATCH(DedicProfObr!$E$4,DedicProfObr!$A$4:$W$4,0)) -> 1 | F50: =INDEX(DedicProfObr!$A$4:$X$51,MATCH($B50,DedicProfObr!$A$4:$A$51,0),MATCH(DedicProfObr!$F$4,DedicProfObr!$A$4:$W$4,0)) -> N/A | G50: =INDEX(DedicProfObr!$A$4:$X$51,MATCH($B50,DedicProfObr!$A$4:$A$51,0),MATCH(DedicProfObr!$G$4,DedicProfObr!$A$4:$W$4,0)) -> 10981528 | H50: =INDEX(DedicProfObr!$A$4:$X$51,MATCH($B50,DedicProfObr!$A$4:$A$51,0),MATCH(DedicProfObr!$H$4,DedicProfObr!$A$4:$W$4,0)) -> 1 | I50: =INDEX(DedicProfObr!$A$4:$W$51,MATCH($B50,DedicProfObr!$A$4:$A$51,0),MATCH(DedicProfObr!$U$4,DedicProfObr!$A$4:$W$4,0)) -> 0 | J50: =INDEX(DedicProfObr!$A$4:$W$51,MATCH($B50,DedicProfObr!$A$4:$A$51,0),MATCH(DedicProfObr!$W$4,DedicProfObr!$A$4:$W$4,0)) -> 0 | K50: =ROUND(E50*G50*H50*(I50+J50),0) -> 0
C51: SUBTOTAL COSTOS MENSUALES DE PERSONAL | K51: =+SUM(K16:K50) -> 48907654
A53: GASTOS OPERACIONALES MENSUALES.
A54: COD IDU | B54: =B11 -> ÍTEM | C54: DESCRIPCIÓN | E54: CANT. | F54: AREA (M2) | G54: COSTO ($/M2.MES) | H54: DEDICACIÓN MES | I54: DEDICACIÓN X ÁREA (M2) | J54: N. MESES | K54: VALOR ($)
A55: 9576 | B55: 2.01 | C55: ALQUILER MES - ARRIENDO OFICINA INCL. ADMINISTRACIÓN, SERVICIOS PÚBLICOS, COMUNICACIONES | E55: 1 | F55: 70 | G55: 45108 | H55: 0.5 | I55: =F55*H55 -> 35 | J55: =+$E$6 -> 1 | K55: =+J55*G55*I55*E55*H55 -> 789390
A56: 9577 | B56: 2.02 | C56: ALQUILER MES - CAMPAMENTOS INCL. SERVICIOS PÚBLICOS PROVISIONALES | E56: 1 | F56: 100 | G56: 30851 | H56: 0.25 | I56: =F56*H56 -> 25 | J56: =+$E$6 -> 1 | K56: =+J56*G56*I56*E56*H56 -> 192818.75
A57: 9578 | B57: 2.03 | C57: GASTOS OFICINA (PAPELERIA, FOTOCOPIAS Y OTROS) | E57: 1 | F57: N/A | G57: 1043625 | H57: 1 | I57: N/A | J57: =+$E$6 -> 1 | K57: =+J57*G57*H57*E57 -> 1043625
A58: 9117 | B58: 2.04 | C58: EQUIPO COMPLETO DE LABORATORIO - ESTUDIOS - MES | E58: =IF(I42=0,0,E42) -> 0 | F58: N/A | G58: 6399000 | H58: =ROUND(I42/E7,2) -> 0 | I58: N/A | J58: =+$E$6 -> 1 | K58: =+J58*G58*H58*E58 -> 0
A59: 9115 | B59: 2.05 | C59: EQUIPO DE TOPOGRAFÍA. INCLUYE TRÁNSITO, NIVEL Y ELEMENTOS COMPLEMENTARIOS - MES | E59: =IF(I39=0,0,E39) -> 0 | F59: N/A | G59: 4103000 | H59: =I39/J59 -> 0 | I59: N/A | J59: =+$E$6 -> 1 | K59: =+J59*G59*H59*E59 -> 0
A60: 9165 | B60: 2.06 | C60: ALQUILER DE VEHICULO: CAMPERO, PICK-UP, CAMIONETA, CAMION O SIMILAR DE 1300cc A 2000cc DE CILINDRADA, MODELO 2022 A 2019. 100% DE LA TARIFA ESTABLECIDA. INCLUYE TODOS LOS COSTOS DE OPERACIÓN Y MANTENIMIENTO EXCEPTO EL SALARIO DEL CONDUCTOR | E60: =E44 -> 2 | F60: N/A | G60: 7265000 | H60: =I44/J60 -> 0.5 | I60: N/A | J60: =+$E$6 -> 1 | K60: =+J60*G60*H60*E60 -> 7265000
C61: SUBTOTAL GASTOS OPERACIONALES MENSUALES | K61: =+SUM(K55:K60) -> 9290833.8
C63: TOTAL COSTOS PERSONAL + GASTOS OPERACIONALES POR EL TÉRMINO DE EJECUCIÓN | K63: =+K51+K61 -> 58198488

Sheet PPTO_AMB
A1: Indicador | B1: Col_1 | C1: Col_2 | D1: Col_3 | E1: Col_4 | F1: Col_5 | G1: Col_6 | H1: Col_7 | I1: Col_8 | J1: Col_9 | K1: Col_10 | L1: Col_11 | M1: Col_12 | N1: Valor | O1: Filtro
B2: =Base!$C$7 -> FONDO DE DESARROLLO LOCAL DE SUBA | O2: 1
O3: 1
B4: PRESUPUESTO GESTIÓN AMBIENTAL, SEGURIDAD Y SALUD EN EL TRABAJO (SST - SGA) | O4: 1
A5: Dur_Prelim | B5: TERMINO ESTIMADO DE ETAPA DE DIAGNOSTICO | E5: =DedicProfObr!$U$6 -> 1 | F5: MESES | O5: 1
A6: Dur_Obra | B6: TERMINO ESTIMADO DE EJECUCIÓN DE OBRA | E6: =DedicProfObr!$V$6 -> 6 | F6: MESES | O6: 1
A7: Dur_Recibo | B7: TERMINO ESTIMADO DE ETAPA DE ENTREGA | E7: =DedicProfObr!$W$6 -> 0 | F7: MESES | O7: 1
B8: TERMINO ESTIMADO TOTAL DE OBRA | E8: =SUM(E5:E7) -> 7 | F8: MESES | O8: 1
O9: 1
B10: CÓD. IDU | C10: COMPONENTE A. CUMPLIMIENTO A OBLIGACIONES AMBIENTALES Y SST CONTRACTUALES | O10: 1
C11: A1 | D11: PERSONAL TÉCNICO Y PROFESIONAL | O11: 1
C12: ÍTEM | D12: CARGO | H12: CANTIDAD | I12: CATEGORÍA | J12: TARIFA (MES) | K12: FACTOR PRESTACIONAL | L12: DEDICACIÓN FASE DE OBRA (MES) | M12: DEDICACIÓN FASE DE RECIBO (MES) | N12: SALARIO + PRESTACIONES | O12: 1 | Q12: Codigo | R12: Tipo de personal | S12: Cantidad | U12: Replanteo | V12: #REF!
H13: A | J13: D | K13: E | L13: F | M13: G | N13: H = A*D*E*(B*F+C*G) | O13: 1 | Q13: Num_pers_Prel | R13: Numero de Personas Preliminares | S13: 0 | U13: Movimiento de tierras | V13: #REF!
C14: A1.1 | D14: PERSONAL PROFESIONAL (Ingenieros y Otros) | O14: 1 | Q14: Num_Pers_Adm_O | R14: Numero de personas Administración Obra | S14: =SUM(AIU!E18:E44) -> 25 | U14: Uso de maquinaria | V14: #REF!
A15: =IF(#REF!=0,0,H15) -> #REF! | B15: =INDEX(DedicProfObr!$A$4:$X$51,MATCH($C15,DedicProfObr!$A$4:$A$51,0),MATCH(DedicProfObr!$B$4,DedicProfObr!$A$4:$W$4,0)) -> 9112 | C15: A1.1.1 | D15: =INDEX(DedicProfObr!$A$4:$X$51,MATCH($C15,DedicProfObr!$A$4:$A$51,0),MATCH(DedicProfObr!$D$4,DedicProfObr!$A$4:$W$4,0)) -> PROFESIONAL AMBIENTAL | H15: =INDEX(DedicProfObr!$A$4:$X$51,MATCH($C15,DedicProfObr!$A$4:$A$51,0),MATCH(DedicProfObr!$E$4,DedicProfObr!$A$4:$W$4,0)) -> 1 | I15: =INDEX(DedicProfObr!$A$4:$X$51,MATCH($C15,DedicProfObr!$A$4:$A$51,0),MATCH(DedicProfObr!$F$4,DedicProfObr!$A$4:$W$4,0)) -> 6 | J15: =INDEX(DedicProfObr!$A$4:$X$51,MATCH($C15,DedicProfObr!$A$4:$A$51,0),MATCH(DedicProfObr!$G$4,DedicProfObr!$A$4:$W$4,0)) -> 6339000 | K15: =INDEX(DedicProfObr!$A$4:$X$51,MATCH($C15,DedicProfObr!$A$4:$A$51,0),MATCH(DedicProfObr!$H$4,DedicProfObr!$A$4:$W$4,0)) -> 1.4525 | L15: =INDEX(DedicProfObr!$A$4:$W$51,MATCH($C15,DedicProfObr!$A$4:$A$51,0),MATCH(DedicProfObr!$V$4,DedicProfObr!$A$4:$W$4,0)) -> 1.5 | M15: =INDEX(DedicProfObr!$A$4:$W$51,MATCH($C15,DedicProfObr!$A$4:$A$51,0),MATCH(DedicProfObr!$W$4,DedicProfObr!$A$4:$W$4,0)) -> 0 | N15: =ROUND(IF(B15="",0,H15*J15*K15*(L15+M15)),0) -> 13811096 | O15: =IF(N15=0,0,1) -> 1 | Q15: Num_Per_Reci | R15: Numero de personas Administración Recibo | S15: 0 | U15: Cimentaciones profundas | V15: #REF!
A16: =IF(#REF!=0,0,H16) -> #REF! | B16: =INDEX(DedicProfObr!$A$4:$X$51,MATCH($C16,DedicProfObr!$A$4:$A$51,0),MATCH(DedicProfObr!$B$4,DedicProfObr!$A$4:$W$4,0)) -> 9112 | C16: A1.1.2 | D16: =INDEX(DedicProfObr!$A$4:$X$51,MATCH($C16,DedicProfObr!$A$4:$A$51,0),MATCH(DedicProfObr!$D$4,DedicProfObr!$A$4:$W$4,0)) -> RESIDENTE FORESTAL | H16: =INDEX(DedicProfObr!$A$4:$X$51,MATCH($C16,DedicProfObr!$A$4:$A$51,0),MATCH(DedicProfObr!$E$4,DedicProfObr!$A$4:$W$4,0)) -> 1 | I16: =INDEX(DedicProfObr!$A$4:$X$51,MATCH($C16,DedicProfObr!$A$4:$A$51,0),MATCH(DedicProfObr!$F$4,DedicProfObr!$A$4:$W$4,0)) -> 6 | J16: =INDEX(DedicProfObr!$A$4:$X$51,MATCH($C16,DedicProfObr!$A$4:$A$51,0),MATCH(DedicProfObr!$G$4,DedicProfObr!$A$4:$W$4,0)) -> 6339000 | K16: =INDEX(DedicProfObr!$A$4:$X$51,MATCH($C16,DedicProfObr!$A$4:$A$51,0),MATCH(DedicProfObr!$H$4,DedicProfObr!$A$4:$W$4,0)) -> 1.4525 | L16: =INDEX(DedicProfObr!$A$4:$W$51,MATCH($C16,DedicProfObr!$A$4:$A$51,0),MATCH(DedicProfObr!$V$4,DedicProfObr!$A$4:$W$4,0)) -> 0.15 | M16: =INDEX(DedicProfObr!$A$4:$W$51,MATCH($C16,DedicProfObr!$A$4:$A$51,0),MATCH(DedicProfObr!$W$4,DedicProfObr!$A$4:$W$4,0)) -> 0 | N16: =ROUND(IF(B16="",0,H16*J16*K16*(L16+M16)),0) -> 1381110 | O16: =IF(N16=0,0,1) -> 1 | Q16: Num_Pers_Amb_O | R16: Numero de Personas Gestión ambiental Obra | S16: =SUM(H15:H23) -> 10 | U16: Trabajo en alturas | V16: 0
A17: =IF(#REF!=0,0,H17) -> #REF! | B17: =INDEX(DedicProfObr!$A$4:$X$51,MATCH($C17,DedicProfObr!$A$4:$A$51,0),MATCH(DedicProfObr!$B$4,DedicProfObr!$A$4:$W$4,0)) -> 9112 | C17: A1.1.3 | D17: =INDEX(DedicProfObr!$A$4:$X$51,MATCH($C17,DedicProfObr!$A$4:$A$51,0),MATCH(DedicProfObr!$D$4,DedicProfObr!$A$4:$W$4,0)) -> BIÓLOGO O ECÓLOGO | H17: =INDEX(DedicProfObr!$A$4:$X$51,MATCH($C17,DedicProfObr!$A$4:$A$51,0),MATCH(DedicProfObr!$E$4,DedicProfObr!$A$4:$W$4,0)) -> 0 | I17: =INDEX(DedicProfObr!$A$4:$X$51,MATCH($C17,DedicProfObr!$A$4:$A$51,0),MATCH(DedicProfObr!$F$4,DedicProfObr!$A$4:$W$4,0)) -> 6 | J17: =INDEX(DedicProfObr!$A$4:$X$51,MATCH($C17,DedicProfObr!$A$4:$A$51,0),MATCH(DedicProfObr!$G$4,DedicProfObr!$A$4:$W$4,0)) -> 6339000 | K17: =INDEX(DedicProfObr!$A$4:$X$51,MATCH($C17,DedicProfObr!$A$4:$A$51,0),MATCH(DedicProfObr!$H$4,DedicProfObr!$A$4:$W$4,0)) -> 1.4525 | L17: =INDEX(DedicProfObr!$A$4:$W$51,MATCH($C17,DedicProfObr!$A$4:$A$51,0),MATCH(DedicProfObr!$V$4,DedicProfObr!$A$4:$W$4,0)) -> 0 | M17: =INDEX(DedicProfObr!$A$4:$W$51,MATCH($C17,DedicProfObr!$A$4:$A$51,0),MATCH(DedicProfObr!$W$4,DedicProfObr!$A$4:$W$4,0)) -> 0 | N17: =ROUND(IF(B17="",0,H17*J17*K17*(L17+M17)),0) -> 0 | O17: =IF(N17=0,0,1) -> 0 | Q17: Num_Pers_Amb_Recibo | R17: Numero de Personas Gestión ambiental Recibo | S17: 0
A18: =IF(#REF!=0,0,H18) -> #REF! | B18: =INDEX(DedicProfObr!$A$4:$X$51,MATCH($C18,DedicProfObr!$A$4:$A$51,0),MATCH(DedicProfObr!$B$4,DedicProfObr!$A$4:$W$4,0)) -> 9113 | C18: A1.1.4 | D18: =INDEX(DedicProfObr!$A$4:$X$51,MATCH($C18,DedicProfObr!$A$4:$A$51,0),MATCH(DedicProfObr!$D$4,DedicProfObr!$A$4:$W$4,0)) -> RESIDENTE SST | H18: =INDEX(DedicProfObr!$A$4:$X$51,MATCH($C18,DedicProfObr!$A$4:$A$51,0),MATCH(DedicProfObr!$E$4,DedicProfObr!$A$4:$W$4,0)) -> 1 | I18: =INDEX(DedicProfObr!$A$4:$X$51,MATCH($C18,DedicProfObr!$A$4:$A$51,0),MATCH(DedicProfObr!$F$4,DedicProfObr!$A$4:$W$4,0)) -> 7 | J18: =INDEX(DedicProfObr!$A$4:$X$51,MATCH($C18,DedicProfObr!$A$4:$A$51,0),MATCH(DedicProfObr!$G$4,DedicProfObr!$A$4:$W$4,0)) -> 4793000 | K18: =INDEX(DedicProfObr!$A$4:$X$51,MATCH($C18,DedicProfObr!$A$4:$A$51,0),MATCH(DedicProfObr!$H$4,DedicProfObr!$A$4:$W$4,0)) -> 1.454 | L18: =INDEX(DedicProfObr!$A$4:$W$51,MATCH($C18,DedicProfObr!$A$4:$A$51,0),MATCH(DedicProfObr!$V$4,DedicProfObr!$A$4:$W$4,0)) -> 3 | M18: =INDEX(DedicProfObr!$A$4:$W$51,MATCH($C18,DedicProfObr!$A$4:$A$51,0),MATCH(DedicProfObr!$W$4,DedicProfObr!$A$4:$W$4,0)) -> 0 | N18: =ROUND(IF(B18="",0,H18*J18*K18*(L18+M18)),0) -> 20907066 | O18: =IF(N18=0,0,1) -> 1 | Q18: Num_Pers_Soc_O | R18: Numero de Personas Gestión Social Obra | S18: =SUM(PPTO_SOCIAL!H14:H16) -> 3
A19: =IF(#REF!=0,0,H19) -> #REF! | B19: =INDEX(DedicProfObr!$A$4:$X$51,MATCH($C19,DedicProfObr!$A$4:$A$51,0),MATCH(DedicProfObr!$B$4,DedicProfObr!$A$4:$W$4,0)) -> 9113 | C19: A1.1.5 | D19: =INDEX(DedicProfObr!$A$4:$X$51,MATCH($C19,DedicProfObr!$A$4:$A$51,0),MATCH(DedicProfObr!$D$4,DedicProfObr!$A$4:$W$4,0)) -> RESIDENTE MAQUINARIA Y EQUIPOS | H19: =INDEX(DedicProfObr!$A$4:$X$51,MATCH($C19,DedicProfObr!$A$4:$A$51,0),MATCH(DedicProfObr!$E$4,DedicProfObr!$A$4:$W$4,0)) -> 1 | I19: =INDEX(DedicProfObr!$A$4:$X$51,MATCH($C19,DedicProfObr!$A$4:$A$51,0),MATCH(DedicProfObr!$F$4,DedicProfObr!$A$4:$W$4,0)) -> 7 | J19: =INDEX(DedicProfObr!$A$4:$X$51,MATCH($C19,DedicProfObr!$A$4:$A$51,0),MATCH(DedicProfObr!$G$4,DedicProfObr!$A$4:$W$4,0)) -> 4793000 | K19: =INDEX(DedicProfObr!$A$4:$X$51,MATCH($C19,DedicProfObr!$A$4:$A$51,0),MATCH(DedicProfObr!$H$4,DedicProfObr!$A$4:$W$4,0)) -> 1.454 | L19: =INDEX(DedicProfObr!$A$4:$W$51,MATCH($C19,DedicProfObr!$A$4:$A$51,0),MATCH(DedicProfObr!$V$4,DedicProfObr!$A$4:$W$4,0)) -> 3 | M19: =INDEX(DedicProfObr!$A$4:$W$51,MATCH($C19,DedicProfObr!$A$4:$A$51,0),MATCH(DedicProfObr!$W$4,DedicProfObr!$A$4:$W$4,0)) -> 0 | N19: =ROUND(IF(B19="",0,H19*J19*K19*(L19+M19)),0) -> 20907066 | O19: =IF(N19=0,0,1) -> 1 | Q19: Num_Pers_Soc_R | R19: Numero de Personas Gestión Social recibo | S19: 0
A20: =IF(#REF!=0,0,H20) -> #REF! | C20: 1.2 | D20: PERSONAL TÉCNICO Y PERSONAL AUXILIAR (PERSONAL DE APOYO, INPECTOR AMBIENTAL O SST) | O20: 1 | Q20: Num_Pers_PMT_O | R20: Numero de Personas PMT Obra | S20: =SUM(PPTO_PMT!H14:H19) -> 10
A21: =IF(#REF!=0,0,H21) -> #REF! | B21: 9094 | C21: A1.2.1 | D21: =INDEX(DedicProfObr!$A$4:$X$51,MATCH($C21,DedicProfObr!$A$4:$A$51,0),MATCH(DedicProfObr!$D$4,DedicProfObr!$A$4:$W$4,0)) -> PERSONAL TÉCNICO Y PERSONAL AUXILIAR (PERSONAL DE APOYO, INPECTOR AMBIENTAL O SST) | H21: 2 | I21: =INDEX(DedicProfObr!$A$4:$X$51,MATCH($C21,DedicProfObr!$A$4:$A$51,0),MATCH(DedicProfObr!$F$4,DedicProfObr!$A$4:$W$4,0)) -> N/A | J21: =INDEX(DedicProfObr!$A$4:$X$51,MATCH($C21,DedicProfObr!$A$4:$A$51,0),MATCH(DedicProfObr!$G$4,DedicProfObr!$A$4:$W$4,0)) -> 2025000 | K21: =INDEX(DedicProfObr!$A$4:$X$51,MATCH($C21,DedicProfObr!$A$4:$A$51,0),MATCH(DedicProfObr!$H$4,DedicProfObr!$A$4:$W$4,0)) -> 1.5625 | L21: =INDEX(DedicProfObr!$A$4:$W$51,MATCH($C21,DedicProfObr!$A$4:$A$51,0),MATCH(DedicProfObr!$V$4,DedicProfObr!$A$4:$W$4,0)) -> 6 | M21: =INDEX(DedicProfObr!$A$4:$W$51,MATCH($C21,DedicProfObr!$A$4:$A$51,0),MATCH(DedicProfObr!$W$4,DedicProfObr!$A$4:$W$4,0)) -> 0 | N21: =ROUND(IF(B21="",0,H21*J21*K21*(L21+M21)),0) -> 37968750 | O21: =IF(N21=0,0,1) -> 1 | Q21: Num_Pers_PMT_R | R21: Numero de Personas PMT Recibo | S21: 0
A22: =IF(#REF!=0,0,H22) -> #REF! | C22: 1.3 | D22: PERSONAL TÉCNICO Y PERSONAL AUXILIAR (CUADRILLA ORDEN Y ASEO) | O22: 1 | Q22: Num_per_Obra | R22: Numero de Personas Obra | S22: 25
A23: =IF(#REF!=0,0,H23) -> #REF! | B23: 9455 | C23: A1.3.1 | D23: =INDEX(DedicProfObr!$A$4:$X$51,MATCH($C23,DedicProfObr!$A$4:$A$51,0),MATCH(DedicProfObr!$D$4,DedicProfObr!$A$4:$W$4,0)) -> PERSONAL TÉCNICO Y PERSONAL AUXILIAR (CUADRILLA ORDEN Y ASEO) | H23: 4 | I23: =INDEX(DedicProfObr!$A$4:$X$51,MATCH($C23,DedicProfObr!$A$4:$A$51,0),MATCH(DedicProfObr!$F$4,DedicProfObr!$A$4:$W$4,0)) -> N/A | J23: =INDEX(DedicProfObr!$A$4:$X$51,MATCH($C23,DedicProfObr!$A$4:$A$51,0),MATCH(DedicProfObr!$G$4,DedicProfObr!$A$4:$W$4,0)) -> 1160000 | K23: =INDEX(DedicProfObr!$A$4:$X$51,MATCH($C23,DedicProfObr!$A$4:$A$51,0),MATCH(DedicProfObr!$H$4,DedicProfObr!$A$4:$W$4,0)) -> 1.648 | L23: =INDEX(DedicProfObr!$A$4:$W$51,MATCH($C23,DedicProfObr!$A$4:$A$51,0),MATCH(DedicProfObr!$V$4,DedicProfObr!$A$4:$W$4,0)) -> 6 | M23: =INDEX(DedicProfObr!$A$4:$W$51,MATCH($C23,DedicProfObr!$A$4:$A$51,0),MATCH(DedicProfObr!$W$4,DedicProfObr!$A$4:$W$4,0)) -> 0 | N23: =ROUND(IF(B23="",0,H23*J23*K23*(L23+M23)),0) -> 45880320 | O23: =IF(N23=0,0,1) -> 1 | Q23: Num_tot_Obra | R23: Número de Personas Totales Obra | S23: =S14+S16+S18+S20+S22 -> 73
B24: ="SUBTOTAL "&D11 -> SUBTOTAL PERSONAL TÉCNICO Y PROFESIONAL | N24: =SUM(N15:N23) -> 140855408 | O24: 1 | Q24: Num_tot_Reci | R24: Número personas Totales Recibo | S24: 0
O25: 1
B26: CÓD. IDU | C26: A2 | D26: CAPACITACIÓN AMBIENTAL AL PERSONAL DE OBRA | O26: 1
C27: ÍTEM | D27: DESCRIPCIÓN | F27: ESPECIFICACIÓN | J27: UM | K27: VALOR UNITARIO | M27: CANTIDAD | N27: VALOR ($) | O27: 1
B28: 7870 | C28: A2.1 | D28: CAPACITACIÓN AMBIENTAL AL PERSONAL DE OBRA | F28: VÍDEO BEAM - ALQUILER POR DIA | J28: DIA | K28: 107100 | M28: =0.5*ROUNDUP($E$5,0) -> 0.5 | N28: =ROUND(K28*M28,0) -> 53550 | O28: =IF(N28=0,0,1) -> 1
B29: 7896 | F29: IMPRESIÓN HOJA CARTA, A 1X0 TINTAS EN PAPEL BOND DE 75 GR. | J29: UN | K29: 95 | M29: =1*INDEX($Q$12:$S$24,MATCH($Q$23,$Q$12:$Q$24,0),3)*2 -> 146 | N29: =ROUND(K29*M29,0) -> 13870 | O29: =IF(N29=0,0,1) -> 1
B30: ="SUBTOTAL "&D26 -> SUBTOTAL CAPACITACIÓN AMBIENTAL AL PERSONAL DE OBRA | N30: =SUM(N28:N29) -> 67420 | O30: =IF(N30=0,0,1) -> 1
O31: 1
B32: ="SUBTOTAL "&C10 -> SUBTOTAL COMPONENTE A. CUMPLIMIENTO A OBLIGACIONES AMBIENTALES Y SST CONTRACTUALES | N32: =N24+N30 -> 140922828 | O32: 1
O33: 1
B34: COMPONENTE B. MANEJO AMBIENTAL EN LA EJECUCION DE ACTIVIDADES CONSTRUCTIVAS | O34: 1
B35: CÓD. IDU | C35: B1 | D35: MANEJO INTEGRAL DE CAMPAMENTOS FIJOS O TEMPORALES | O35: 1
C36: ÍTEM | D36: DESCRIPCIÓN | F36: ESPECIFICACIÓN | J36: UM | K36: VALOR UNITARIO | M36: CANTIDAD | N36: VALOR ($) | O36: 1
B37: 7558 | C37: B1.1 | D37: ALQUILER BAÑOS | F37: BAÑO TIPO FLUSHING | J37: UN/MES | K37: 465433 | M37: =2*ROUNDUP($E$6,0) -> 12 | N37: =ROUND(K37*M37,0) -> 5585196 | O37: =IF(N37=0,0,1) -> 1
B38: 7559 | C38: B1.2 | D38: ADECUACIÓN DE CENTRO DE ACOPIO DE MATERIALES | F38: TELA VERDE DE CERRAMIENTO (2.10mx250) | J38: M2 | K38: 793 | M38: 100 | N38: =ROUND(K38*M38,0) -> 79300 | O38: 1
B39: 7285 | C39: B1.3 | F39: VARA DE CORREDOR 6.0 M | J39: UN | K39: 12390 | M39: 25 | N39: =ROUND(K39*M39,0) -> 309750 | O39: 1
B40: 7556 | C40: B1.5 | F40: PLASTICO NEGRO CALIBRE 6 | J40: M2 | K40: 1312 | M40: 100 | N40: =ROUND(K40*M40,0) -> 131200 | O40: 1
B41: 1794 | C41: B1.6 | F41: ALAMBRE RECOCIDO No.18 | J41: KG | K41: 4284 | M41: 5 | N41: =ROUND(K41*M41,0) -> 21420 | O41: 1
B42: 8478 | C42: B1.7 | F42: TEJA DE ZINC 800 x 2438 | J42: UN | K42: 23900 | M42: =ROUNDUP((M38/2.5/10)^2/(0.8*2.4),0) -> 9 | N42: =ROUND(K42*M42,0) -> 215100 | O42: 1
B43: ="SUBTOTAL "&D35 -> SUBTOTAL MANEJO INTEGRAL DE CAMPAMENTOS FIJOS O TEMPORALES | N43: =SUM(N37:N42) -> 6341966 | O43: 1
O44: 1
B45: CÓD. IDU | C45: B2 | D45: MANEJO DE MATERIALES DE CONSTRUCCIÓN | O45: 1
C46: ÍTEM | D46: DESCRIPCIÓN | F46: ESPECIFICACIÓN | J46: UM | K46: VALOR UNITARIO | M46: CANTIDAD | N46: VALOR ($) | O46: 1
B47: 7556 | C47: B2.1 | D47: DEMARCACIÓN Y CONTROL DE SEDIMENTOS PARA ZANJAS Y EXCAVACIONES CERRAMIENTO Y DEMARCACIÓN DE ACOPIOS TEMPORALES DE MATERIALES | F47: PLASTICO NEGRO CALIBRE 6 | J47: M2 | K47: 1312 | M47: 100 | N47: =ROUND(K47*M47,0) -> 131200 | O47: =IF(N47=0,0,1) -> 1
B48: 7554 | F48: SEÑALIZACION TUBULAR COLOMBINA PLASTICA | J48: UN | K48: 43962 | M48: 50 | N48: =ROUND(K48*M48,0) -> 2198100 | O48: =IF(N48=0,0,1) -> 1
B49: Ins_001 | F49: ESTIBAS DE MADERA | J49: UN | K49: 20230 | M49: 50 | N49: =ROUND(K49*M49,0) -> 1011500 | O49: =IF(N49=0,0,1) -> 1
B50: 7555 | F50: CINTA DE SEÑALIZACION CAL 4 (ROLLO 500mx0.10m) | J50: UN | K50: 37188 | M50: 8 | N50: =ROUND(K50*M50,0) -> 297504 | O50: =IF(N50=0,0,1) -> 1
B51: ="SUBTOTAL "&D45 -> SUBTOTAL MANEJO DE MATERIALES DE CONSTRUCCIÓN | N51: =SUM(N47:N50) -> 3638304 | O51: =IF(N51=0,0,1) -> 1
O52: 1
B53: CÓD. IDU | C53: B3 | D53: MANEJO INTEGRAL DE RESIDUOS SÓLIDOS | O53: 1
C54: ÍTEM | D54: DESCRIPCIÓN | F54: ESPECIFICACIÓN | J54: UM | K54: VALOR UNITARIO | M54: CANTIDAD | N54: VALOR ($) | O54: 1
B55: 9290 | C55: B3.1 | D55: PUNTOS DE RECICLAJE DE RESIDUOS (FRENTES DE OBRA) | F55: CANECA PLÁSTICA NEGRA DE 55 GALONES CON TAPA PLANA. | J55: UN | K55: 122000 | M55: 5 | N55: =ROUND(K55*M55,0) -> 610000 | O55: =IF(N55=0,0,1) -> 1
B56: 7559 | C56: B3.2 | F56: TELA VERDE DE CERRAMIENTO (2.10mx250) | J56: M2 | K56: 793 | M56: 100 | N56: =ROUND(K56*M56,0) -> 79300 | O56: =IF(N56=0,0,1) -> 1
B57: 7285 | C57: B3.3 | F57: VARA DE CORREDOR 6.0 M | J57: UN | K57: 12390 | M57: 10 | N57: =ROUND(K57*M57,0) -> 123900 | O57: =IF(N57=0,0,1) -> 1
B58: 8478 | C58: B3.4 | F58: TEJA DE ZINC 800 x 2438 | J58: UN | K58: 23900 | M58: 2 | N58: =ROUND(K58*M58,0) -> 47800 | O58: =IF(N58=0,0,1) -> 1
B59: 9287 | C59: B3.5 | D59: KIT DE BRIGADA, ORDEN, ASEO Y LIMPIEZA | F59: PALA REDONDA No. 2 CON CABO | J59: UN | K59: 19517 | M59: =3 -> 3 | N59: =ROUND(K59*M59,0) -> 58551 | O59: =IF(N59=0,0,1) -> 1
B60: 7812 | C60: B3.6 | F60: CARRETILLA RUEDA NEUMATICA PLATON METALICO CAPACIDAD CINCO PIES CUBICOS MANGO MADERA TIPO BUGGY | J60: UN | K60: 201100 | M60: 2 | N60: =ROUND(K60*M60,0) -> 402200 | O60: =IF(N60=0,0,1) -> 1
B61: 7811 | C61: B3.7 | F61: CEPILLO INDUSTRIAL DE NYLON CON CABO DE 35CM A 42CM X 9CM X 17CM | J61: UN | K61: 13978 | M61: 3 | N61: =ROUND(K61*M61,0) -> 41934 | O61: =IF(N61=0,0,1) -> 1
B62: 7813 | C62: B3.8 | F62: BARRA DE 18LB CON PUNTA Y PALA 150CM X 10CM | J62: UN | K62: 64260 | M62: 2 | N62: =ROUND(K62*M62,0) -> 128520 | O62: =IF(N62=0,0,1) -> 1
B63: 7814 | C63: B3.10 | F63: SERRUCHO DE 20" DIENTE ENDURECIDO | J63: UN | K63: 37900 | M63: 1 | N63: =ROUND(K63*M63,0) -> 37900 | O63: =IF(N63=0,0,1) -> 1
B64: 9280 | C64: B3.11 | F64: BOLSA PARA BASURA TIPO INDUSTRIAL NEGRA DE 60 x 90 Cm CALIBRE 2 (PAQUETE DE 30 UNIDADES) | J64: UN | K64: 10042 | M64: =1*ROUNDUP($E$6,0) -> 6 | N64: =ROUND(K64*M64,0) -> 60252 | O64: =IF(N64=0,0,1) -> 1
B65: 7306 | C65: B3.12 | F65: CINTA DE DEMARCACION Cal. 3 (ROLLO 500mx0.10m) | J65: UN | K65: 28649 | M65: =1*ROUNDUP($E$6,0) -> 6 | N65: =ROUND(K65*M65,0) -> 171894 | O65: =IF(N65=0,0,1) -> 1
B66: 7559 | C66: B3.13 | D66: SECADO DE LODOS | F66: TELA VERDE DE CERRAMIENTO (2.10mx250) | J66: M2 | K66: 793 | M66: 20 | N66: =ROUND(K66*M66,0) -> 15860 | O66: =IF(N66=0,0,1) -> 1
B67: 7285 | C67: B3.14 | F67: VARA DE CORREDOR 6.0 M | J67: UN | K67: 12390 | M67: 10 | N67: =ROUND(K67*M67,0) -> 123900 | O67: =IF(N67=0,0,1) -> 1
B68: 8478 | C68: B3.15 | F68: TEJA DE ZINC 800 x 2438 | J68: UN | K68: 23900 | M68: 3 | N68: =ROUND(K68*M68,0) -> 71700 | O68: =IF(N68=0,0,1) -> 1
B69: 7557 | C69: B3.16 | F69: BOLSA DE LONA | J69: UN | K69: 1018 | M69: 100 | N69: =ROUND(K69*M69,0) -> 101800 | O69: =IF(N69=0,0,1) -> 1
B70: 7556 | C70: B3.17 | F70: PLASTICO NEGRO CALIBRE 6 | J70: M2 | K70: 1312 | M70: 100 | N70: =ROUND(K70*M70,0) -> 131200 | O70: =IF(N70=0,0,1) -> 1
B71: 6159 | C71: B3.18 | F71: TUBERIA CONCRETO CL.2 D=12" (30cm) | J71: ML | K71: 111197 | M71: 5 | N71: =ROUND(K71*M71,0) -> 555985 | O71: =IF(N71=0,0,1) -> 1
B72: ="SUBTOTAL "&D53 -> SUBTOTAL MANEJO INTEGRAL DE RESIDUOS SÓLIDOS | N72: =SUM(N55:N71) -> 2762696 | O72: =IF(N72=0,0,1) -> 1
O73: 1
B74: CÓD. IDU | C74: B4 | D74: CONTROL DE EMISIONES ATMOSFÉRICAS | O74: 1
C75: ÍTEM | D75: DESCRIPCIÓN | F75: ESPECIFICACIÓN | J75: UM | K75: VALOR UNITARIO | M75: CANTIDAD | N75: VALOR ($) | O75: 1
B76: 5366 | C76: B4.1 | D76: CERRAMIENTO PERIMETRAL OBRA | F76: POLISOMBRA VERDE PARA CERRAMIENTO. SUMINISTRO E INSTALACION. | J76: M2 | K76: 2646 | M76: 700 | N76: =ROUND(K76*M76,0) -> 1852200 | O76: 1
B77: 9325 | C77: B4.2 | D77: HUMEDECIMIENTO ÁREAS DE TRABAJO | F77: CARROTANQUE IRRIGADOR DE AGUA - VIAJE | J77: VIAJE | K77: 210000 | M77: 2 | N77: =ROUND(K77*M77,0) -> 420000 | O77: =IF(N77=0,0,1) -> 1
N78: =SUM(N76:N77) -> 2272200 | O78: 1
O79: 1
B80: CÓD. IDU | C80: B5 | D80: MANEJO INTEGRAL DE CUERPOS DE AGUA Y SUMIDEROS | O80: 1
C81: ÍTEM | D81: DESCRIPCIÓN | F81: ESPECIFICACIÓN | J81: UM | K81: VALOR UNITARIO | M81: CANTIDAD | N81: VALOR ($) | O81: 1
B82: 6807 | C82: B5.1 | D82: PROTECCIÓN DE TABLONES DE MADERA | F82: FORMALETA MADERA SUMIDEROS | J82: M2 | K82: 41319 | M82: 50 | N82: =ROUND(K82*M82,0) -> 2065950 | O82: =IF(N82=0,0,1) -> 1
B83: 5168 | C83: B5.2 | D83: PROTECCIÓN DE POZOS Y SUMIDEROS | F83: PROTECCION A SUMIDEROS (INCLUYE SUMINISTRO Y COLOCACIÓN DE BOLSAS DE LONA Y GEOTEXTIL NT 1600 O SIMILAR). | J83: UN/MES | K83: 10121 | M83: 120 | N83: =ROUND(K83*M83,0) -> 1214520 | O83: =IF(N83=0,0,1) -> 1
B84: ="SUBTOTAL "&D80 -> SUBTOTAL MANEJO INTEGRAL DE CUERPOS DE AGUA Y SUMIDEROS | N84: =SUM(N82:N83) -> 3280470 | O84: =IF(N84=0,0,1) -> 1
O85: 1
B86: CÓD. IDU | C86: B6 | D86: MANEJO DE COMBUSTIBLES Y ACEITES Y/O SUSTANCIAS PELIGROSAS | O86: 1
C87: ÍTEM | D87: DESCRIPCIÓN | F87: ESPECIFICACIÓN | J87: UM | K87: VALOR UNITARIO | M87: CANTIDAD | N87: VALOR ($) | O87: 1
B88: 7556 | C88: B6.1 | D88: POLIETILENO NEGRO | F88: PLASTICO NEGRO CALIBRE 6 | J88: M2 | K88: 1312 | M88: 10 | N88: =ROUND(K88*M88,0) -> 13120 | O88: =IF(N88=0,0,1) -> 1
B89: Ins_002 | C89: B6.2 | D89: KIT CON ABSORVENTES DE EMERGENCIA | F89: KIT AMBIENTAL DE 40 GALON ANTI DERRAMES | J89: UN | K89: 178381 | M89: 1 | N89: =ROUND(K89*M89,0) -> 178381 | O89: 1
B90: Ins_003 | C90: B6.3 | D90: PALETA/TARIMA DE CONTENCION DE DERRAMES | F90: BANDEJA DE 100 LITROS CON REJILLA | J90: UN | K90: 547281 | M90: 1 | N90: =ROUND(K90*M90,0) -> 547281 | O90: 1
B91: ="SUBTOTAL "&D86 -> SUBTOTAL MANEJO DE COMBUSTIBLES Y ACEITES Y/O SUSTANCIAS PELIGROSAS | N91: =SUM(N88:N90) -> 738782 | O91: =IF(N91=0,0,1) -> 1
O92: 1
B93: ="SUBTOTAL "&B34 -> SUBTOTAL COMPONENTE B. MANEJO AMBIENTAL EN LA EJECUCION DE ACTIVIDADES CONSTRUCTIVAS | N93: =+N43+N51+N72+N78+N84+N91 -> 19034418 | O93: 1
O94: 1
B95: COMPONENTE C. MANEJO DE LA VEGETACION Y PAISAJISMO | O95: 1
B96: CÓD. IDU | C96: C1 | D96: REVENCIÓN DE DAÑO A LA VEGETACIÓN | O96: 1
C97: ÍTEM | D97: DESCRIPCIÓN | F97: ESPECIFICACIÓN | J97: UM | K97: VALOR UNITARIO | M97: CANTIDAD | N97: VALOR ($) | O97: 1
B98: 7820 | C98: C1.1 | D98: PROTECCIÓN DE VEGETECIÓN | F98: PROTECCIÓN A ÁRBOLES (INCLUYE SUMINISTRO Y COLOCACIÓN DE DURMIENTES DE 2.90M X 0.04M X 0.04M Y POLISOMBRA AL 47% DE TAL MANERA QUE GARANTICE LA PROTECCIÓN AL INDIVIDUO VEGETAL. | J98: UN | K98: 22780 | M98: 0 | N98: =ROUND(K98*M98,0) -> 0 | O98: =IF(N98=0,0,1) -> 0
B99: ="SUBTOTAL "&D96 -> SUBTOTAL REVENCIÓN DE DAÑO A LA VEGETACIÓN | N99: =SUM(N98:N98) -> 0 | O99: =IF(N99=0,0,1) -> 0
O100: 1
...

Sheet PPTO_SOCIAL
A1: Indicador | B1: Col_1 | C1: Col_2 | D1: Col_3 | E1: Col_4 | F1: Col_5 | G1: Col_6 | H1: Col_7 | I1: Col_8 | J1: Col_9 | K1: Col_10 | L1: Col_11 | M1: Col_12 | N1: Valor | O1: Filtro
B2: =Base!$C$7 -> FONDO DE DESARROLLO LOCAL DE SUBA | O2: 1
O3: 1
B4: COMPONENTE GESTIÓN SOCIAL | O4: 1
A5: Dur_Prelim | B5: TERMINO ESTIMADO DE EJECUCIÓN DE OBRA | E5: =DedicProfObr!$V$6 -> 6 | F5: MESES | O5: 1
A6: Dur_Obra | B6: TERMINO ESTIMADO DE ETAPA DE DIAGNOSTICO | E6: =DedicProfObr!$U$6 -> 1 | F6: MESES | O6: 1
A7: Dur_Recibo | B7: TERMINO ESTIMADO DE ETAPA DE ENTREGA | E7: =DedicProfObr!$W$6 -> 0 | F7: MESES | O7: 1
B8: TERMINO ESTIMADO TOTAL DE OBRA | E8: =SUM(E5:E7) -> 7 | F8: MESES | O8: 1
O9: 1
B10: COMPONENTE A. PERSONAL TÉCNICO Y PROFESIONAL | O10: 1
B11: CÓD. IDU | C11: ÍTEM | D11: CARGO | H11: CANTIDAD | I11: CATEGORÍA | J11: TARIFA (MES) | K11: FACTOR PRESTACIONAL | L11: N. MESES OBRA | M11: N. MESES RECIBO | N11: SALARIO + PRESTACIONES | O11: 1
H12: A | J12: D | K12: E | L12: F | M12: G | N12: H = A*D*E*(B*F+C*G) | O12: 1
C13: A1 | D13: PERSONAL PROFESIONAL (Ingenieros y Otros) | O13: 1
A14: =H14 -> 1 | B14: =INDEX(DedicProfObr!$A$4:$X$51,MATCH($C14,DedicProfObr!$A$4:$A$51,0),MATCH(DedicProfObr!$B$4,DedicProfObr!$A$4:$W$4,0)) -> 9112 | C14: A1.1-S | D14: =INDEX(DedicProfObr!$A$4:$X$51,MATCH($C14,DedicProfObr!$A$4:$A$51,0),MATCH(DedicProfObr!$D$4,DedicProfObr!$A$4:$W$4,0)) -> RESIDENTE SOCIAL | H14: =INDEX(DedicProfObr!$A$4:$X$51,MATCH($C14,DedicProfObr!$A$4:$A$51,0),MATCH(DedicProfObr!$E$4,DedicProfObr!$A$4:$W$4,0)) -> 1 | I14: =INDEX(DedicProfObr!$A$4:$X$51,MATCH($C14,DedicProfObr!$A$4:$A$51,0),MATCH(DedicProfObr!$F$4,DedicProfObr!$A$4:$W$4,0)) -> 6 | J14: =INDEX(DedicProfObr!$A$4:$X$51,MATCH($C14,DedicProfObr!$A$4:$A$51,0),MATCH(DedicProfObr!$G$4,DedicProfObr!$A$4:$W$4,0)) -> 6339000 | K14: =INDEX(DedicProfObr!$A$4:$X$51,MATCH($C14,DedicProfObr!$A$4:$A$51,0),MATCH(DedicProfObr!$H$4,DedicProfObr!$A$4:$W$4,0)) -> 1.4525 | L14: =INDEX(DedicProfObr!$A$4:$W$51,MATCH($C14,DedicProfObr!$A$4:$A$51,0),MATCH(DedicProfObr!$V$4,DedicProfObr!$A$4:$W$4,0)) -> 6 | M14: =INDEX(DedicProfObr!$A$4:$W$51,MATCH($C14,DedicProfObr!$A$4:$A$51,0),MATCH(DedicProfObr!$W$4,DedicProfObr!$A$4:$W$4,0)) -> 0 | N14: =ROUND(IF(B14="",0,H14*J14*K14*(L14+M14)),0) -> 55244385 | O14: =IF(N14=0,0,1) -> 1
C15: A2 | D15: PERSONAL TÉCNICO Y PERSONAL AUXILIAR - GUIA CIVICO | O15: 1
A16: =H16 -> 2 | B16: =INDEX(DedicProfObr!$A$4:$X$51,MATCH($C16,DedicProfObr!$A$4:$A$51,0),MATCH(DedicProfObr!$B$4,DedicProfObr!$A$4:$W$4,0)) -> 9455 | C16: A2.1-S | D16: =INDEX(DedicProfObr!$A$4:$X$51,MATCH($C16,DedicProfObr!$A$4:$A$51,0),MATCH(DedicProfObr!$D$4,DedicProfObr!$A$4:$W$4,0)) -> PERSONAL TÉCNICO Y PERSONAL AUXILIAR - GUIA CIVICO | H16: =INDEX(DedicProfObr!$A$4:$X$51,MATCH($C16,DedicProfObr!$A$4:$A$51,0),MATCH(DedicProfObr!$E$4,DedicProfObr!$A$4:$W$4,0)) -> 2 | I16: =INDEX(DedicProfObr!$A$4:$X$51,MATCH($C16,DedicProfObr!$A$4:$A$51,0),MATCH(DedicProfObr!$F$4,DedicProfObr!$A$4:$W$4,0)) -> N/A | J16: =INDEX(DedicProfObr!$A$4:$X$51,MATCH($C16,DedicProfObr!$A$4:$A$51,0),MATCH(DedicProfObr!$G$4,DedicProfObr!$A$4:$W$4,0)) -> 1160000 | K16: =INDEX(DedicProfObr!$A$4:$X$51,MATCH($C16,DedicProfObr!$A$4:$A$51,0),MATCH(DedicProfObr!$H$4,DedicProfObr!$A$4:$W$4,0)) -> 1.648 | L16: =INDEX(DedicProfObr!$A$4:$W$51,MATCH($C16,DedicProfObr!$A$4:$A$51,0),MATCH(DedicProfObr!$V$4,DedicProfObr!$A$4:$W$4,0)) -> 6 | M16: =INDEX(DedicProfObr!$A$4:$W$51,MATCH($C16,DedicProfObr!$A$4:$A$51,0),MATCH(DedicProfObr!$W$4,DedicProfObr!$A$4:$W$4,0)) -> 0 | N16: =ROUND(IF(B16="",0,H16*J16*K16*(L16+M16)),0) -> 22940160 | O16: =IF(N16=0,0,1) -> 1
O17: 1
B18: ="SUBTOTAL "&B10 -> SUBTOTAL COMPONENTE A. PERSONAL TÉCNICO Y PROFESIONAL | N18: =SUM(N14:N16) -> 78184545 | O18: 1
O19: 1
B20: COMPONENTE B. PROGEMA PARA DIÁLOGO CIUDADANO Y COMUNICACIÓN ESTRATÉGICA PARA OBRAS DEL IDU | O20: 1
B21: B1 | C21: PROGRAMA DE INFORMACIÓN | O21: 1
B22: CÓD. IDU | C22: ÍTEM | D22: DESCRIPCIÓN | F22: ESPECIFICACIÓN | J22: UM | K22: VALOR UNITARIO | M22: CANTIDAD | N22: VALOR ($) | O22: 1
B23: 7870 | C23: B1.1 | D23: ALQUILER DE VIDEO BEAM | F23: VÍDEO BEAM - ALQUILER POR DIA | J23: DIA | K23: 107100 | M23: =(ROUNDUP($E$6,0)+2)/2 -> 1.5 | N23: =ROUND(K23*M23,0) -> 160650 | O23: =IF(N23=0,0,1) -> 1
B24: ="SUBTOTAL "&B21&" "&C21 -> SUBTOTAL B1 PROGRAMA DE INFORMACIÓN | N24: =SUM(N23) -> 160650 | O24: 1
O25: 1
B26: B2 | C26: PROGRAMA DE DIVULGACIÓN AL CIUDADANO | O26: 1
B27: CÓD. IDU | C27: ÍTEM | D27: DESCRIPCIÓN | F27: ESPECIFICACIÓN | J27: UM | K27: VALOR UNITARIO | M27: CANTIDAD | N27: VALOR ($) | O27: 1
B28: 7901 | C28: B2.1 | D28: VOLANTES DE INFORMACIÓN GENERAL | F28: VOLANTES TAMAÑO 1/2 CARTA POLICROMÍA COTE DE 115 GR. | J28: UN | K28: 83 | M28: =20*49 -> 980 | N28: =ROUND(K28*M28,0) -> 81340 | O28: =IF(N28=0,0,1) -> 1
B29: 7900 | C29: B2.2 | D29: VOLANTE DE INFORMACIÓN A LA COMUNIDAD Y VOLANTES DIVULGACIÓN PMT (TAMAÑO CARTA, PAPEL BOND) | F29: VOLANTES TAMAÑO CARTA POLICROMÍA DE 114 GR. | J29: UN | K29: 167 | M29: =M28 -> 980 | N29: =ROUND(K29*M29,0) -> 163660 | O29: =IF(N29=0,0,1) -> 1
B30: 7900 | C30: B2.3 | D30: VOLANTE DE INFORMACIÓN ACTAS DE COMPROMISO INICIALES (FOTOCOPIAS TAMAÑO CARTA, PAPEL BOND) | F30: VOLANTES TAMAÑO CARTA POLICROMÍA DE 114 GR. | J30: UN | K30: 167 | M30: =M29 -> 980 | N30: =ROUND(K30*M30,0) -> 163660 | O30: =IF(N30=0,0,1) -> 1
B31: 7901 | C31: B2.4 | D31: VOLANTE DE INFORMACIÓN ACTAS DE COMPROMISO DE CIERRE (FOTOCOPIAS TAMAÑO CARTA, PAPEL BOND) | F31: VOLANTES TAMAÑO 1/2 CARTA POLICROMÍA COTE DE 115 GR. | J31: UN | K31: 83 | M31: =M30 -> 980 | N31: =ROUND(K31*M31,0) -> 81340 | O31: =IF(N31=0,0,1) -> 1
B32: 7897 | C32: B2.5 | D32: AFICHE | F32: AFICHE TAMAÑO MEDIO PLIEGO A 4X0 TINTAS EN PROPALCOTE DE 115 GR. | J32: UN | K32: 1309 | M32: 40 | N32: =ROUND(K32*M32,0) -> 52360 | O32: =IF(N32=0,0,1) -> 1
B33: 11086 | C33: B2.6 | D33: VALLA MOVIL METÁLICA DE INFORMACIÓN | F33: VALLA MÓVIL DE 1.20m x 1.20m EN LÁMINA GALVANIZADA CALIBRE 20, ÁNGULO EN HIERRO DE 2 x 1-1/8" IMPRESO EN VINILO ADHESIVO. Incluye suministro e instalación. Impresión 720 DPI; Tintas para exteriores. | J33: UN | K33: 382737 | M33: 5 | N33: =ROUND(K33*M33,0) -> 1913685 | O33: =IF(N33=0,0,1) -> 1
B34: 7896 | C34: B2.7 | D34: ACTAS DE COMPROMISO | F34: IMPRESIÓN HOJA CARTA, A 1X0 TINTAS EN PAPEL BOND DE 75 GR. | J34: UN | K34: 95 | M34: =51*50 -> 2550 | N34: =ROUND(K34*M34,0) -> 242250 | O34: =IF(N34=0,0,1) -> 1
B35: 9839 | C35: B2.8 | D35: TARIFA - LEVANTAMIENTO DE ACTAS DE FACHADA (Incluye personal, logística, papelería, fotografía). | F35: LEVANTAMIENTO DE ACTAS DE FACHADA (Incluye personal, logística, papelería, fotografía) | J35: UN | K35: 11190 | M35: =M31 -> 980 | N35: =ROUND(K35*M35,0) -> 10966200 | O35: =IF(N35=0,0,1) -> 1
B36: 7898 | C36: B2.9 | D36: PLEGABLES DE SOSTENIBILIDAD EN TRES CUERPOS TAMAÑO CARTA A 4X4 TINTAS EN PROPALCOTE. | F36: PLEGABLES DE SOSTENIBILIDAD EN TRES CUERPOS TAMAÑO CARTA A 4X4 TINTAS EN PROPALCOTE. | J36: UN | K36: 500 | M36: =M31*2 -> 1960 | N36: =ROUND(K36*M36,0) -> 980000 | O36: =IF(N36=0,0,1) -> 1
B37: ="SUBTOTAL "&B26&" "&$C$26 -> SUBTOTAL B2 PROGRAMA DE DIVULGACIÓN AL CIUDADANO | N37: =SUM(N28:N36) -> 14644495 | O37: 1
O38: 1
B39: B3 | C39: PROGRAMA DE ATENCIAÓN AL CIUDADANO | O39: 1
B40: CÓD. IDU | C40: ÍTEM | D40: DESCRIPCIÓN | F40: ESPECIFICACIÓN | J40: UM | K40: VALOR UNITARIO | M40: CANTIDAD | N40: VALOR ($) | O40: 1
B41: 6170 | C41: B3.1 | D41: ALQUILER SILLAS PLÁSTICO PUNTO ATENCIÓN CIUDADANO | F41: ALQUILER DE SILLA PARA ESCRITORIO PARA PUESTO DE TRABAJO | J41: UN/MES | K41: 8795 | M41: =1*(ROUNDUP(E8,0)) -> 7 | N41: =ROUND(K41*M41,0) -> 61565 | O41: 1
B42: 6169 | C42: B3.2 | D42: ALQUILER PUESTO TRABAJO PUNTO ATENCIÓN CIUDADANO | F42: ALQUILER DE PUESTO DE TRABAJO - ESCRITORIO 75X120X50CM | J42: UN/MES | K42: 9730 | M42: =M41 -> 7 | N42: =ROUND(K42*M42,0) -> 68110 | O42: 1
B43: 6172 | C43: B3.3 | D43: ALQUILER SILLAS PLÁSTICO PUNTO ATENCIÓN CIUDADANO | F43: ALQUILER DE SILLA PLÁSTICA SIN BRAZOS | J43: UN/MES | K43: 1953 | M43: =5*(ROUNDUP(E8,0)) -> 35 | N43: =ROUND(K43*M43,0) -> 68355 | O43: 1
B44: 9048 | C44: B3.4 | D44: CARTELERA PUNTO ATENCIÓN CIUDADANO | F44: CARTELERA CON MARCO EN ALUMINIO ANODIZADO, PAÑO COLOR GRIS CON CENEFA SUPERIOR, PUERTAS CORREDIZAS. Incl. transporte | J44: UN | K44: 478574 | M44: 1 | N44: =ROUND(K44*M44,0) -> 478574 | O44: 1
B45: 7992 | C45: B3.5 | D45: AVISO PUNTO ATENCIÓN CIUDADANO | F45: AVISO PUNTO CREA 1.50m x 0.90m EN LÁMINA GALVANIZADA CAL. 24. INCLUYE SUMINISTRO E INSTALACIÓN | J45: UN | K45: 500000 | M45: 1 | N45: =ROUND(K45*M45,0) -> 500000 | O45: 1
B46: 9836 | C46: B3.6 | D46: TARIFA SERVICIO TELEFONICO PUNTO ATENCIÓN CIUDADANO | F46: SERVICIO TELEFONIA LOCAL ILIMITADA E INTERNET ILIMITADO VELOCIDAD PROMEDIO (80-500 MB) ESTRATO 4 | J46: MES | K46: 152400 | M46: =ROUNDUP($E$8,0) -> 7 | N46: =ROUND(K46*M46,0) -> 1066800 | O46: 1
B47: 9724 | C47: B3.7 | D47: EQUIPOS DE COMPUTO PUNTO ATENCIÓN CIUDADANO | F47: PORTÁTILES - Procesador minimo: intel, Core i3 4005U, celeron o similar, Memoria RAM de 4 GB(2x2048 MB) Disco duro de 500gb a 7200 rpm Pantalla LED HP BrightView widescreen alta definición con 35,6 cm | J47: UN/MES | K47: 154700 | M47: =M46 -> 7 | N47: =ROUND(K47*M47,0) -> 1082900 | O47: 1
B48: 9576 | C48: B3.8 | D48: ARRIENDO PUNTO PUNTO ATENCIÓN CIUDADANO | F48: ALQUILER MES - ARRIENDO OFICINA INCL. ADMINISTRACIÓN, SERVICIOS PÚBLICOS, COMUNICACIONES | J48: M2/MES | K48: 45108 | M48: =15*ROUNDUP($E$8,0) -> 105 | N48: =ROUND(K48*M48,0) -> 4736340 | O48: 1
B49: 9840 | C49: B3.9 | D49: EDICIÓN DE INFORMES PUNTO ATENCIÓN CIUDADANO | F49: EDICIÓN DE INFORME MENSUAL DE INTERVENTORÍA O CONSULTORÍA. Incluye 4 tapas plastificadas tamaño carta color blanco, con 6 tornillos, hojas de papel bond tamaño carta 75 gramos, 170 folios | J49: UN/MES | K49: 219000 | M49: =ROUNDUP($E$8,0) -> 7 | N49: =ROUND(K49*M49,0) -> 1533000 | O49: 1
B50: ="SUBTOTAL "&B39&" "&$C$26 -> SUBTOTAL B3 PROGRAMA DE DIVULGACIÓN AL CIUDADANO | N50: =SUM(N41:N49) -> 9595644 | O50: 1
O51: 1
B52: B4 | C52: MEDICIÓN DE PERCEPCIÓN CIUDADANA Y MONITOREO DE IMPACTO | O52: 1
B53: CÓD. IDU | C53: ÍTEM | D53: DESCRIPCIÓN | F53: ESPECIFICACIÓN | J53: UM | K53: VALOR UNITARIO | M53: CANTIDAD | N53: VALOR ($) | O53: 1
B54: 10203 | C54: B4.1 | D54: ENCUESTA DE PERCEPCIÓN CIUDADANA | F54: ENCUESTA DE PERCEPCIÓN CIUDADANA. Incl. formato de encuesta de percepción ciudadana, diseño de muestra y metodología de recolección en campo, base de datos en formato excel, presentación de resultados | J54: UN | K54: 91022 | M54: =27*ROUNDUP($E$5,0) -> 162 | N54: =ROUND(K54*M54,0) -> 14745564 | O54: =IF(N54=0,0,1) -> 1
B55: ="SUBTOTAL "&B52&" "&C52 -> SUBTOTAL B4 MEDICIÓN DE PERCEPCIÓN CIUDADANA Y MONITOREO DE IMPACTO | N55: =SUM(N54) -> 14745564 | O55: 1
O56: 1
B57: ="SUBTOTAL "&B20 -> SUBTOTAL COMPONENTE B. PROGEMA PARA DIÁLOGO CIUDADANO Y COMUNICACIÓN ESTRATÉGICA PARA OBRAS DEL IDU | N57: =N24+N37+N50+N55 -> 39146353 | O57: 1
O58: 1
A59: C1 | B59: ="SUBTOTAL COSTO DIRECTO "&$D$2 -> SUBTOTAL COSTO DIRECTO | N59: =N18+N57 -> 117330898 | O59: 1
O60: 1
A61: C.2.1P | B61: A. ADMINISTRACIÓN (1 + 2 + 3) | L61: =AIU!K171 -> 0.128 | N61: =ROUND(L61*$N$59,0) -> 15018355 | O61: 1
A62: C.2.2P | B62: I. IMPREVISTOS | L62: =AIU!K172 -> 0.01 | N62: =ROUND(L62*$N$59,0) -> 1173309 | O62: 1
A63: C.2.3P | B63: U. UTILIDAD | L63: =AIU!K173 -> 0.045 | N63: =ROUND(L63*$N$59,0) -> 5279890 | O63: 1
B64: A.I.U. (ADMINISTRACIÓN, IMPREVISTOS Y UTILIDAD) | L64: =SUM(L61:M63) -> 0.183 | N64: =ROUND(L64*$N$59,0) -> 21471554 | O64: 1
O65: 1
A66: C4P | B66: IVA SOBRE LA UTILIDAD | L66: 0 | N66: =ROUND(L66*N63,0) -> 0 | O66: 1
O67: 1
B68: ="TOTAL REDONDEADO "&$D$2 -> TOTAL REDONDEADO | N68: =ROUND(N66+N64+N59,0) -> 138802452 | O68: 1
A69: Num_Pers_Soc_O | N69: =COUNTIF(#REF!,"<>"&0)+COUNTIF(#REF!,"<>"&0) -> #REF! | O69: 1
A70: Num_Pers_Soc_R | N70: =COUNTIF(#REF!,"<>"&0)+COUNTIF(#REF!,"<>"&0) -> #REF! | O70: 1
A71: FIN | O71: FIN MAT

Sheet PPTO_PMT
A1: indicador | B1: Col_1 | C1: Col_2 | D1: Col_3 | E1: Col_4 | F1: Col_5 | G1: Col_6 | H1: Col_7 | I1: Col_8 | J1: Col_9 | K1: Col_10 | L1: Col_11 | M1: Col_12 | N1: Valor | O1: Filtro
B2: =Base!$C$7 -> FONDO DE DESARROLLO LOCAL DE SUBA | O2: 1
O3: 1
B4: PRESUPUESTO PLAN DE MANEJO DE TRAFICO (PMT) | O4: 1
A5: Dur_Prelim | B5: TERMINO ESTIMADO DE EJECUCIÓN DE OBRA | E5: =DedicProfObr!$V$6 -> 6 | F5: MESES | O5: 1
A6: Dur_Obra | B6: TERMINO ESTIMADO DE ETAPA DE DIAGNOSTICO | E6: =DedicProfObr!$U$6 -> 1 | F6: MESES | O6: 1
A7: Dur_Recibo | B7: TERMINO ESTIMADO DE ETAPA DE ENTREGA | E7: =DedicProfObr!$W$6 -> 0 | F7: MESES | O7: 1
B8: TERMINO ESTIMADO TOTAL DE OBRA | E8: =SUM(E5:E7) -> 7 | F8: MESES | O8: 1
O9: 1
B10: COMPONENTE A. PERSONAL TÉCNICO Y PROFESIONAL | O10: 1
B11: CÓD. IDU | C11: ÍTEM | D11: CARGO | H11: CANTIDAD | I11: CATEGORÍA | J11: TARIFA (MES) | K11: FACTOR PRESTACIONAL | L11: N. MESES OBRA | M11: N. MESES RECIBO | N11: SALARIO + PRESTACIONES | O11: 1
H12: A | J12: D | K12: E | L12: F | M12: G | N12: H = A*D*E*(B*F+C*G) | O12: 1
C13: A1 | D13: PERSONAL PROFESIONAL (Ingenieros y Otros) | O13: 1
A14: =IF(#REF!=0,0,H14) -> #REF! | B14: =INDEX(DedicProfObr!$A$4:$X$51,MATCH($C14,DedicProfObr!$A$4:$A$51,0),MATCH(DedicProfObr!$B$4,DedicProfObr!$A$4:$W$4,0)) -> 9110 | C14: A1.1T | D14: =INDEX(DedicProfObr!$A$4:$X$51,MATCH($C14,DedicProfObr!$A$4:$A$51,0),MATCH(DedicProfObr!$D$4,DedicProfObr!$A$4:$W$4,0)) -> ESPECIALISTA EN TRÁNSITO Y TRANSPORTE | H14: =INDEX(DedicProfObr!$A$4:$X$51,MATCH($C14,DedicProfObr!$A$4:$A$51,0),MATCH(DedicProfObr!$E$4,DedicProfObr!$A$4:$W$4,0)) -> 1 | I14: =INDEX(DedicProfObr!$A$4:$X$51,MATCH($C14,DedicProfObr!$A$4:$A$51,0),MATCH(DedicProfObr!$F$4,DedicProfObr!$A$4:$W$4,0)) -> 4 | J14: =INDEX(DedicProfObr!$A$4:$X$51,MATCH($C14,DedicProfObr!$A$4:$A$51,0),MATCH(DedicProfObr!$G$4,DedicProfObr!$A$4:$W$4,0)) -> 7881000 | K14: =INDEX(DedicProfObr!$A$4:$X$51,MATCH($C14,DedicProfObr!$A$4:$A$51,0),MATCH(DedicProfObr!$H$4,DedicProfObr!$A$4:$W$4,0)) -> 1.4516 | L14: =INDEX(DedicProfObr!$A$4:$W$51,MATCH($C14,DedicProfObr!$A$4:$A$51,0),MATCH(DedicProfObr!$V$4,DedicProfObr!$A$4:$W$4,0)) -> 0.3 | M14: =INDEX(DedicProfObr!$A$4:$W$51,MATCH($C14,DedicProfObr!$A$4:$A$51,0),MATCH(DedicProfObr!$W$4,DedicProfObr!$A$4:$W$4,0)) -> 0 | N14: =ROUND(IF(B14="",0,H14*J14*K14*(L14+M14)),0) -> 3432018 | O14: =IF(N14=0,0,1) -> 1
A15: =IF(#REF!=0,0,H15) -> #REF! | B15: =INDEX(DedicProfObr!$A$4:$X$51,MATCH($C15,DedicProfObr!$A$4:$A$51,0),MATCH(DedicProfObr!$B$4,DedicProfObr!$A$4:$W$4,0)) -> 9112 | C15: A1.2T | D15: =INDEX(DedicProfObr!$A$4:$X$51,MATCH($C15,DedicProfObr!$A$4:$A$51,0),MATCH(DedicProfObr!$D$4,DedicProfObr!$A$4:$W$4,0)) -> RESIDENTE EN TRÁNSITO Y TRANSPORTE | H15: =INDEX(DedicProfObr!$A$4:$X$51,MATCH($C15,DedicProfObr!$A$4:$A$51,0),MATCH(DedicProfObr!$E$4,DedicProfObr!$A$4:$W$4,0)) -> 1 | I15: =INDEX(DedicProfObr!$A$4:$X$51,MATCH($C15,DedicProfObr!$A$4:$A$51,0),MATCH(DedicProfObr!$F$4,DedicProfObr!$A$4:$W$4,0)) -> 6 | J15: =INDEX(DedicProfObr!$A$4:$X$51,MATCH($C15,DedicProfObr!$A$4:$A$51,0),MATCH(DedicProfObr!$G$4,DedicProfObr!$A$4:$W$4,0)) -> 6339000 | K15: =INDEX(DedicProfObr!$A$4:$X$51,MATCH($C15,DedicProfObr!$A$4:$A$51,0),MATCH(DedicProfObr!$H$4,DedicProfObr!$A$4:$W$4,0)) -> 1.4525 | L15: =INDEX(DedicProfObr!$A$4:$W$51,MATCH($C15,DedicProfObr!$A$4:$A$51,0),MATCH(DedicProfObr!$V$4,DedicProfObr!$A$4:$W$4,0)) -> 1.2 | M15: =INDEX(DedicProfObr!$A$4:$W$51,MATCH($C15,DedicProfObr!$A$4:$A$51,0),MATCH(DedicProfObr!$W$4,DedicProfObr!$A$4:$W$4,0)) -> 0 | N15: =ROUND(IF(B15="",0,H15*J15*K15*(L15+M15)),0) -> 11048877 | O15: =IF(N15=0,0,1) -> 1
A16: =IF(#REF!=0,0,H16) -> #REF! | C16: A2 | D16: BANDEREROS | O16: 1
A17: =IF(#REF!=0,0,H17) -> #REF! | B17: =INDEX(DedicProfObr!$A$4:$X$51,MATCH($C17,DedicProfObr!$A$4:$A$51,0),MATCH(DedicProfObr!$B$4,DedicProfObr!$A$4:$W$4,0)) -> 9455 | C17: A2.1T | D17: =INDEX(DedicProfObr!$A$4:$X$51,MATCH($C17,DedicProfObr!$A$4:$A$51,0),MATCH(DedicProfObr!$D$4,DedicProfObr!$A$4:$W$4,0)) -> BANDEREROS | H17: =INDEX(DedicProfObr!$A$4:$X$51,MATCH($C17,DedicProfObr!$A$4:$A$51,0),MATCH(DedicProfObr!$E$4,DedicProfObr!$A$4:$W$4,0)) -> 5 | I17: =INDEX(DedicProfObr!$A$4:$X$51,MATCH($C17,DedicProfObr!$A$4:$A$51,0),MATCH(DedicProfObr!$F$4,DedicProfObr!$A$4:$W$4,0)) -> N/A | J17: =INDEX(DedicProfObr!$A$4:$X$51,MATCH($C17,DedicProfObr!$A$4:$A$51,0),MATCH(DedicProfObr!$G$4,DedicProfObr!$A$4:$W$4,0)) -> 1160000 | K17: =INDEX(DedicProfObr!$A$4:$X$51,MATCH($C17,DedicProfObr!$A$4:$A$51,0),MATCH(DedicProfObr!$H$4,DedicProfObr!$A$4:$W$4,0)) -> 1.648 | L17: =INDEX(DedicProfObr!$A$4:$W$51,MATCH($C17,DedicProfObr!$A$4:$A$51,0),MATCH(DedicProfObr!$V$4,DedicProfObr!$A$4:$W$4,0)) -> 6 | M17: =INDEX(DedicProfObr!$A$4:$W$51,MATCH($C17,DedicProfObr!$A$4:$A$51,0),MATCH(DedicProfObr!$W$4,DedicProfObr!$A$4:$W$4,0)) -> 0 | N17: =ROUND(IF(B17="",0,H17*J17*K17*(L17+M17)),0) -> 57350400 | O17: =IF(N17=0,0,1) -> 1
A18: =IF(#REF!=0,0,H18) -> #REF! | C18: A3 | D18: AYUDANTES PMT | O18: 1
A19: =IF(#REF!=0,0,H19) -> #REF! | B19: =INDEX(DedicProfObr!$A$4:$X$51,MATCH($C19,DedicProfObr!$A$4:$A$51,0),MATCH(DedicProfObr!$B$4,DedicProfObr!$A$4:$W$4,0)) -> 9455 | C19: A3.1T | D19: =INDEX(DedicProfObr!$A$4:$X$51,MATCH($C19,DedicProfObr!$A$4:$A$51,0),MATCH(DedicProfObr!$D$4,DedicProfObr!$A$4:$W$4,0)) -> AYUDANTES PMT | H19: =INDEX(DedicProfObr!$A$4:$X$51,MATCH($C19,DedicProfObr!$A$4:$A$51,0),MATCH(DedicProfObr!$E$4,DedicProfObr!$A$4:$W$4,0)) -> 3 | I19: =INDEX(DedicProfObr!$A$4:$X$51,MATCH($C19,DedicProfObr!$A$4:$A$51,0),MATCH(DedicProfObr!$F$4,DedicProfObr!$A$4:$W$4,0)) -> N/A | J19: =INDEX(DedicProfObr!$A$4:$X$51,MATCH($C19,DedicProfObr!$A$4:$A$51,0),MATCH(DedicProfObr!$G$4,DedicProfObr!$A$4:$W$4,0)) -> 1160000 | K19: =INDEX(DedicProfObr!$A$4:$X$51,MATCH($C19,DedicProfObr!$A$4:$A$51,0),MATCH(DedicProfObr!$H$4,DedicProfObr!$A$4:$W$4,0)) -> 1.648 | L19: =INDEX(DedicProfObr!$A$4:$W$51,MATCH($C19,DedicProfObr!$A$4:$A$51,0),MATCH(DedicProfObr!$V$4,DedicProfObr!$A$4:$W$4,0)) -> 6 | M19: =INDEX(DedicProfObr!$A$4:$W$51,MATCH($C19,DedicProfObr!$A$4:$A$51,0),MATCH(DedicProfObr!$W$4,DedicProfObr!$A$4:$W$4,0)) -> 0 | N19: =ROUND(IF(B19="",0,H19*J19*K19*(L19+M19)),0) -> 34410240 | O19: =IF(N19=0,0,1) -> 1
O20: 1
B21: ="SUBTOTAL "&B10 -> SUBTOTAL COMPONENTE A. PERSONAL TÉCNICO Y PROFESIONAL | N21: =SUM(N14:N19) -> 106241535 | O21: 1
O22: 1
B23: COMPONENTE B. GASTOS POR ELABORACIÓN DE INFORMES | O23: 1
B24: CÓD. IDU | C24: ÍTEM | D24: DESCRIPCIÓN | F24: ESPECIFICACIÓN | J24: UM | K24: VALOR UNITARIO | M24: CANTIDAD | N24: VALOR ($) | O24: 1
B25: 9724 | C25: B1 | D25: EQUIPOS DE COMPUTO | F25: PORTÁTILES - Procesador minimo: intel, Core i3 4005U, celeron o similar, Memoria RAM de 4 GB(2x2048 MB) Disco duro de 500gb a 7200 rpm Pantalla LED HP BrightView widescreen alta definición con 35,6 cm | J25: UN/MES | K25: 154700 | M25: =IF(H13=0,0,$E$5) -> 0 | N25: =ROUND(K25*M25,0) -> 0 | O25: =IF(N25=0,0,1) -> 0
B26: 9840 | C26: B2 | D26: EDICIÓN DE INFORMES | F26: EDICIÓN DE INFORME MENSUAL DE INTERVENTORÍA O CONSULTORÍA. Incluye 4 tapas plastificadas tamaño carta color blanco, con 6 tornillos, hojas de papel bond tamaño carta 75 gramos, 170 folios | J26: UN/MES | K26: 219000 | M26: 0 | N26: =ROUND(K26*M26,0) -> 0 | O26: =IF(N26=0,0,1) -> 0
O27: 1
B28: ="SUBTOTAL "&B23 -> SUBTOTAL COMPONENTE B. GASTOS POR ELABORACIÓN DE INFORMES | N28: =SUM(N25:N26) -> 0 | O28: 1
O29: 1
B30: COMPONENTE C. ELEMENTOS DE PMT | O30: 1
B31: CÓD. IDU | C31: ÍTEM | D31: DESCRIPCIÓN | F31: ESPECIFICACIÓN | J31: UM | K31: VALOR UNITARIO | M31: CANTIDAD | N31: VALOR ($) | O31: 1
B32: 7554 | C32: C1 | D32: SEÑALIZACIÓN TUBULAR COLOMBINA PLÁSTICA | F32: SEÑALIZACION TUBULAR COLOMBINA PLASTICA | J32: UN | K32: 43962 | M32: =8*8 -> 64 | N32: =ROUND(K32*M32,0) -> 2813568 | O32: =IF(N32=0,0,1) -> 1
B33: 7360 | C33: C2 | D33: BARRERA RELLENABLE CON CINTA RET (2,00 X 0,55 X 1,00) | F33: BARRERA RELLENABLE (2.00x0.55x1.00m) CON CINTA RET | J33: UN | K33: 374850 | M33: =16 -> 16 | N33: =ROUND(K33*M33,0) -> 5997600 | O33: =IF(N33=0,0,1) -> 1
B34: 7555 | C34: C3 | D34: CINTA DE SEÑALIZACIÓN CALIBRE 4 (ROLLO 500 M X 0,10 M ) | F34: CINTA DE SEÑALIZACION CAL 4 (ROLLO 500mx0.10m) | J34: UN | K34: 37188 | M34: 51 | N34: =ROUND(K34*M34,0) -> 1896588 | O34: =IF(N34=0,0,1) -> 1
B35: 6552 | C35: C4 | D35: SEÑALES DE TRÁNSITO SR 60 X 60 POSTE 3,50 M | F35: SEÑAL DE TRANSITO GRUPO I (60x60cm) POSTE 3.5m | J35: UN | K35: 257683 | M35: 16 | N35: =ROUND(K35*M35,0) -> 4122928 | O35: =IF(N35=0,0,1) -> 1
B36: 6552 | C36: C5 | D36: SEÑALES DE TRÁNSITO SIO 60 X 60 POSTE 3,50 M | F36: SEÑAL DE TRANSITO GRUPO I (60x60cm) POSTE 3.5m | J36: UN | K36: 257683 | M36: 16 | N36: =ROUND(K36*M36,0) -> 4122928 | O36: =IF(N36=0,0,1) -> 1
B37: 6552 | C37: C6 | D37: SEÑALES DE TRÁNSITO SP 60 X 60 POSTE 3,50 M | F37: SEÑAL DE TRANSITO GRUPO I (60x60cm) POSTE 3.5m | J37: UN | K37: 257683 | M37: 16 | N37: =ROUND(K37*M37,0) -> 4122928 | O37: =IF(N37=0,0,1) -> 1
B38: 9169 | C38: C7 | D38: SEÑAL EN POLIETILENO ALVEOLAR PARE | F38: PALETA PARE-SIGA REGLAMENTADA | J38: UN | K38: 29750 | M38: 12 | N38: =ROUND(K38*M38,0) -> 357000 | O38: =IF(N38=0,0,1) -> 1
B39: 9209 | C39: C8 | D39: BARRICADA CON SEÑAL LUMINOSA | F39: BARRICADA METALICA TIPO IDU CON CERRADO REFLECTIVO NARANJA Y BLANCO GRADO INGENIERIA, MEDIDAS: 2.40m x 1.50m - 3 BANDEJAS DE 20cm x 2.40m. TABLERO DE DESVIO DE 60cm | J39: UN | K39: 296335 | M39: 8 | N39: =ROUND(K39*M39,0) -> 2370680 | O39: =IF(N39=0,0,1) -> 1
B40: 9441 | C40: C9 | F40: SEÑAL LUMINOSA BIDIRECCIONAL 1.50m x 0.50m | J40: UN | K40: 1011500 | M40: =M39 -> 8 | N40: =ROUND(K40*M40,0) -> 8092000 | O40: =IF(N40=0,0,1) -> 1
B41: 7560 | C41: C10 | D41: POLISOMBRA (ALTURA 2,00 METROS) | F41: POLISOMBRA 65% (1x7m) R-800 NEGRA | J41: M2 | K41: 1687 | M41: =10*50 -> 500 | N41: =ROUND(K41*M41,0) -> 843500 | O41: =IF(N41=0,0,1) -> 1
O42: 1
B43: ="SUBTOTAL "&B30 -> SUBTOTAL COMPONENTE C. ELEMENTOS DE PMT | N43: =SUM(N32:N41) -> 34739720 | O43: 1
O44: 1
O45: 1
A46: D1 | B46: ="SUBTOTAL COSTO DIRECTO "&$D$2 -> SUBTOTAL COSTO DIRECTO | N46: =N21+N28+N43 -> 140981255 | O46: 1
O47: 1
A48: D.2.1P | B48: A. ADMINISTRACIÓN (1 + 2 + 3) | L48: =AIU!K213 -> 0.128 | N48: =ROUND(L48*$N$46,0) -> 18045601 | O48: 1
A49: D.2.2P | B49: I. IMPREVISTOS | L49: =AIU!K214 -> 0.01 | N49: =ROUND(L49*$N$46,0) -> 1409813 | O49: 1
A50: D.2.3P | B50: U. UTILIDAD | L50: =AIU!K215 -> 0.045 | N50: =ROUND(L50*$N$46,0) -> 6344156 | O50: 1
B51: A.I.U. (ADMINISTRACIÓN, IMPREVISTOS Y UTILIDAD) | L51: =SUM(L48:L50) -> 0.183 | N51: =ROUND(L51*$N$46,0) -> 25799570 | O51: 1
O52: 1
A53: D4P | B53: IVA SOBRE LA UTILIDAD | L53: 0 | N53: =ROUND(L53*N50,0) -> 0 | O53: 1
O54: 1
B55: ="TOTAL REDONDEADO "&$D$2 -> TOTAL REDONDEADO | N55: =ROUND(N53+N51+N46,0) -> 166780825 | O55: 1
A56: Num_Pers_PMT_O | N56: =COUNTIF(#REF!,"<>"&0)+COUNTIF(#REF!,"<>"&0)+COUNTIF(#REF!,"<>"&0) -> #REF! | O56: 1
A57: Num_Pers_PMT_R | N57: =COUNTIF(#REF!,"<>"&0)+COUNTIF(#REF!,"<>"&0)+COUNTIF(#REF!,"<>"&0) -> #REF! | O57: 1
A58: FIN | O58: FIN MAT

Sheet 169339
A1: =#REF! -> #REF! | B1: =INDEX(#REF!,MATCH($B$7,#REF!,0),MATCH(A1,#REF!,)) -> #REF!
A2: =#REF! -> #REF! | B2: =INDEX(#REF!,MATCH($B$7,#REF!,0),MATCH(A2,#REF!,)) -> #REF!
A3: =#REF! -> #REF! | B3: =INDEX(#REF!,MATCH($B$7,#REF!,0),MATCH(A3,#REF!,)) -> #REF!
A4: =#REF! -> #REF! | B4: =INDEX(#REF!,MATCH($B$7,#REF!,0),MATCH(A4,#REF!,)) -> #REF!
A5: =#REF! -> #REF! | B5: =INDEX(#REF!,MATCH($B$7,#REF!,0),MATCH(A5,#REF!,)) -> #REF!
A6: =#REF! -> #REF! | B6: =INDEX(#REF!,MATCH($B$7,#REF!,0),MATCH(A6,#REF!,)) -> #REF!
A7: =#REF! -> #REF! | B7: =MID(CELL("nombrearchivo",A1),FIND("]",CELL("nombrearchivo",A1),1)+1,LEN(CELL("nombrearchivo",A1))-FIND("]",CELL("nombrearchivo",A1))) -> 169339
A8: =#REF! -> #REF! | B8: =INDEX(#REF!,MATCH($B$7,#REF!,0),MATCH(A8,#REF!,)) -> #REF!
A9: =#REF! -> #REF! | B9: =INDEX(#REF!,MATCH($B$7,#REF!,0),MATCH(A9,#REF!,)) -> #REF!
B13: CIV | C13: 11003244 | E13: TRAMO | F13: CLL 161 C
B14: PKID | C14: {=IFERROR(VALUE(RIGHT(CELL("nombrearchivo",A12),LEN(CELL("nombrearchivo",A12))-FIND("]",CELL("nombrearchivo",A12),1))),RIGHT(CELL("nombrearchivo",A12),LEN(CELL("nombrearchivo",A12))-FIND("]",CELL("nombrearchivo",A12),1)))} -> 169339 | E14: DESDE | F14: KR 59
B15: Tipo de elemento | C15: CALZADA | E15: HASTA | F15: KR 62
B16: Largo (m) | C16: 108.72
B17: Ancho (m) | C17: 4.45
B18: Area (m²) | C18: =IFERROR(ROUND(C16*C17,0),0) -> 484
B19: Elemento Principal | C19: Vía
B20: Tipo de Via | C20: Local
B21: Material | C21: Rígido
B22: Tipo de intervención | C22: Rehabilitación
B25: Via local en concreto | H25: VíaLocalRígido
B26: Cód IDU | C26: Descripción | D26: UM | E26: Valor | F26: Cantidad | G26: Afectación | H26: Valor Total
B27: 4509 | C27: REHABILITACIÓN DE PAVIMENTO RÍGIDO: LOSAS EN CONCRETO HIDRÁULICO MR41 E=0.18M. INCLUYE SARDINEL, GEOTEXTIL Y EXCAVACIÓN EN BASE E=30CM., BASE BG_A E=30CM | D27: M2 | E27: 236129 | F27: 484 | G27: 0.5 | H27: =ROUND(E27*F27*G27,0) -> 57143218
B28: 8689 | C28: RECONSTRUCCIÓN MALLA VIAL LOCAL URBANA DE PAVIMENTO HIDRÁULICO MR 45 e=0.20 (NO INCLUYE SARDINEL) | D28: M2 | E28: 272858 | F28: 0 | G28: =G27 -> 0.5 | H28: =ROUND(E28*F28*G28,0) -> 0
B29: 8683 | C29: MANTENIMIENTO RUTINARIO MALLA VIAL LOCAL URBANA EN CONCRETO HIDRÁULICO | D29: M2 | E29: 9385 | F29: 0 | G29: =G27 -> 0.5 | H29: =ROUND(E29*F29*G29,0) -> 0
B30: 8685 | C30: MANTENIMIENTO PERIÓDICO MALLA VIAL LOCAL URBANA EN CONCRETO HIDRÁULICO HORARIO NOCTURNO (incluye limpieza pozos, sellado de juntas y reposición de losas) | D30: M2 | E30: 149665 | F30: 0 | G30: =G27 -> 0.5 | H30: =ROUND(E30*F30*G30,0) -> 0
B31: Valor Total | H31: =SUM(H27:H30) -> 57143218
B33: Via local en asfalto | H33: VíaLocalFlexible
B34: Cód IDU | C34: Descripción | D34: UM | E34: Valor | F34: Cantidad | G34: Afectación | H34: Valor Total
B35: 8686 | C35: REHABILITACIÓN MALLA VIAL LOCAL URBANA DE PAVIMENTO FLEXIBLE e=0.17 (NO INCLUYE SARDINEL) | D35: M2 | E35: 264306 | F35: 0 | G35: 1 | H35: =ROUND(E35*F35*G35,0) -> 0
B36: 8688 | C36: RECONSTRUCCIÓN MALLA VIAL LOCAL URBANA DE PAVIMENTO FLEXIBLE e=0.17 (NO INCLUYE SARDINEL) | D36: M2 | E36: 342838 | F36: 0 | G36: =G35 -> 1 | H36: =ROUND(E36*F36*G36,0) -> 0
B37: 8833 | C37: MANTENIMIENTO RUTINARIO MALLA VIAL LOCAL URBANA EN CONCRETO ASFÁLTICO | D37: M2 | E37: 11170 | F37: 0 | G37: =G35 -> 1 | H37: =ROUND(E37*F37*G37,0) -> 0
B38: 8684 | C38: MANTENIMIENTO PERIÓDICO MALLA VIAL LOCAL URBANA EN CONCRETO ASFÁLTICO HORARIO NOCTURNO (INCLUYE 5% BACHEO Y 95% FRESADO + REPOSICIÓN DE CARPETA) | D38: M2 | E38: 67291 | F38: 0 | G38: =G35 -> 1 | H38: =ROUND(E38*F38*G38,0) -> 0
B39: Valor Total | H39: =SUM(H35:H38) -> 0
B41: Via intermedia en concreto | H41: VíaIntermediaRígido
B42: Cód IDU | C42: Descripción | D42: UM | E42: Valor | F42: Cantidad | G42: Afectación | H42: Valor Total
B43: 8679 | C43: REHABILITACIÓN MALLA VIAL INTERMEDIA URBANA DE PAVIMENTO HIDRÁULICO MR 45 e=0.20 (NO INCLUYE SARDINEL) | D43: M2 | E43: 326356 | F43: 0 | G43: 1 | H43: =ROUND(E43*F43*G43,0) -> 0
B44: 8681 | C44: RECONSTRUCCIÓN MALLA VIAL INTERMEDIA URBANA DE PAVIMENTO HIDRÁULICO MR 45 e=0.20 (NO INCLUYE SARDINEL) | D44: M2 | E44: 383149 | F44: 0 | G44: =G43 -> 1 | H44: =ROUND(E44*F44*G44,0) -> 0
B45: 8675 | C45: MANTENIMIENTO RUTINARIO MALLA VIAL INTERMEDIA URBANA EN CONCRETO HIDRÁULICO | D45: M2 | E45: 9385 | F45: 0 | G45: =G43 -> 1 | H45: =ROUND(E45*F45*G45,0) -> 0
B46: 8677 | C46: MANTENIMIENTO PERIÓDICO MALLA VIAL INTERMEDIA URBANA EN CONCRETO HIDRÁULICO HORARIO NOCTURNO (incluye limpieza pozos, sellado de juntas y reposición de losas) | D46: M2 | E46: 149665 | F46: 0 | G46: =G43 -> 1 | H46: =ROUND(E46*F46*G46,0) -> 0
B47: Valor Total | H47: =SUM(H43:H46) -> 0
B49: Via intermedia en asfalto | H49: VíaIntermediaFlexible
B50: Cód IDU | C50: Descripción | D50: UM | E50: Valor | F50: Cantidad | G50: Afectación | H50: Valor Total
B51: 8678 | C51: REHABILITACIÓN MALLA VIAL INTERMEDIA URBANA DE PAVIMENTO FLEXIBLE e=0.17 (NO INCLUYE SARDINEL) | D51: M2 | E51: 289753 | F51: 0 | G51: 1 | H51: =ROUND(E51*F51*G51,0) -> 0
B52: 8680 | C52: RECONSTRUCCIÓN MALLA VIAL INTERMEDIA URBANA DE PAVIMENTO FLEXIBLE e=0.17 (NO INCLUYE SARDINEL) | D52: M2 | E52: 368166 | F52: 0 | G52: =G51 -> 1 | H52: =ROUND(E52*F52*G52,0) -> 0
B53: 8832 | C53: MANTENIMIENTO RUTINARIO MALLA VIAL INTERMEDIA URBANA EN CONCRETO ASFÁLTICO | D53: M2 | E53: 8906 | F53: 0 | G53: =G51 -> 1 | H53: =ROUND(E53*F53*G53,0) -> 0
B54: 8676 | C54: MANTENIMIENTO PERIÓDICO MALLA VIAL INTERMEDIA URBANA EN CONCRETO ASFÁLTICO HORARIO NOCTURNO (INCLUYE 5% BACHEO Y 95% FRESADO + REPOSICIÓN DE CARPETA) | D54: M2 | E54: 77575 | F54: 0 | G54: =G51 -> 1 | H54: =ROUND(E54*F54*G54,0) -> 0
B55: Valor Total | H55: =SUM(H51:H54) -> 0
B57: Via local adoquín | C57: =$C$19&$C$20&$C$21 -> VíaLocalRígido | H57: VíaLocalAdoquín
B58: Cód IDU | C58: Descripción | D58: UM | E58: Valor | F58: Cantidad | G58: Afectación | H58: Valor Total
B59: 4523 | C59: CONSTRUCCIÓN PAVIMENTO ARTICULADO EN ADOQUIN DE ARCILLA - TRAFICO LIVIANO | D59: M2 | E59: 192182 | F59: 0 | G59: 1 | H59: =ROUND(E59*F59*G59,0) -> 0
B60: 4524 | C60: CONSTRUCCIÓN PAVIMENTO ARTICULADO EN ADOQUIN DE ARCILLA - TRAFICO PESADO | D60: M2 | E60: 208765 | F60: 0 | G60: =G59 -> 1 | H60: =ROUND(E60*F60*G60,0) -> 0
B61: 4586 | C61: REHABILITACION PAVIMENTO ARTICULADO EN ADOQUIN DE ARCILLA - TRAFICO PESADO | D61: M2 | E61: 108014 | F61: 0 | G61: =G59 -> 1 | H61: =ROUND(E61*F61*G61,0) -> 0
B62: 5799 | C62: REHABILITACION PAVIMENTO ARTICULADO EN ADOQUIN DE ARCILLA - TRAFICO LIVIANO | D62: M2 | E62: 91530 | F62: 0 | G62: =G59 -> 1 | H62: =ROUND(E62*F62*G62,0) -> 0
B63: Valor Total | H63: =SUM(H59:H62) -> 0
B65: Anden | H65: AndenLocalRígido
B66: Cód IDU | C66: Descripción | D66: UM | E66: Valor | F66: Cantidad | G66: Afectación | H66: Valor Total
B67: 4575 | C67: CONSTRUCCION DE ANDEN EN ADOQUIN DE ARCILLA SOBRE ARENA. NO INCLUYE BORDILLO. NO INCLUYE REDES | D67: M2 | E67: 160774 | F67: 0 | G67: 1 | H67: =ROUND(E67*F67*G67,0) -> 0
B68: 6168 | C68: MANTENIMIENTO CORRECTIVO, RETIRO Y REINSTALACIÓN DE BORDILLO PREFABRICADO A80 (RETIRO E INSTALACIÓN. INCLUYE MATERIAL DE BASE) | D68: ML | E68: 17143 | F68: 0 | G68: =G67 -> 1 | H68: =ROUND(E68*F68*G68,0) -> 0
B69: 4576 | C69: CONSTRUCCIÓN DE ANDEN EN LOSA DE CONCRETO DE 3000 PSI HECHO EN OBRA. NO INCLUYE BORDILLO. NO INCLUYE REDES. | D69: M2 | E69: 164607 | F69: =IF($C$19&$C$20&$C$21=H65,$C$18,0) -> 0 | G69: =G67 -> 1 | H69: =ROUND(E69*F69*G69,0) -> 0
B70: 4054 | C70: SARDINEL TIPO A10 (SUMINISTRO E INSTALACIÓN. INCLUYE 3CM MORTERO 2000 PSI) | D70: ML | E70: 61630 | F70: 0 | G70: =G67 -> 1 | H70: =ROUND(E70*F70*G70,0) -> 0
B71: Valor Total | H71: =SUM(H67:H70) -> 0
B73: Valor Total | H73: =H31+H39+H47+H55+H71 -> 57143218

Sheet 175729
A1: =#REF! -> #REF! | B1: =INDEX(#REF!,MATCH($B$7,#REF!,0),MATCH(A1,#REF!,)) -> #REF!
A2: =#REF! -> #REF! | B2: =INDEX(#REF!,MATCH($B$7,#REF!,0),MATCH(A2,#REF!,)) -> #REF!
A3: =#REF! -> #REF! | B3: =INDEX(#REF!,MATCH($B$7,#REF!,0),MATCH(A3,#REF!,)) -> #REF!
A4: =#REF! -> #REF! | B4: =INDEX(#REF!,MATCH($B$7,#REF!,0),MATCH(A4,#REF!,)) -> #REF!
A5: =#REF! -> #REF! | B5: =INDEX(#REF!,MATCH($B$7,#REF!,0),MATCH(A5,#REF!,)) -> #REF!
A6: =#REF! -> #REF! | B6: =INDEX(#REF!,MATCH($B$7,#REF!,0),MATCH(A6,#REF!,)) -> #REF!
A7: =#REF! -> #REF! | B7: =MID(CELL("nombrearchivo",A1),FIND("]",CELL("nombrearchivo",A1),1)+1,LEN(CELL("nombrearchivo",A1))-FIND("]",CELL("nombrearchivo",A1))) -> 175729
A8: =#REF! -> #REF! | B8: =INDEX(#REF!,MATCH($B$7,#REF!,0),MATCH(A8,#REF!,)) -> #REF!
A9: =#REF! -> #REF! | B9: =INDEX(#REF!,MATCH($B$7,#REF!,0),MATCH(A9,#REF!,)) -> #REF!
B13: CIV | C13: 11002945 | E13: TRAMO | F13: TV 127 C
B14: PKID | C14: {=IFERROR(VALUE(RIGHT(CELL("nombrearchivo",A12),LEN(CELL("nombrearchivo",A12))-FIND("]",CELL("nombrearchivo",A12),1))),RIGHT(CELL("nombrearchivo",A12),LEN(CELL("nombrearchivo",A12))-FIND("]",CELL("nombrearchivo",A12),1)))} -> 175729 | E14: DESDE | F14: DG 139 A BIS
B15: Tipo de elemento | C15: CALZADA | E15: HASTA | F15: DG 139 B
B16: Largo (m) | C16: 63.99
B17: Ancho (m) | C17: 8.13
B18: Area (m²) | C18: =IFERROR(ROUND(C16*C17,0),0) -> 520
B19: Elemento Principal | C19: Vía
B20: Tipo de Via | C20: Local
B21: Material | C21: Flexible
B22: Tipo de intervención | C22: Rehabilitación
B25: Via local en concreto | H25: VíaLocalRígido
B26: Cód IDU | C26: Descripción | D26: UM | E26: Valor | F26: Cantidad | G26: Afectación | H26: Valor Total
B27: 4509 | C27: REHABILITACIÓN DE PAVIMENTO RÍGIDO: LOSAS EN CONCRETO HIDRÁULICO MR41 E=0.18M. INCLUYE SARDINEL, GEOTEXTIL Y EXCAVACIÓN EN BASE E=30CM., BASE BG_A E=30CM | D27: M2 | E27: 236129 | F27: 0 | G27: 1 | H27: =ROUND(E27*F27*G27,0) -> 0
B28: 8689 | C28: RECONSTRUCCIÓN MALLA VIAL LOCAL URBANA DE PAVIMENTO HIDRÁULICO MR 45 e=0.20 (NO INCLUYE SARDINEL) | D28: M2 | E28: 272858 | F28: 0 | G28: =G27 -> 1 | H28: =ROUND(E28*F28*G28,0) -> 0
B29: 8683 | C29: MANTENIMIENTO RUTINARIO MALLA VIAL LOCAL URBANA EN CONCRETO HIDRÁULICO | D29: M2 | E29: 9385 | F29: 0 | G29: =G27 -> 1 | H29: =ROUND(E29*F29*G29,0) -> 0
B30: 8685 | C30: MANTENIMIENTO PERIÓDICO MALLA VIAL LOCAL URBANA EN CONCRETO HIDRÁULICO HORARIO NOCTURNO (incluye limpieza pozos, sellado de juntas y reposición de losas) | D30: M2 | E30: 149665 | F30: 0 | G30: =G27 -> 1 | H30: =ROUND(E30*F30*G30,0) -> 0
B31: Valor Total | H31: =SUM(H27:H30) -> 0
B33: Via local en asfalto | H33: VíaLocalFlexible
B34: Cód IDU | C34: Descripción | D34: UM | E34: Valor | F34: Cantidad | G34: Afectación | H34: Valor Total
B35: 8686 | C35: REHABILITACIÓN MALLA VIAL LOCAL URBANA DE PAVIMENTO FLEXIBLE e=0.17 (NO INCLUYE SARDINEL) | D35: M2 | E35: 264306 | F35: 520 | G35: 1 | H35: =ROUND(E35*F35*G35,0) -> 137439120
B36: 8688 | C36: RECONSTRUCCIÓN MALLA VIAL LOCAL URBANA DE PAVIMENTO FLEXIBLE e=0.17 (NO INCLUYE SARDINEL) | D36: M2 | E36: 342838 | F36: 0 | G36: =G35 -> 1 | H36: =ROUND(E36*F36*G36,0) -> 0
B37: 8833 | C37: MANTENIMIENTO RUTINARIO MALLA VIAL LOCAL URBANA EN CONCRETO ASFÁLTICO | D37: M2 | E37: 11170 | F37: 0 | G37: =G35 -> 1 | H37: =ROUND(E37*F37*G37,0) -> 0
B38: 8684 | C38: MANTENIMIENTO PERIÓDICO MALLA VIAL LOCAL URBANA EN CONCRETO ASFÁLTICO HORARIO NOCTURNO (INCLUYE 5% BACHEO Y 95% FRESADO + REPOSICIÓN DE CARPETA) | D38: M2 | E38: 67291 | F38: 0 | G38: =G35 -> 1 | H38: =ROUND(E38*F38*G38,0) -> 0
B39: Valor Total | H39: =SUM(H35:H38) -> 137439120
B41: Via intermedia en concreto | H41: VíaIntermediaRígido
B42: Cód IDU | C42: Descripción | D42: UM | E42: Valor | F42: Cantidad | G42: Afectación | H42: Valor Total
B43: 8679 | C43: REHABILITACIÓN MALLA VIAL INTERMEDIA URBANA DE PAVIMENTO HIDRÁULICO MR 45 e=0.20 (NO INCLUYE SARDINEL) | D43: M2 | E43: 326356 | F43: 0 | G43: 1 | H43: =ROUND(E43*F43*G43,0) -> 0
B44: 8681 | C44: RECONSTRUCCIÓN MALLA VIAL INTERMEDIA URBANA DE PAVIMENTO HIDRÁULICO MR 45 e=0.20 (NO INCLUYE SARDINEL) | D44: M2 | E44: 383149 | F44: 0 | G44: =G43 -> 1 | H44: =ROUND(E44*F44*G44,0) -> 0
B45: 8675 | C45: MANTENIMIENTO RUTINARIO MALLA VIAL INTERMEDIA URBANA EN CONCRETO HIDRÁULICO | D45: M2 | E45: 9385 | F45: 0 | G45: =G43 -> 1 | H45: =ROUND(E45*F45*G45,0) -> 0
B46: 8677 | C46: MANTENIMIENTO PERIÓDICO MALLA VIAL INTERMEDIA URBANA EN CONCRETO HIDRÁULICO HORARIO NOCTURNO (incluye limpieza pozos, sellado de juntas y reposición de losas) | D46: M2 | E46: 149665 | F46: 0 | G46: =G43 -> 1 | H46: =ROUND(E46*F46*G46,0) -> 0
B47: Valor Total | H47: =SUM(H43:H46) -> 0
B49: Via intermedia en asfalto | H49: VíaIntermediaFlexible
B50: Cód IDU | C50: Descripción | D50: UM | E50: Valor | F50: Cantidad | G50: Afectación | H50: Valor Total
B51: 8678 | C51: REHABILITACIÓN MALLA VIAL INTERMEDIA URBANA DE PAVIMENTO FLEXIBLE e=0.17 (NO INCLUYE SARDINEL) | D51: M2 | E51: 289753 | F51: 0 | G51: 1 | H51: =ROUND(E51*F51*G51,0) -> 0
B52: 8680 | C52: RECONSTRUCCIÓN MALLA VIAL INTERMEDIA URBANA DE PAVIMENTO FLEXIBLE e=0.17 (NO INCLUYE SARDINEL) | D52: M2 | E52: 368166 | F52: 0 | G52: =G51 -> 1 | H52: =ROUND(E52*F52*G52,0) -> 0
B53: 8832 | C53: MANTENIMIENTO RUTINARIO MALLA VIAL INTERMEDIA URBANA EN CONCRETO ASFÁLTICO | D53: M2 | E53: 8906 | F53: 0 | G53: =G51 -> 1 | H53: =ROUND(E53*F53*G53,0) -> 0
B54: 8676 | C54: MANTENIMIENTO PERIÓDICO MALLA VIAL INTERMEDIA URBANA EN CONCRETO ASFÁLTICO HORARIO NOCTURNO (INCLUYE 5% BACHEO Y 95% FRESADO + REPOSICIÓN DE CARPETA) | D54: M2 | E54: 77575 | F54: 0 | G54: =G51 -> 1 | H54: =ROUND(E54*F54*G54,0) -> 0
B55: Valor Total | H55: =SUM(H51:H54) -> 0
B57: Via local adoquín | C57: =$C$19&$C$20&$C$21 -> VíaLocalFlexible | H57: VíaLocalAdoquín
B58: Cód IDU | C58: Descripción | D58: UM | E58: Valor | F58: Cantidad | G58: Afectación | H58: Valor Total
B59: 4523 | C59: CONSTRUCCIÓN PAVIMENTO ARTICULADO EN ADOQUIN DE ARCILLA - TRAFICO LIVIANO | D59: M2 | E59: 192182 | F59: 0 | G59: 1 | H59: =ROUND(E59*F59*G59,0) -> 0
B60: 4524 | C60: CONSTRUCCIÓN PAVIMENTO ARTICULADO EN ADOQUIN DE ARCILLA - TRAFICO PESADO | D60: M2 | E60: 208765 | F60: 0 | G60: =G59 -> 1 | H60: =ROUND(E60*F60*G60,0) -> 0
B61: 4586 | C61: REHABILITACION PAVIMENTO ARTICULADO EN ADOQUIN DE ARCILLA - TRAFICO PESADO | D61: M2 | E61: 108014 | F61: 0 | G61: =G59 -> 1 | H61: =ROUND(E61*F61*G61,0) -> 0
B62: 5799 | C62: REHABILITACION PAVIMENTO ARTICULADO EN ADOQUIN DE ARCILLA - TRAFICO LIVIANO | D62: M2 | E62: 91530 | F62: 0 | G62: =G59 -> 1 | H62: =ROUND(E62*F62*G62,0) -> 0
B63: Valor Total | H63: =SUM(H59:H62) -> 0
B65: Anden | H65: AndenLocalRígido
B66: Cód IDU | C66: Descripción | D66: UM | E66: Valor | F66: Cantidad | G66: Afectación | H66: Valor Total
B67: 4575 | C67: CONSTRUCCION DE ANDEN EN ADOQUIN DE ARCILLA SOBRE ARENA. NO INCLUYE BORDILLO. NO INCLUYE REDES | D67: M2 | E67: 160774 | F67: 0 | G67: 1 | H67: =ROUND(E67*F67*G67,0) -> 0
B68: 6168 | C68: MANTENIMIENTO CORRECTIVO, RETIRO Y REINSTALACIÓN DE BORDILLO PREFABRICADO A80 (RETIRO E INSTALACIÓN. INCLUYE MATERIAL DE BASE) | D68: ML | E68: 17143 | F68: 0 | G68: =G67 -> 1 | H68: =ROUND(E68*F68*G68,0) -> 0
B69: 4576 | C69: CONSTRUCCIÓN DE ANDEN EN LOSA DE CONCRETO DE 3000 PSI HECHO EN OBRA. NO INCLUYE BORDILLO. NO INCLUYE REDES. | D69: M2 | E69: 164607 | F69: =IF($C$19&$C$20&$C$21=H65,$C$18,0) -> 0 | G69: =G67 -> 1 | H69: =ROUND(E69*F69*G69,0) -> 0
B70: 4054 | C70: SARDINEL TIPO A10 (SUMINISTRO E INSTALACIÓN. INCLUYE 3CM MORTERO 2000 PSI) | D70: ML | E70: 61630 | F70: 127.98 | G70: =G67 -> 1 | H70: =ROUND(E70*F70*G70,0) -> 7887407
B71: Valor Total | H71: =SUM(H67:H70) -> 7887407
B73: Valor Total | H73: =H31+H39+H47+H55+H71 -> 145326527

Sheet 175731
A1: =#REF! -> #REF! | B1: =INDEX(#REF!,MATCH($B$7,#REF!,0),MATCH(A1,#REF!,)) -> #REF!
A2: =#REF! -> #REF! | B2: =INDEX(#REF!,MATCH($B$7,#REF!,0),MATCH(A2,#REF!,)) -> #REF!
A3: =#REF! -> #REF! | B3: =INDEX(#REF!,MATCH($B$7,#REF!,0),MATCH(A3,#REF!,)) -> #REF!
A4: =#REF! -> #REF! | B4: =INDEX(#REF!,MATCH($B$7,#REF!,0),MATCH(A4,#REF!,)) -> #REF!
A5: =#REF! -> #REF! | B5: =INDEX(#REF!,MATCH($B$7,#REF!,0),MATCH(A5,#REF!,)) -> #REF!
A6: =#REF! -> #REF! | B6: =INDEX(#REF!,MATCH($B$7,#REF!,0),MATCH(A6,#REF!,)) -> #REF!
A7: =#REF! -> #REF! | B7: =MID(CELL("nombrearchivo",A1),FIND("]",CELL("nombrearchivo",A1),1)+1,LEN(CELL("nombrearchivo",A1))-FIND("]",CELL("nombrearchivo",A1))) -> 175731
A8: =#REF! -> #REF! | B8: =INDEX(#REF!,MATCH($B$7,#REF!,0),MATCH(A8,#REF!,)) -> #REF!
A9: =#REF! -> #REF! | B9: =INDEX(#REF!,MATCH($B$7,#REF!,0),MATCH(A9,#REF!,)) -> #REF!
B13: CIV | C13: 11002757 | E13: TRAMO | F13: TV 127 C
B14: PKID | C14: {=IFERROR(VALUE(RIGHT(CELL("nombrearchivo",A12),LEN(CELL("nombrearchivo",A12))-FIND("]",CELL("nombrearchivo",A12),1))),RIGHT(CELL("nombrearchivo",A12),LEN(CELL("nombrearchivo",A12))-FIND("]",CELL("nombrearchivo",A12),1)))} -> 175731 | E14: DESDE | F14: DG 139 B
B15: Tipo de elemento | C15: CALZADA | E15: HASTA | F15: DG 140
B16: Largo (m) | C16: 61.44
B17: Ancho (m) | C17: 9.06
B18: Area (m²) | C18: =IFERROR(ROUND(C16*C17,0),0) -> 557
B19: Elemento Principal | C19: Vía
B20: Tipo de Via | C20: Local
B21: Material | C21: Flexible
B22: Tipo de intervención | C22: Rehabilitación
B25: Via local en concreto | H25: VíaLocalRígido
B26: Cód IDU | C26: Descripción | D26: UM | E26: Valor | F26: Cantidad | G26: Afectación | H26: Valor Total
B27: 4509 | C27: REHABILITACIÓN DE PAVIMENTO RÍGIDO: LOSAS EN CONCRETO HIDRÁULICO MR41 E=0.18M. INCLUYE SARDINEL, GEOTEXTIL Y EXCAVACIÓN EN BASE E=30CM., BASE BG_A E=30CM | D27: M2 | E27: 236129 | F27: 0 | G27: 1 | H27: =ROUND(E27*F27*G27,0) -> 0
B28: 8689 | C28: RECONSTRUCCIÓN MALLA VIAL LOCAL URBANA DE PAVIMENTO HIDRÁULICO MR 45 e=0.20 (NO INCLUYE SARDINEL) | D28: M2 | E28: 272858 | F28: 0 | G28: =G27 -> 1 | H28: =ROUND(E28*F28*G28,0) -> 0
B29: 8683 | C29: MANTENIMIENTO RUTINARIO MALLA VIAL LOCAL URBANA EN CONCRETO HIDRÁULICO | D29: M2 | E29: 9385 | F29: 0 | G29: =G27 -> 1 | H29: =ROUND(E29*F29*G29,0) -> 0
B30: 8685 | C30: MANTENIMIENTO PERIÓDICO MALLA VIAL LOCAL URBANA EN CONCRETO HIDRÁULICO HORARIO NOCTURNO (incluye limpieza pozos, sellado de juntas y reposición de losas) | D30: M2 | E30: 149665 | F30: 0 | G30: =G27 -> 1 | H30: =ROUND(E30*F30*G30,0) -> 0
B31: Valor Total | H31: =SUM(H27:H30) -> 0
B33: Via local en asfalto | H33: VíaLocalFlexible
B34: Cód IDU | C34: Descripción | D34: UM | E34: Valor | F34: Cantidad | G34: Afectación | H34: Valor Total
B35: 8686 | C35: REHABILITACIÓN MALLA VIAL LOCAL URBANA DE PAVIMENTO FLEXIBLE e=0.17 (NO INCLUYE SARDINEL) | D35: M2 | E35: 264306 | F35: 557 | G35: 1 | H35: =ROUND(E35*F35*G35,0) -> 147218442
B36: 8688 | C36: RECONSTRUCCIÓN MALLA VIAL LOCAL URBANA DE PAVIMENTO FLEXIBLE e=0.17 (NO INCLUYE SARDINEL) | D36: M2 | E36: 342838 | F36: 0 | G36: =G35 -> 1 | H36: =ROUND(E36*F36*G36,0) -> 0
B37: 8833 | C37: MANTENIMIENTO RUTINARIO MALLA VIAL LOCAL URBANA EN CONCRETO ASFÁLTICO | D37: M2 | E37: 11170 | F37: 0 | G37: =G35 -> 1 | H37: =ROUND(E37*F37*G37,0) -> 0
B38: 8684 | C38: MANTENIMIENTO PERIÓDICO MALLA VIAL LOCAL URBANA EN CONCRETO ASFÁLTICO HORARIO NOCTURNO (INCLUYE 5% BACHEO Y 95% FRESADO + REPOSICIÓN DE CARPETA) | D38: M2 | E38: 67291 | F38: 0 | G38: =G35 -> 1 | H38: =ROUND(E38*F38*G38,0) -> 0
B39: Valor Total | H39: =SUM(H35:H38) -> 147218442
B41: Via intermedia en concreto | H41: VíaIntermediaRígido
B42: Cód IDU | C42: Descripción | D42: UM | E42: Valor | F42: Cantidad | G42: Afectación | H42: Valor Total
B43: 8679 | C43: REHABILITACIÓN MALLA VIAL INTERMEDIA URBANA DE PAVIMENTO HIDRÁULICO MR 45 e=0.20 (NO INCLUYE SARDINEL) | D43: M2 | E43: 326356 | F43: 0 | G43: 1 | H43: =ROUND(E43*F43*G43,0) -> 0
B44: 8681 | C44: RECONSTRUCCIÓN MALLA VIAL INTERMEDIA URBANA DE PAVIMENTO HIDRÁULICO MR 45 e=0.20 (NO INCLUYE SARDINEL) | D44: M2 | E44: 383149 | F44: 0 | G44: =G43 -> 1 | H44: =ROUND(E44*F44*G44,0) -> 0
B45: 8675 | C45: MANTENIMIENTO RUTINARIO MALLA VIAL INTERMEDIA URBANA EN CONCRETO HIDRÁULICO | D45: M2 | E45: 9385 | F45: 0 | G45: =G43 -> 1 | H45: =ROUND(E45*F45*G45,0) -> 0
B46: 8677 | C46: MANTENIMIENTO PERIÓDICO MALLA VIAL INTERMEDIA URBANA EN CONCRETO HIDRÁULICO HORARIO NOCTURNO (incluye limpieza pozos, sellado de juntas y reposición de losas) | D46: M2 | E46: 149665 | F46: 0 | G46: =G43 -> 1 | H46: =ROUND(E46*F46*G46,0) -> 0
B47: Valor Total | H47: =SUM(H43:H46) -> 0
B49: Via intermedia en asfalto | H49: VíaIntermediaFlexible
B50: Cód IDU | C50: Descripción | D50: UM | E50: Valor | F50: Cantidad | G50: Afectación | H50: Valor Total
B51: 8678 | C51: REHABILITACIÓN MALLA VIAL INTERMEDIA URBANA DE PAVIMENTO FLEXIBLE e=0.17 (NO INCLUYE SARDINEL) | D51: M2 | E51: 289753 | F51: 0 | G51: 1 | H51: =ROUND(E51*F51*G51,0) -> 0
B52: 8680 | C52: RECONSTRUCCIÓN MALLA VIAL INTERMEDIA URBANA DE PAVIMENTO FLEXIBLE e=0.17 (NO INCLUYE SARDINEL) | D52: M2 | E52: 368166 | F52: 0 | G52: =G51 -> 1 | H52: =ROUND(E52*F52*G52,0) -> 0
B53: 8832 | C53: MANTENIMIENTO RUTINARIO MALLA VIAL INTERMEDIA URBANA EN CONCRETO ASFÁLTICO | D53: M2 | E53: 8906 | F53: 0 | G53: =G51 -> 1 | H53: =ROUND(E53*F53*G53,0) -> 0
B54: 8676 | C54: MANTENIMIENTO PERIÓDICO MALLA VIAL INTERMEDIA URBANA EN CONCRETO ASFÁLTICO HORARIO NOCTURNO (INCLUYE 5% BACHEO Y 95% FRESADO + REPOSICIÓN DE CARPETA) | D54: M2 | E54: 77575 | F54: 0 | G54: =G51 -> 1 | H54: =ROUND(E54*F54*G54,0) -> 0
B55: Valor Total | H55: =SUM(H51:H54) -> 0
B57: Via local adoquín | C57: =$C$19&$C$20&$C$21 -> VíaLocalFlexible | H57: VíaLocalAdoquín
B58: Cód IDU | C58: Descripción | D58: UM | E58: Valor | F58: Cantidad | G58: Afectación | H58: Valor Total
B59: 4523 | C59: CONSTRUCCIÓN PAVIMENTO ARTICULADO EN ADOQUIN DE ARCILLA - TRAFICO LIVIANO | D59: M2 | E59: 192182 | F59: 0 | G59: 1 | H59: =ROUND(E59*F59*G59,0) -> 0
B60: 4524 | C60: CONSTRUCCIÓN PAVIMENTO ARTICULADO EN ADOQUIN DE ARCILLA - TRAFICO PESADO | D60: M2 | E60: 208765 | F60: 0 | G60: =G59 -> 1 | H60: =ROUND(E60*F60*G60,0) -> 0
B61: 4586 | C61: REHABILITACION PAVIMENTO ARTICULADO EN ADOQUIN DE ARCILLA - TRAFICO PESADO | D61: M2 | E61: 108014 | F61: 0 | G61: =G59 -> 1 | H61: =ROUND(E61*F61*G61,0) -> 0
B62: 5799 | C62: REHABILITACION PAVIMENTO ARTICULADO EN ADOQUIN DE ARCILLA - TRAFICO LIVIANO | D62: M2 | E62: 91530 | F62: 0 | G62: =G59 -> 1 | H62: =ROUND(E62*F62*G62,0) -> 0
B63: Valor Total | H63: =SUM(H59:H62) -> 0
B65: Anden | H65: AndenLocalRígido
B66: Cód IDU | C66: Descripción | D66: UM | E66: Valor | F66: Cantidad | G66: Afectación | H66: Valor Total
B67: 4575 | C67: CONSTRUCCION DE ANDEN EN ADOQUIN DE ARCILLA SOBRE ARENA. NO INCLUYE BORDILLO. NO INCLUYE REDES | D67: M2 | E67: 160774 | F67: 0 | G67: 1 | H67: =ROUND(E67*F67*G67,0) -> 0
B68: 6168 | C68: MANTENIMIENTO CORRECTIVO, RETIRO Y REINSTALACIÓN DE BORDILLO PREFABRICADO A80 (RETIRO E INSTALACIÓN. INCLUYE MATERIAL DE BASE) | D68: ML | E68: 17143 | F68: 0 | G68: =G67 -> 1 | H68: =ROUND(E68*F68*G68,0) -> 0
B69: 4576 | C69: CONSTRUCCIÓN DE ANDEN EN LOSA DE CONCRETO DE 3000 PSI HECHO EN OBRA. NO INCLUYE BORDILLO. NO INCLUYE REDES. | D69: M2 | E69: 164607 | F69: =IF($C$19&$C$20&$C$21=H65,$C$18,0) -> 0 | G69: =G67 -> 1 | H69: =ROUND(E69*F69*G69,0) -> 0
B70: 4054 | C70: SARDINEL TIPO A10 (SUMINISTRO E INSTALACIÓN. INCLUYE 3CM MORTERO 2000 PSI) | D70: ML | E70: 61630 | F70: 122.88 | G70: =G67 -> 1 | H70: =ROUND(E70*F70*G70,0) -> 7573094
B71: Valor Total | H71: =SUM(H67:H70) -> 7573094
B73: Valor Total | H73: =H31+H39+H47+H55+H71 -> 154791536

Sheet 176634
A1: =#REF! -> #REF! | B1: =INDEX(#REF!,MATCH($B$7,#REF!,0),MATCH(A1,#REF!,)) -> #REF!
A2: =#REF! -> #REF! | B2: =INDEX(#REF!,MATCH($B$7,#REF!,0),MATCH(A2,#REF!,)) -> #REF!
A3: =#REF! -> #REF! | B3: =INDEX(#REF!,MATCH($B$7,#REF!,0),MATCH(A3,#REF!,)) -> #REF!
A4: =#REF! -> #REF! | B4: =INDEX(#REF!,MATCH($B$7,#REF!,0),MATCH(A4,#REF!,)) -> #REF!
A5: =#REF! -> #REF! | B5: =INDEX(#REF!,MATCH($B$7,#REF!,0),MATCH(A5,#REF!,)) -> #REF!
A6: =#REF! -> #REF! | B6: =INDEX(#REF!,MATCH($B$7,#REF!,0),MATCH(A6,#REF!,)) -> #REF!
A7: =#REF! -> #REF! | B7: =MID(CELL("nombrearchivo",A1),FIND("]",CELL("nombrearchivo",A1),1)+1,LEN(CELL("nombrearchivo",A1))-FIND("]",CELL("nombrearchivo",A1))) -> 176634
A8: =#REF! -> #REF! | B8: =INDEX(#REF!,MATCH($B$7,#REF!,0),MATCH(A8,#REF!,)) -> #REF!
A9: =#REF! -> #REF! | B9: =INDEX(#REF!,MATCH($B$7,#REF!,0),MATCH(A9,#REF!,)) -> #REF!
B13: CIV | C13: 11000989 | E13: TRAMO | F13: CLL 152 B
B14: PKID | C14: {=IFERROR(VALUE(RIGHT(CELL("nombrearchivo",A12),LEN(CELL("nombrearchivo",A12))-FIND("]",CELL("nombrearchivo",A12),1))),RIGHT(CELL("nombrearchivo",A12),LEN(CELL("nombrearchivo",A12))-FIND("]",CELL("nombrearchivo",A12),1)))} -> 176634 | E14: DESDE | F14: KR 114B
B15: Tipo de elemento | C15: CALZADA | E15: HASTA | F15: KR 114D
B16: Largo (m) | C16: 71.64
B17: Ancho (m) | C17: 8.73
B18: Area (m²) | C18: =IFERROR(ROUND(C16*C17,0),0) -> 625
B19: Elemento Principal | C19: Vía
B20: Tipo de Via | C20: Local
B21: Material | C21: Rígido
B22: Tipo de intervención | C22: Reconstrucción
B25: Via local en concreto | H25: VíaLocalRígido
